Workbook

Sheet Monitoring_new
A1: questionID | B1: question | C1: question_eng | D1: Category | E1: Code issues | F1: Code comment | G1: max points | H1: ans1 | I1: ans1en | J1: ans2 | K1: ans2en | L1: ans3 | M1: ans3en | N1: ans4 | O1: ans4en | P1: ans5 | Q1: ans5en | R1: pts1 | S1: pts2 | T1: pts3 | U1: pts4 | V1: pts5 | W1: S.A. Tutun-CTC | X1: S.A. Tutun-CTC_comment | Y1: S.A Franzeluta | Z1: S.A Franzeluta_comment | AA1: S.A.Termoelectrica | AB1: S.A.Termoelectrica_comment | AC1: S.A. Moldetelecom | AD1: S.A. Moldetelecom_comment | AE1: I.S. Moldsuinhibrid | AF1: I.S. Moldsuinhibrid_comment | AG1: I.S. Mecagro | AH1: I.S. Mecagro_comment | AI1: I.S. Indal Proiect | AJ1: I.S. Indal Proiect_comment | AK1: I.S.CRA Reproducţia Animalelor | AL1: I.S.CRA Reproducţia Animalelor_comment | AM1: I.S. Calea Ferata | AN1: I.S. Calea Ferata_comment | AO1: I.S. Administratia de stat a drumurilor | AP1: I.S. Administratia de stat a drumurilor_comment | AQ1: I.S. Moldatsa | AR1: I.S. Moldatsa_comment | AS1: I.S. Stațiunea DE Criuleni | AT1: I.S. Stațiunea DE Criuleni_comment | AU1: I.S. Moldelectrica | AV1: I.S. Moldelectrica_comment | AW1: I.S. Centrul de elaborări economice şi producţie | AX1: I.S. Centrul de elaborări economice şi producţie_comment | AY1: I.S. VivaFlora | AZ1: I.S. VivaFlora_comment | BA1: I.S. Servicii Paza | BB1: I.S. Servicii Paza_comment | BC1: I.S. Staţia de Stat pentru Încercarea Maşinilor | BD1: I.S. Staţia de Stat pentru Încercarea Maşinilor_comment | BE1: I.S Dumbrava Vest | BF1: I.S Dumbrava Vest _comment | BG1: S.A. Drumuri Cahul | BH1: S.A. Drumuri Cahul_comment | BI1: S.A Metalferos | BJ1: S.A Metalferos_comment | BK1: S.A. „Furnizarea Energiei Electrice Nord” | BL1: S.A. „Furnizarea Energiei Electrice Nord”_comment | BM1: I.S. Posta Moldovei | BN1: I.S. Posta Moldovei_comment | BO1: S.A. Moldovagaz | BP1: S.A. Moldovagaz_comment | BQ1: S.A Energocom | BR1: S.A Energocom_comment | BS1: I.S. Garile si statiile auto | BT1: I.S. Garile si statiile auto_comment | BU1: I.S. Moldaeroservice | BV1: I.S. Moldaeroservice_comment | BW1: S.A. Gara de nord | BX1: S.A. Gara de nord_comment | BY1: I.S. Combinatul Republican de Instruire Auto | BZ1: I.S. Combinatul Republican de Instruire Auto_comment | CA1: S.A. Drumuri Ialoveni | CB1: S.A. Drumuri Ialoveni_comment | CC1: Dir. Corp Diplomatic | CD1: Dir. Corp Diplomatic_comment | CE1: I.S Manejul de Atletică Ușoară | CF1: I.S Manejul de Atletică Ușoară_comment | CG1: I.S. Combinatul Polligrafic | CH1: I.S. Combinatul Polligrafic_comment | CI1: ÎS DETAȘAMENTUL DE PAZĂ PARAMILITARĂ | CJ1: ÎS DETAȘAMENTUL DE PAZĂ PARAMILITARĂ_comment | CK1: I.S. Palatul Republicii | CL1: I.S. Palatul Republicii_comment | CM1: ÎS TIPOGRAFIA ACADEMIEI DE ȘTIINȚE | CN1: ÎS TIPOGRAFIA ACADEMIEI DE ȘTIINȚE_comment | CO1: I.S CMAC | CP1: I.S CMAC_comment | CQ1: SA SANFAR-PRIM | CR1: SA SANFAR-PRIM_comment | CS1: ÎS EDITURA ȘTIINȚA | CT1: ÎS EDITURA ȘTIINȚA_comment | CU1: SA CIE MOLDEXPO | CV1: SA CIE MOLDEXPO_comment | CW1: SA TRACOM | CX1: SA TRACOM_comment | CY1: ÎS MILEȘTII MICI | CZ1: ÎS MILEȘTII MICI_comment | DA1: ÎS NISTRU - CENTRU | DB1: ÎS NISTRU - CENTRU_comment | DC1: ÎS PORTUL FLUVIAL UNGHENI | DD1: ÎS PORTUL FLUVIAL UNGHENI_comment | DE1: ÎS INGEOCAD | DF1: ÎS INGEOCAD_comment | DG1: ÎS CONFERCAI | DH1: ÎS CONFERCAI_comment | DI1: ÎS URBANPROIECT | DJ1: ÎS URBANPROIECT_comment | DK1: ÎS RURALPROIECT | DL1: ÎS RURALPROIECT_comment | DM1: ÎS TIPOGRAFIA CENTRALĂ | DN1: ÎS TIPOGRAFIA CENTRALĂ_comment | DO1: ÎS MOLD-DIDACTICA | DP1: ÎS MOLD-DIDACTICA_comment | DQ1: ÎS DIRECȚIA PENTRU EXPLOATAREA IMOBILULUI | DR1: ÎS DIRECȚIA PENTRU EXPLOATAREA IMOBILULUI_comment | DS1: SA CARTUȘ | DT1: SA CARTUȘ_comment | DU1: ZAL EXPO BUSINESS CHIȘINĂU | DV1: ZAL EXPO BUSINESS CHIȘINĂU_comment | DW1: ÎS RADIOCOMUNICAȚII | DX1: ÎS RADIOCOMUNICAȚII_comment | DY1: ÎM APĂ CANAL BĂLȚI | DZ1: ÎM APĂ CANAL BĂLȚI_comment | EA1: ÎM APĂ CANAL STRĂȘENI | EB1: ÎM APĂ CANAL STRĂȘENI_comment | EC1: SA APĂ CANAL SOROCA | ED1: SA APĂ CANAL SOROCA_comment | EE1: SA APĂ CANAL CAHUL | EF1: SA APĂ CANAL CAHUL_comment | EG1: SA APĂ CANAL CHIȘINĂU | EH1: SA APĂ CANAL CHIȘINĂU_comment | EI1: Î.M. "EXDRUPO" | EJ1: Î.M. "EXDRUPO"_comment | EK1: Î.M. Direcţia Construcţii Capitale | EL1: Î.M. Direcţia Construcţii Capitale_comment | EM1: Î.M. Reţelele Electrice de Iluminat LUMTEH | EN1: Î.M. Reţelele Electrice de Iluminat LUMTEH_comment | EO1: Î.M. "Piaţa Centrală" | EP1: Î.M. "Piaţa Centrală"_comment | EQ1: Î.M. Regia Autosalubritate | ER1: Î.M. Regia Autosalubritate_comment | ES1: Î.M. "Asociaţia de gospodărire a spaţiilor verzi" | ET1: Î.M. "Asociaţia de gospodărire a spaţiilor verzi"_comment | EU1: Î.M. "LIFTSERVICE" | EV1: Î.M. "LIFTSERVICE"_comment | EW1: Î.M. "Parcul urban de autobuze" | EX1: Î.M. "Parcul urban de autobuze"_comment | EY1: Î.M. "Regia Transport Electric Chişinău" | EZ1: Î.M. "Regia Transport Electric Chişinău"_comment | FB1: I.S. MoldData | FC1: I.S. MoldData_comment | FD1: CS Omologarea FITO | FE1: CS Omologarea FITO_comment | FF1: I.S. CP Armata Nationala | FG1: I.S. CP Armata Nationala_comment
A2: Q1 | B2: Este publicat pe web raportul anual al întreprinderii pentru anul 2019 ? | C2: =VLOOKUP(A2,Quest_eng_2018!A:C,3,FALSE) -> Is the enterprise 2019 Annual Report published on the Web page? | D2: Economic Indicators | E2: iec1 | F2: iec1k | G2: 4 | H2: da | I2: yes | J2: nu | K2: no | L2: partial | M2: partially | N2: N/A | O2: N/A | P2: ___ | Q2: ___ | R2: 4 | S2: 0 | T2: =R2/2 -> 2 | U2: N/A | V2: ___ | W2: nu | X2: Pagina web nefuncțională ( 13 aprilie 2020) | Y2: nu | Z2: Nu sînt informații pe web (ultima dată verificat la 13.04.2020) | AA2: partial | AB2: https://www.termoelectrica.md/wp-content/uploads/2016/04/doc01498620190823134712-1.pdf | AC2: partial | AD2: https://moldtelecom.md/ro/personal/Rapoarte | AE2: nu | AF2: Nu sînt informații pe web (ultima dată verificat la 13.04.2020) | AG2: nu | AH2: Nu sînt informații pe web (ultima dată verificat la 13.04.2020) | AI2: nu | AJ2: Nu sînt informații (ultima dată verificat la 13.04.2020) | AK2: nu | AL2: Nu sînt informații (ultima dată verificat la 13.04.2020) | AM2: nu | AN2: Nu sînt informații (ultima dată verificat la 13.04.2020) | AO2: nu | AP2: Nu sînt informații (ultima dată verificat la 13.04.2020) | AQ2: nu | AR2: Nu sînt informații (ultima dată verificat la 13.04.2020) | AS2: nu | AT2: Nu sînt informații (ultima dată verificat la 13.04.2020) | AU2: nu | AV2: Nu sînt informații (ultima dată verificat la 13.04.2020) | AW2: nu | AX2: Nu sînt informații (ultima dată verificat la 13.04.2020) | AY2: nu | AZ2: Nu sînt informații (ultima dată verificat la 13.04.2020) | BA2: nu | BB2: Nu sînt informații (ultima dată verificat la 13.04.2020) | BC2: nu | BD2: Nu sînt informații (ultima dată verificat la 13.04.2020) | BE2: nu | BF2: Nu sînt informații (ultima dată verificat la 13.04.2020) | BG2: nu | BH2: Nu sînt informații (ultima dată verificat la 13.04.2020) | BI2: nu | BJ2: Nu sînt informații (ultima dată verificat la 13.04.2020) | BK2: nu | BL2: Nu sînt informații (ultima dată verificat la 13.04.2020) | BM2: nu | BN2: Nu sînt informații (ultima dată verificat la 13.04.2020) | BO2: nu | BP2: Nu sînt informații (ultima dată verificat la 13.04.2020) | BQ2: partial | BR2: http://www.energocom.md/about-us/transparenta/174-rap-trms-priv-org-apr-iun-2 | BS2: nu | BT2: Nu sînt informații (ultima dată verificat la 13.04.2020) | BU2: nu | BV2: Nu sînt informații (ultima dată verificat la 13.04.2020) | BW2: nu | BX2: Nu sînt informații (ultima dată verificat la 13.04.2020) | BY2: nu | BZ2: Nu sînt informații (ultima dată verificat la 13.04.2020) | CA2: nu | CB2: Nu sînt informații (ultima dată verificat la 13.04.2020) | CC2: nu | CD2: Nu sînt informații (ultima dată verificat la 13.04.2020) | CE2: nu | CF2: Nu sînt informații (ultima dată verificat la 13.04.2020) | CG2: nu | CH2: Nu sînt informații (ultima dată verificat la 13.04.2020) | CI2: nu | CJ2: Nu sînt informații (ultima dată verificat la 13.04.2020) | CK2: nu | CL2: Nu sînt informații (ultima dată verificat la 13.04.2020) | CM2: nu | CN2: Nu sînt informații (ultima dată verificat la 13.04.2020) | CO2: nu | CP2: Nu sînt informații (ultima dată verificat la 13.04.2020) | CQ2: nu | CR2: Nu sînt informații (ultima dată verificat la 13.04.2020) | CS2: nu | CT2: Nu sînt informații (ultima dată verificat la 13.04.2020) | CU2: nu | CV2: Nu sînt informații (ultima dată verificat la 13.04.2020) | CW2: nu | CX2: Nu sînt informații (ultima dată verificat la 13.04.2020) | CY2: nu | CZ2: Nu sînt informații (ultima dată verificat la 13.04.2020) | DA2: nu | DB2: Nu sînt informații (ultima dată verificat la 13.04.2020) | DC2: nu | DD2: Nu sînt informații (ultima dată verificat la 13.04.2020) | DE2: nu | DF2: Nu sînt informații (ultima dată verificat la 13.04.2020) | DG2: nu | DH2: Nu sînt informații (ultima dată verificat la 13.04.2020) | DI2: nu | DJ2: Nu sînt informații (ultima dată verificat la 13.04.2020) | DK2: nu | DL2: Nu sînt informații (ultima dată verificat la 13.04.2020) | DM2: nu | DN2: Nu sînt informații (ultima dată verificat la 13.04.2020) | DO2: nu | DP2: Nu sînt informații (ultima dată verificat la 13.04.2020) | DQ2: nu | DR2: Nu sînt informații (ultima dată verificat la 13.04.2020) | DS2: nu | DT2: Nu sînt informații (ultima dată verificat la 13.04.2020) | DU2: nu | DV2: Nu sînt informații (ultima dată verificat la 13.04.2020) | DW2: nu | DX2: Nu sînt informații (ultima dată verificat la 13.04.2020) | DY2: nu | DZ2: Nu sînt informații (ultima dată verificat la 13.04.2020) | EA2: nu | EB2: Nu sînt informații (ultima dată verificat la 13.04.2020) | EC2: nu | ED2: Nu sînt informații (ultima dată verificat la 13.04.2020) | EE2: nu | EF2: Nu sînt informații (ultima dată verificat la 13.04.2020) | EG2: nu | EH2: Nu sînt informații (ultima dată verificat la 13.04.2020) | EI2: nu | EJ2: Nu sînt informații (ultima dată verificat la 13.04.2020) | EK2: nu | EL2: Nu sînt informații (ultima dată verificat la 13.04.2020) | EM2: nu | EN2: Nu sînt informații (ultima dată verificat la 13.04.2020) | EO2: nu | EP2: Nu sînt informații (ultima dată verificat la 13.04.2020) | EQ2: nu | ER2: Nu sînt informații (ultima dată verificat la 13.04.2020) | ES2: nu | ET2: Nu sînt informații (ultima dată verificat la 13.04.2020) | EU2: nu | EV2: Nu sînt informații (ultima dată verificat la 13.04.2020) | EW2: nu | EX2: Nu sînt informații (ultima dată verificat la 13.04.2020) | EY2: nu | EZ2: Nu sînt informații (ultima dată verificat la 13.04.2020)
A3: Q2 | B3: Sînt disponibile pe pagina web rapoartele anuale al întreprinderii pentru cel puțin ultimii trei ani (2017 - 2019) ? | C3: =VLOOKUP(A3,Quest_eng_2018!A:C,3,FALSE) -> Are the enterprise annual reports available on the Web page, at least for the last three years (2017 - 2019)? | D3: Economic Indicators | E3: iec2 | F3: iec2k | G3: 3 | H3: da | I3: yes | J3: nu | K3: no | L3: partial | M3: partially | N3: N/A | O3: N/A | P3: ___ | Q3: ___ | R3: 3 | S3: 0 | T3: =R3/2 -> 1.5 | U3: N/A | V3: ___ | W3: nu | X3: Pagina web nefuncțională ( 13 aprilie 2020) | Y3: partial | Z3: Nu sînt informații pe web (ultima dată verificat la 13.04.2020) | AA3: partial | AB3: https://www.termoelectrica.md/ro_RO/despre/rapoarte/ | AC3: partial | AD3: https://moldtelecom.md/ro/personal/Rapoarte | AE3: nu | AF3: Nu sînt informații pe web (ultima dată verificat la 13.04.2020) | AG3: nu | AH3: Nu sînt informații pe web (ultima dată verificat la 13.04.2020) | AI3: nu | AJ3: Nu sînt informații (ultima dată verificat la 13.04.2020) | AK3: nu | AL3: Nu sînt informații (ultima dată verificat la 13.04.2020) | AM3: nu | AN3: Nu sînt informații (ultima dată verificat la 13.04.2020) | AO3: partial | AP3: https://www.asd.md/page/rapoarte | AQ3: partial | AR3: https://moldatsa.md/about/documents | AS3: nu | AT3: Nu sînt informații (ultima dată verificat la 13.04.2020) | AU3: partial | AV3: http://www.moldelectrica.md/ro/finances/financial_reports | AW3: nu | AX3: Nu sînt informații (ultima dată verificat la 13.04.2020) | AY3: nu | AZ3: Nu sînt informații (ultima dată verificat la 13.04.2020) | BA3: nu | BB3: Nu sînt informații (ultima dată verificat la 13.04.2020) | BC3: nu | BD3: Nu sînt informații (ultima dată verificat la 13.04.2020) | BE3: nu | BF3: Nu sînt informații (ultima dată verificat la 13.04.2020) | BG3: nu | BH3: Nu sînt informații (ultima dată verificat la 13.04.2020) | BI3: partial | BJ3: https://emitent-msi.market.md/ro/#1 | BK3: nu | BL3: Nu sînt informații (ultima dată verificat la 13.04.2020) | BM3: nu | BN3: Nu sînt informații (ultima dată verificat la 13.04.2020) | BO3: partial | BP3: https://www.moldovagaz.md/rom/despre-companie/rapoarte-158 | BQ3: partial | BR3: http://www.energocom.md/about-us/transparenta | BS3: nu | BT3: Nu sînt informații (ultima dată verificat la 13.04.2020) | BU3: nu | BV3: Nu sînt informații (ultima dată verificat la 13.04.2020) | BW3: nu | BX3: Nu sînt informații (ultima dată verificat la 13.04.2020) | BY3: nu | BZ3: Nu sînt informații (ultima dată verificat la 13.04.2020) | CA3: nu | CB3: Nu sînt informații (ultima dată verificat la 13.04.2020) | CC3: nu | CD3: Nu sînt informații (ultima dată verificat la 13.04.2020) | CE3: nu | CF3: Nu sînt informații (ultima dată verificat la 13.04.2020) | CG3: nu | CH3: Nu sînt informații (ultima dată verificat la 13.04.2020) | CI3: nu | CJ3: Nu sînt informații (ultima dată verificat la 13.04.2020) | CK3: nu | CL3: Nu sînt informații (ultima dată verificat la 13.04.2020) | CM3: nu | CN3: Nu sînt informații (ultima dată verificat la 13.04.2020) | CO3: partial | CP3: https://e-cmac.md/rapoarte/ | CQ3: nu | CR3: Nu sînt informații (ultima dată verificat la 13.04.2020) | CS3: partial | CT3: http://editurastiinta.md/rapoarte | CU3: nu | CV3: Nu sînt informații (ultima dată verificat la 13.04.2020) | CW3: partial | CX3: https://tracom.md/infocenters/reports/ | CY3: nu | CZ3: Nu sînt informații (ultima dată verificat la 13.04.2020) | DA3: nu | DB3: Nu sînt informații (ultima dată verificat la 13.04.2020) | DC3: nu | DD3: Nu sînt informații (ultima dată verificat la 13.04.2020) | DE3: partial | DF3: https://www.ingeocad.md/ro/home/raport-anual-2 | DG3: nu | DH3: Nu sînt informații (ultima dată verificat la 13.04.2020) | DI3: nu | DJ3: Nu sînt informații (ultima dată verificat la 13.04.2020) | DK3: nu | DL3: Nu sînt informații (ultima dată verificat la 13.04.2020) | DM3: nu | DN3: Nu sînt informații (ultima dată verificat la 13.04.2020) | DO3: nu | DP3: Nu sînt informații (ultima dată verificat la 13.04.2020) | DQ3: nu | DR3: Nu sînt informații (ultima dată verificat la 13.04.2020) | DS3: nu | DT3: Nu sînt informații (ultima dată verificat la 13.04.2020) | DU3: nu | DV3: Nu sînt informații (ultima dată verificat la 13.04.2020) | DW3: partial | DX3: https://www.radiocom.md/rapoarte-1-38 | DY3: partial | DZ3: http://balti.md/servicii-publice/intreprinderi-municipale/lista-im/ | EA3: partial | EB3: http://www.straseni.md/raport-cu-privire-la-activitatea-i-m-apa-canal-straseni-pentru-anul-2017/ http://www.straseni.md/5829-2/ | EC3: nu | ED3: Nu sînt informații (ultima dată verificat la 13.04.2020) | EE3: nu | EF3: Nu sînt informații (ultima dată verificat la 13.04.2020) | EG3: partial | EH3: https://acc.md/rapoarte/ | EI3: nu | EJ3: Nu sînt informații (ultima dată verificat la 13.04.2020) | EK3: nu | EL3: Nu sînt informații (ultima dată verificat la 13.04.2020) | EM3: nu | EN3: Nu sînt informații (ultima dată verificat la 13.04.2020) | EO3: nu | EP3: Nu sînt informații (ultima dată verificat la 13.04.2020) | EQ3: nu | ER3: Nu sînt informații (ultima dată verificat la 13.04.2020) | ES3: nu | ET3: Nu sînt informații (ultima dată verificat la 13.04.2020) | EU3: nu | EV3: Nu sînt informații (ultima dată verificat la 13.04.2020) | EW3: partial | EX3: https://www.autourban.md/indicatori/raport_activitate.pdf | EY3: nu | EZ3: Nu sînt informații (ultima dată verificat la 13.04.2020)
A4: Q3 | B4: Este publicat pe web analiza indicatorilor economico-financiari și evaluarea rezultatelor economico-financiare ale întreprinderii prin prisma evoluţiei indicatorilor principali (profitul net, venitul din vînzări şi alţi indicatori ce ţin de condiţiile de activitate concrete ale întreprinderii respective) pentru anul 2019 ? | C4: =VLOOKUP(A4,Quest_eng_2018!A:C,3,FALSE) -> Are the analysis of economic and financial indicators and the evaluation of enterprise economic and financial outcomes in the light of the main indicators trends (net profit, sales revenue and other indicators related to enterprise specific activity conditions) published on the Web page, for the year 2019? | D4: Economic Indicators | E4: iec3 | F4: iec3k | G4: 4 | H4: da | I4: yes | J4: nu | K4: no | L4: partial | M4: partially | N4: N/A | O4: N/A | P4: ___ | Q4: ___ | R4: 4 | S4: 0 | T4: =R4/2 -> 2 | U4: N/A | V4: ___ | W4: nu | X4: Pagina web nefuncțională ( 13 aprilie 2020) | Y4: nu | Z4: Nu sînt informații pe web (ultima dată verificat la 13.04.2020) | AA4: partial | AB4: https://www.termoelectrica.md/wp-content/uploads/2016/04/doc01498620190823134712-1.pdf | AC4: partial | AD4: https://moldtelecom.md/ro/personal/Rapoarte | AE4: nu | AF4: Nu sînt informații pe web (ultima dată verificat la 13.04.2020) | AG4: nu | AH4: Nu sînt informații pe web (ultima dată verificat la 13.04.2020) | AI4: nu | AJ4: Nu sînt informații (ultima dată verificat la 13.04.2020) | AK4: nu | AL4: Nu sînt informații (ultima dată verificat la 13.04.2020) | AM4: nu | AN4: Nu sînt informații (ultima dată verificat la 13.04.2020) | AO4: nu | AP4: Nu sînt informații (ultima dată verificat la 13.04.2020) | AQ4: nu | AR4: Nu sînt informații (ultima dată verificat la 13.04.2020) | AS4: nu | AT4: Nu sînt informații (ultima dată verificat la 13.04.2020) | AU4: nu | AV4: Nu sînt informații (ultima dată verificat la 13.04.2020) | AW4: nu | AX4: Nu sînt informații (ultima dată verificat la 13.04.2020) | AY4: nu | AZ4: Nu sînt informații (ultima dată verificat la 13.04.2020) | BA4: nu | BB4: Nu sînt informații (ultima dată verificat la 13.04.2020) | BC4: nu | BD4: Nu sînt informații (ultima dată verificat la 13.04.2020) | BE4: nu | BF4: Nu sînt informații (ultima dată verificat la 13.04.2020) | BG4: nu | BH4: Nu sînt informații (ultima dată verificat la 13.04.2020) | BI4: partial | BJ4: https://www.metalferos.md/bilant-contabil-pentru-s1-a2019/ | BK4: nu | BL4: Nu sînt informații (ultima dată verificat la 13.04.2020) | BM4: nu | BN4: Nu sînt informații (ultima dată verificat la 13.04.2020) | BO4: nu | BP4: Nu sînt informații (ultima dată verificat la 13.04.2020) | BQ4: partial | BR4: http://www.energocom.md/about-us/transparenta/174-rap-trms-priv-org-apr-iun-2 | BS4: nu | BT4: Nu sînt informații (ultima dată verificat la 13.04.2020) | BU4: nu | BV4: Nu sînt informații (ultima dată verificat la 13.04.2020) | BW4: nu | BX4: Nu sînt informații (ultima dată verificat la 13.04.2020) | BY4: nu | BZ4: Nu sînt informații (ultima dată verificat la 13.04.2020) | CA4: nu | CB4: Nu sînt informații (ultima dată verificat la 13.04.2020) | CC4: nu | CD4: Nu sînt informații (ultima dată verificat la 13.04.2020) | CE4: da | CF4: http://manej.md/index.php?pag=news&id=1243&rid=63&l=ro | CG4: nu | CH4: Nu sînt informații (ultima dată verificat la 13.04.2020) | CI4: nu | CJ4: Nu sînt informații (ultima dată verificat la 13.04.2020) | CK4: nu | CL4: Nu sînt informații (ultima dată verificat la 13.04.2020) | CM4: nu | CN4: Nu sînt informații (ultima dată verificat la 13.04.2020) | CO4: nu | CP4: Nu sînt informații (ultima dată verificat la 13.04.2020) | CQ4: nu | CR4: Nu sînt informații (ultima dată verificat la 13.04.2020) | CS4: nu | CT4: Nu sînt informații (ultima dată verificat la 13.04.2020) | CU4: nu | CV4: Nu sînt informații (ultima dată verificat la 13.04.2020) | CW4: nu | CX4: Nu sînt informații (ultima dată verificat la 13.04.2020) | CY4: nu | CZ4: Nu sînt informații (ultima dată verificat la 13.04.2020) | DA4: nu | DB4: Nu sînt informații (ultima dată verificat la 13.04.2020) | DC4: nu | DD4: Nu sînt informații (ultima dată verificat la 13.04.2020) | DE4: nu | DF4: Nu sînt informații (ultima dată verificat la 13.04.2020) | DG4: nu | DH4: Nu sînt informații (ultima dată verificat la 13.04.2020) | DI4: nu | DJ4: Nu sînt informații (ultima dată verificat la 13.04.2020) | DK4: nu | DL4: Nu sînt informații (ultima dată verificat la 13.04.2020) | DM4: nu | DN4: Nu sînt informații (ultima dată verificat la 13.04.2020) | DO4: nu | DP4: Nu sînt informații (ultima dată verificat la 13.04.2020) | DQ4: nu | DR4: Nu sînt informații (ultima dată verificat la 13.04.2020) | DS4: nu | DT4: Nu sînt informații (ultima dată verificat la 13.04.2020) | DU4: nu | DV4: Nu sînt informații (ultima dată verificat la 13.04.2020) | DW4: nu | DX4: Nu sînt informații (ultima dată verificat la 13.04.2020) | DY4: nu | DZ4: Nu sînt informații (ultima dată verificat la 13.04.2020) | EA4: nu | EB4: Nu sînt informații (ultima dată verificat la 13.04.2020) | EC4: nu | ED4: Nu sînt informații (ultima dată verificat la 13.04.2020) | EE4: nu | EF4: Nu sînt informații (ultima dată verificat la 13.04.2020) | EG4: nu | EH4: Nu sînt informații (ultima dată verificat la 13.04.2020) | EI4: nu | EJ4: Nu sînt informații (ultima dată verificat la 13.04.2020) | EK4: nu | EL4: Nu sînt informații (ultima dată verificat la 13.04.2020) | EM4: nu | EN4: Nu sînt informații (ultima dată verificat la 13.04.2020) | EO4: nu | EP4: Nu sînt informații (ultima dată verificat la 13.04.2020) | EQ4: nu | ER4: Nu sînt informații (ultima dată verificat la 13.04.2020) | ES4: nu | ET4: Nu sînt informații (ultima dată verificat la 13.04.2020) | EU4: nu | EV4: Nu sînt informații (ultima dată verificat la 13.04.2020) | EW4: nu | EX4: Nu sînt informații (ultima dată verificat la 13.04.2020) | EY4: nu | EZ4: Nu sînt informații (ultima dată verificat la 13.04.2020)
A5: Q4 | B5: Este publicat pe web analiza indicatorilor economico-financiari și evaluarea rezultatelor economico-financiare ale întreprinderii prin prisma evoluţiei indicatorilor principali (profitul net, venitul din vînzări şi alţi indicatori ce ţin de condiţiile de activitate concrete ale întreprinderii respective) pentru cel puțin ultimii trei ani (2017 - 2019) ? | C5: =VLOOKUP(A5,Quest_eng_2018!A:C,3,FALSE) -> Are the analysis of economic and financial indicators and the evaluation of enterprise economic and financial outcomes in the light of the main indicators trends (net profit, sales revenue and other indicators related to enterprise specific activity conditions) published on the Web page, at least for the last three years (2017 - 2019)? | D5: Economic Indicators | E5: iec4 | F5: iec4k | G5: 3 | H5: da | I5: yes | J5: nu | K5: no | L5: partial | M5: partially | N5: N/A | O5: N/A | P5: ___ | Q5: ___ | R5: 3 | S5: 0 | T5: =R5/2 -> 1.5 | U5: N/A | V5: ___ | W5: nu | X5: Pagina web nefuncțională ( 13 aprilie 2020) | Y5: partial | Z5: Nu sînt informații pe web (ultima dată verificat la 13.04.2020) | AA5: partial | AB5: https://www.termoelectrica.md/ro_RO/despre/rapoarte/ | AC5: partial | AD5: https://moldtelecom.md/ro/personal/Rapoarte | AE5: partial | AF5: http://app.gov.md/sites/default/files/document/attachments/situatii_financiare_2018_is_moldsuindhibrid.pdf | AG5: partial | AH5: http://app.gov.md/sites/default/files/document/attachments/situatii_financiare_2018_is_mecagro.pdf | AI5: partial | AJ5: http://app.gov.md/sites/default/files/document/attachments/situatii_financiare_2018_is_indalproiect.pdf | AK5: partial | AL5: http://app.gov.md/sites/default/files/document/attachments/situatii_financiare_2018_is_crara.pdf | AM5: partial | AN5: http://www.railway.md/?l=ro&h=BG0l8rJIUvD9BMYWhHS3sbtVv8yofTwAjuY6UF4d4OE= | AO5: partial | AP5: https://www.asd.md/page/rapoarte | AQ5: partial | AR5: https://moldatsa.md/about/documents | AS5: partial | AT5: http://app.gov.md/sites/default/files/document/attachments/situatii_financiare_2018_is_sde_criuleni.pdf | AU5: partial | AV5: http://www.moldelectrica.md/ro/finances/financial_reports | AW5: partial | AX5: http://app.gov.md/sites/default/files/document/attachments/situatii_financiare_2018_is_centrul_de_elaborari_economice_si_de_productie.pdf | AY5: partial | AZ5: http://app.gov.md/sites/default/files/document/attachments/situatii_financiare_2018_is_vivaflora.pdf | BA5: partial | BB5: http://www.serviciipaza.md/ro/advanced-page-type/situatie-financiare | BC5: partial | BD5: http://app.gov.md/sites/default/files/document/attachments/situatii_financiare_2018_is_statia_de_stat_pentru_incercarea_masinilor.pdf | BE5: nu | BF5: Nu sînt informații (ultima dată verificat la 13.04.2020) | BG5: partial | BH5: http://app.gov.md/sites/default/files/document/attachments/2018_-_sa_drumuri_cahul.pdf | BI5: partial | BJ5: http://app.gov.md/sites/default/files/document/attachments/situatii_financiare_sa_metalferos.pdf | BK5: partial | BL5: http://app.gov.md/sites/default/files/document/attachments/2018_-_sa_furnizarea_energiei_electrice.pdf | BM5: partial | BN5: http://posta.md/ro/rapoarte | BO5: partial | BP5: https://www.moldovagaz.md/rom/despre-companie/rapoarte-158 | BQ5: partial | BR5: http://www.energocom.md/about-us/transparenta | BS5: partial | BT5: http://app.gov.md/sites/default/files/document/attachments/situatii_financiare_2018_is_garile_si_statiile_auto.pdf | BU5: partial | BV5: https://moldaeroservice.md/ro/annual-reports/ | BW5: nu | BX5: Nu sînt informații (ultima dată verificat la 13.04.2020) | BY5: partial | BZ5: http://app.gov.md/sites/default/files/document/attachments/situatii_financiare_2018_is_combinatul_republican_de_instruire_auto.pdf | CA5: nu | CB5: Nu sînt informații (ultima dată verificat la 13.04.2020) | CC5: partial | CD5: http://app.gov.md/sites/default/files/document/attachments/situatii_financiare_2018_is_directia_pentru_corpul_diplomatic.pdf | CE5: da | CF5: http://manej.md/index.php?pag=news&id=1243&l=ro | CG5: partial | CH5: http://app.gov.md/sites/default/files/document/attachments/raport_audit_2019__0.pdf | CI5: partial | CJ5: http://www.dpp.md/ro/rapoarte.html | CK5: nu | CL5: Nu sînt informații (ultima dată verificat la 13.04.2020) | CM5: partial | CN5: http://app.gov.md/sites/default/files/document/attachments/situatii_financiare_2018_is_tipografia_asm.pdf | CO5: partial | CP5: https://e-cmac.md/rapoarte/ | CQ5: nu | CR5: Nu sînt informații (ultima dată verificat la 13.04.2020) | CS5: partial | CT5: http://editurastiinta.md/rapoarte http://app.gov.md/sites/default/files/document/attachments/situatii_financiare_2018_is_editorial_poligrafica_stiinta.pdf | CU5: nu | CV5: Nu sînt informații (ultima dată verificat la 13.04.2020) | CW5: partial | CX5: https://tracom.md/infocenters/reports/ | CY5: partial | CZ5: http://app.gov.md/sites/default/files/document/attachments/situatii_financiare_2018_is_combinatul_de_vinuri_milestii_mici.pdf | DA5: partial | DB5: http://app.gov.md/sites/default/files/document/attachments/situatii_financiare_2018_is_nistru_centru.pdf | DC5: partial | DD5: http://app.gov.md/sites/default/files/document/attachments/situatii_financiare_2018_is_portul_fluvial_ungheni_0.pdf | DE5: partial | DF5: https://www.ingeocad.md/ro/home/raport-anual-2 | DG5: nu | DH5: Nu sînt informații (ultima dată verificat la 13.04.2020) | DI5: partial | DJ5: http://app.gov.md/sites/default/files/document/attachments/situatii_financiare_2018_is_institutul_de_proiectare_pentru_organizarea_teritoriului.pdf | DK5: partial | DL5: http://app.gov.md/sites/default/files/document/attachments/situatii_financiare_2018_is_ruralproiect.pdf | DM5: partial | DN5: http://app.gov.md/sites/default/files/document/attachments/situatii_financiare_2018_is_tipografia_centrala.pdf | DO5: partial | DP5: https://mold-didactica.com.md/despre-noi/ | DQ5: partial | DR5: http://app.gov.md/sites/default/files/document/attachments/situatii_financiare_2018_is_directia_pentru_exploatarea_imobilului.pdf | DS5: partial | DT5: http://app.gov.md/sites/default/files/document/attachments/situatii_financiare_2018_is_cartus.pdf | DU5: nu | DV5: Nu sînt informații (ultima dată verificat la 13.04.2020) | DW5: partial | DX5: https://www.radiocom.md/rapoarte-1-38 | DY5: partial | DZ5: https://apa-balti.md/?cat=67&lang=ro | EA5: partial | EB5: http://www.straseni.md/raport-cu-privire-la-activitatea-i-m-apa-canal-straseni-pentru-anul-2017/ http://www.straseni.md/5829-2/ | EC5: nu | ED5: Nu sînt informații (ultima dată verificat la 13.04.2020) | EE5: nu | EF5: Nu sînt informații (ultima dată verificat la 13.04.2020) | EG5: partial | EH5: https://acc.md/rapoarte/ | EI5: nu | EJ5: Nu sînt informații (ultima dată verificat la 13.04.2020) | EK5: nu | EL5: Nu sînt informații (ultima dată verificat la 13.04.2020) | EM5: nu | EN5: Nu sînt informații (ultima dată verificat la 13.04.2020) | EO5: nu | EP5: Nu sînt informații (ultima dată verificat la 13.04.2020) | EQ5: nu | ER5: Nu sînt informații (ultima dată verificat la 13.04.2020) | ES5: nu | ET5: Nu sînt informații (ultima dată verificat la 13.04.2020) | EU5: nu | EV5: Nu sînt informații (ultima dată verificat la 13.04.2020) | EW5: partial | EX5: https://www.autourban.md/indicatori/raport_activitate.pdf | EY5: partial | EZ5: http://app.gov.md/sites/default/files/document/attachments/raportul_de_audit_pentru_anul_2018_berd_0.pdf
A6: Q5 | B6: Sînt publicate pe web rezultatele controalelor şi auditurilor economico-financiare (denumirea entităţii care a verificat/auditat întreprinderea; menţiuni despre existenţa/lipsa abaterilor; măsurile luate pentru implementarea recomandărilor) în 2019? | C6: =VLOOKUP(A6,Quest_eng_2018!A:C,3,FALSE) -> Are the outcomes of inspections/controls and economic-financial audits conducted in 2019 (name of the entity that verified/inspected/audited the enterprise; mentions about the existing/lack of irregularities; the actions undertaken to implement the recommendations) published on the Web page? | D6: Economic Indicators | E6: iec5 | F6: iec5k | G6: 2 | H6: da | I6: yes | J6: nu | K6: no | L6: partial | M6: partially | N6: N/A | O6: N/A | P6: ___ | Q6: ___ | R6: 2 | S6: 0 | T6: =R6/2 -> 1 | U6: N/A | V6: ___ | W6: nu | X6: Pagina web nefuncțională ( 13 aprilie 2020) | Y6: nu | Z6: Nu sînt informații pe web (ultima dată verificat la 13.04.2020) | AA6: nu | AB6: Nu sînt informații pe web (ultima dată verificat la 13.04.2020) | AC6: nu | AD6: Nu sînt informații pe web (ultima dată verificat la 13.04.2020) | AE6: nu | AF6: Nu sînt informații pe web (ultima dată verificat la 13.04.2020) | AG6: nu | AH6: Nu sînt informații pe web (ultima dată verificat la 13.04.2020) | AI6: nu | AJ6: Nu sînt informații (ultima dată verificat la 13.04.2020) | AK6: nu | AL6: Nu sînt informații (ultima dată verificat la 13.04.2020) | AM6: nu | AN6: Nu sînt informații (ultima dată verificat la 13.04.2020) | AO6: nu | AP6: Nu sînt informații (ultima dată verificat la 13.04.2020) | AQ6: nu | AR6: Nu sînt informații (ultima dată verificat la 13.04.2020) | AS6: nu | AT6: Nu sînt informații (ultima dată verificat la 13.04.2020) | AU6: nu | AV6: Nu sînt informații (ultima dată verificat la 13.04.2020) | AW6: nu | AX6: Nu sînt informații (ultima dată verificat la 13.04.2020) | AY6: nu | AZ6: Nu sînt informații (ultima dată verificat la 13.04.2020) | BA6: nu | BB6: Nu sînt informații (ultima dată verificat la 13.04.2020) | BC6: nu | BD6: Nu sînt informații (ultima dată verificat la 13.04.2020) | BE6: nu | BF6: Nu sînt informații (ultima dată verificat la 13.04.2020) | BG6: nu | BH6: Nu sînt informații (ultima dată verificat la 13.04.2020) | BI6: nu | BJ6: Nu sînt informații (ultima dată verificat la 13.04.2020) | BK6: nu | BL6: Nu sînt informații (ultima dată verificat la 13.04.2020) | BM6: nu | BN6: Nu sînt informații (ultima dată verificat la 13.04.2020) | BO6: nu | BP6: Nu sînt informații (ultima dată verificat la 13.04.2020) | BQ6: nu | BR6: Nu sînt informații (ultima dată verificat la 13.04.2020) | BS6: nu | BT6: Nu sînt informații (ultima dată verificat la 13.04.2020) | BU6: nu | BV6: Nu sînt informații (ultima dată verificat la 13.04.2020) | BW6: nu | BX6: Nu sînt informații (ultima dată verificat la 13.04.2020) | BY6: nu | BZ6: Nu sînt informații (ultima dată verificat la 13.04.2020) | CA6: nu | CB6: Nu sînt informații (ultima dată verificat la 13.04.2020) | CC6: nu | CD6: Nu sînt informații (ultima dată verificat la 13.04.2020) | CE6: nu | CF6: Nu sînt informații (ultima dată verificat la 13.04.2020) | CG6: nu | CH6: Nu sînt informații (ultima dată verificat la 13.04.2020) | CI6: nu | CJ6: Nu sînt informații (ultima dată verificat la 13.04.2020) | CK6: nu | CL6: Nu sînt informații (ultima dată verificat la 13.04.2020) | CM6: nu | CN6: Nu sînt informații (ultima dată verificat la 13.04.2020) | CO6: nu | CP6: Nu sînt informații (ultima dată verificat la 13.04.2020) | CQ6: nu | CR6: Nu sînt informații (ultima dată verificat la 13.04.2020) | CS6: nu | CT6: Nu sînt informații (ultima dată verificat la 13.04.2020) | CU6: nu | CV6: Nu sînt informații (ultima dată verificat la 13.04.2020) | CW6: nu | CX6: Nu sînt informații (ultima dată verificat la 13.04.2020) | CY6: nu | CZ6: Nu sînt informații (ultima dată verificat la 13.04.2020) | DA6: nu | DB6: Nu sînt informații (ultima dată verificat la 13.04.2020) | DC6: nu | DD6: Nu sînt informații (ultima dată verificat la 13.04.2020) | DE6: nu | DF6: Nu sînt informații (ultima dată verificat la 13.04.2020) | DG6: nu | DH6: Nu sînt informații (ultima dată verificat la 13.04.2020) | DI6: nu | DJ6: Nu sînt informații (ultima dată verificat la 13.04.2020) | DK6: nu | DL6: Nu sînt informații (ultima dată verificat la 13.04.2020) | DM6: nu | DN6: Nu sînt informații (ultima dată verificat la 13.04.2020) | DO6: nu | DP6: Nu sînt informații (ultima dată verificat la 13.04.2020) | DQ6: nu | DR6: Nu sînt informații (ultima dată verificat la 13.04.2020) | DS6: nu | DT6: Nu sînt informații (ultima dată verificat la 13.04.2020) | DU6: nu | DV6: Nu sînt informații (ultima dată verificat la 13.04.2020) | DW6: nu | DX6: Nu sînt informații (ultima dată verificat la 13.04.2020) | DY6: nu | DZ6: Nu sînt informații (ultima dată verificat la 13.04.2020) | EA6: nu | EB6: Nu sînt informații (ultima dată verificat la 13.04.2020) | EC6: nu | ED6: Nu sînt informații (ultima dată verificat la 13.04.2020) | EE6: nu | EF6: Nu sînt informații (ultima dată verificat la 13.04.2020) | EG6: nu | EH6: Nu sînt informații (ultima dată verificat la 13.04.2020) | EI6: n/a | EJ6: Nu sînt informații (ultima dată verificat la 13.04.2020) | EK6: nu | EL6: Nu sînt informații (ultima dată verificat la 13.04.2020) | EM6: nu | EN6: Nu sînt informații (ultima dată verificat la 13.04.2020) | EO6: nu | EP6: Nu sînt informații (ultima dată verificat la 13.04.2020) | EQ6: nu | ER6: Nu sînt informații (ultima dată verificat la 13.04.2020) | ES6: nu | ET6: Nu sînt informații (ultima dată verificat la 13.04.2020) | EU6: nu | EV6: Nu sînt informații (ultima dată verificat la 13.04.2020) | EW6: nu | EX6: Nu sînt informații (ultima dată verificat la 13.04.2020) | EY6: nu | EZ6: Nu sînt informații (ultima dată verificat la 13.04.2020)
A7: Q6 | B7: Sînt publicate pe pagina web informații privind capitalul social al întreprinderii ? | C7: =VLOOKUP(A7,Quest_eng_2018!A:C,3,FALSE) -> Is there any information on enterprise share capital published on the Web page? | D7: Economic Indicators | E7: iec6 | F7: iec6k | G7: 1 | H7: da | I7: yes | J7: nu | K7: no | L7: partial | M7: partially | N7: N/A | O7: N/A | P7: ___ | Q7: ___ | R7: 1 | S7: 0 | T7: =R7/2 -> 0.5 | U7: N/A | V7: ___ | W7: nu | X7: Pagina web nefuncțională ( 13 aprilie 2020) | Y7: da | Z7: http://www.franzeluta.info/files/raportul-financiar-anul-2019-1.pdf | AA7: da | AB7: https://www.termoelectrica.md/wp-content/uploads/2016/04/doc01498620190823134712-1.pdf | AC7: da | AD7: https://moldtelecom.md/ro/personal/Rapoarte | AE7: partial | AF7: Informații neactualizate http://app.gov.md/sites/default/files/document/attachments/is_moldsuinhibrid_statut.pdf | AG7: partial | AH7: Informații neactualizate http://app.gov.md/sites/default/files/document/attachments/is_mecagro_statutul.pdf | AI7: partial | AJ7: Informații neactualizate http://app.gov.md/sites/default/files/document/attachments/is_indalproiect_statut.pdf | AK7: partial | AL7: Informații neactualizate http://app.gov.md/sites/default/files/document/attachments/is_crara_statut.pdf | AM7: partial | AN7: Informații neactualizate http://www.railway.md/?l=ro&h=BG0l8rJIUvBvKZqveZm6Q1PTFpW1M9II | AO7: partial | AP7: Informații neactualizate http://app.gov.md/sites/default/files/document/attachments/statutul_is_administratia_de_stat_a_drumurilor.pdf https://www.asd.md/page/rapoarte | AQ7: partial | AR7: Informații neactualizate https://cdn01.moldatsa.md/moldatsaprod/0235cd4d69b91773a7705c9b76c5abf2.pdf | AS7: partial | AT7: Informații neactualizate http://app.gov.md/sites/default/files/document/attachments/statutul_is_sde_criuleni.pdf | AU7: partial | AV7: Informații neactualizate http://www.moldelectrica.md/ro/about/statute | AW7: partial | AX7: Informații neactualizate http://app.gov.md/sites/default/files/document/attachments/statutul_is_centrul_de_elaborari_economice_si_de_productie.pdf | AY7: partial | AZ7: Informații neactualizate http://app.gov.md/sites/default/files/document/attachments/statutul_is_vivaflora.pdf | BA7: partial | BB7: Informații neactualizate http://www.serviciipaza.md/sites/default/files/press-release/statutul_intreprinderii_2017_.pdf | BC7: partial | BD7: Informații neactualizate http://app.gov.md/sites/default/files/document/attachments/situatii_financiare_2018_is_statia_de_stat_pentru_incercarea_masinilor.pdf | BE7: partial | BF7: Informații neactualizate http://app.gov.md/sites/default/files/document/attachments/statutul_is_dumbrava_vest.pdf | BG7: partial | BH7: Informație neactualizată http://app.gov.md/sites/default/files/document/attachments/2018_-_sa_drumuri_cahul.pdf | BI7: da | BJ7: https://www.metalferos.md/despre-noi/ | BK7: partial | BL7: Informații neactualizate http://app.gov.md/sites/default/files/document/attachments/2018_-_sa_furnizarea_energiei_electrice.pdf | BM7: partial | BN7: Informații neactualizate http://posta.md/files/Files/Legislatie/Statutul_IS_Posta_Moldovei.pdf | BO7: partial | BP7: Informații neactualizate https://www.moldovagaz.md/pic/uploaded/docs/financial_statistics_2018.pdf | BQ7: da | BR7: http://www.energocom.md/about-us/transparenta/174-rap-trms-priv-org-apr-iun-2 http://www.energocom.md/about-us/transparenta/159-statutul | BS7: partial | BT7: Informație neactualizată http://app.gov.md/sites/default/files/document/attachments/statutul_is_garile_si_statiile_auto.pdf | BU7: partial | BV7: Informație neactualizată https://moldaeroservice.md/wp-content/uploads/2019/04/Statutul.pdf https://moldaeroservice.md/wp-content/uploads/2019/04/Situatii-financiare-2018.pdf | BW7: nu | BX7: Nu sînt informații (ultima dată verificat la 13.04.2020) | BY7: partial | BZ7: Informație neactualizată http://app.gov.md/sites/default/files/document/attachments/situatii_financiare_2018_is_combinatul_republican_de_instruire_auto.pdf | CA7: partial | CB7: Informații neactualizate http://app.gov.md/ro/content/societatea-pe-actiuni-drumuri-ialoveni | CC7: partial | CD7: Informații neactualizate http://app.gov.md/sites/default/files/document/attachments/is_directia_servicii_pentru_corpul_diplomatic_statut.pdf | CE7: da | CF7: http://manej.md/media/files/files/darea_de_seama_patrimoniu_public_01_01_2019_8210195.pdf http://manej.md/index.php?pag=news&id=1238&rid=34&l=ro | CG7: partial | CH7: Informație neactualizată http://app.gov.md/sites/default/files/document/attachments/raport_audit_2019__0.pdf | CI7: partial | CJ7: Informație neactualizată http://www.dpp.md/upfiles/Statutul%20Intreprinderii%20de%20Stat%20Detasamentul%20de%20Paza%20Paramilitara.PDF | CK7: nu | CL7: Nu sînt informații (ultima dată verificat la 13.04.2020) | CM7: da | CN7: http://app.gov.md/ro/content/complex-patrimonial-unic-intreprinderea-de-stat-tipografia-academiei-de-stiinte-moldovei | CO7: partial | CP7: Informații neactualizate http://e-cmac.md/wp-content/uploads/2019/06/Statutul-IS-CMAC-2.pdf http://e-cmac.md/wp-content/uploads/2019/04/Situatiile-financiare-CMAC-2018.pdf | CQ7: nu | CR7: Nu sînt informații (ultima dată verificat la 13.04.2020) | CS7: partial | CT7: Informație neactualizată http://editurastiinta.md/statutul-intreprinderii-de-stat-editorial-poligrafice-stiinta-i-s-e-p-stiinta-1 | CU7: nu | CV7: Nu sînt informații (ultima dată verificat la 13.04.2020) | CW7: partial | CX7: Informații neactualizate https://tracom.md/wp-content/uploads/2019/04/rsf_2018.pdf | CY7: partial | CZ7: Informații neactualizate http://app.gov.md/sites/default/files/document/attachments/statutul_is_combinatul_de_vinuri_milestii_mici.pdf http://app.gov.md/sites/default/files/document/attachments/situatii_financiare_2018_is_combinatul_de_vinuri_milestii_mici.pdf | DA7: partial | DB7: Informații neactualizate http://app.gov.md/sites/default/files/document/attachments/is_sga_nistru_centru.pdf http://app.gov.md/sites/default/files/document/attachments/situatii_financiare_2018_is_nistru_centru.pdf | DC7: partial | DD7: Informație neactualizată http://app.gov.md/sites/default/files/document/attachments/is_portul_fluvial_ungheni_statut.pdf http://app.gov.md/sites/default/files/document/attachments/situatii_financiare_2018_is_portul_fluvial_ungheni_0.pdf | DE7: partial | DF7: Informații neactualizate https://www.ingeocad.md/images/zagruzki/Statut.PDF https://www.ingeocad.md/images/zagruzki/statut_completare.PDF https://www.ingeocad.md/images/situatii_financiare_2018.pdf | DG7: nu | DH7: Nu sînt informații (ultima dată verificat la 13.04.2020) | DI7: partial | DJ7: Informații neactualizate http://app.gov.md/sites/default/files/document/attachments/situatii_financiare_2018_is_institutul_de_proiectare_pentru_organizarea_teritoriului.pdf http://app.gov.md/sites/default/files/document/attachments/is_urbanproiect_statut.pdf | DK7: partial | DL7: Informații neactualizate http://app.gov.md/sites/default/files/document/attachments/is_ruralproiect_statut.pdf http://app.gov.md/sites/default/files/document/attachments/situatii_financiare_2018_is_ruralproiect.pdf | DM7: da | DN7: http://app.gov.md/ro/content/complex-patrimonial-unic-intreprinderea-de-stat-firma-editorial-poligrafica-tipografia | DO7: partial | DP7: Informații neactualizate https://mold-didactica.com.md/wordpress/wp-uploads/Situatiile-financiare-2018.pdf | DQ7: partial | DR7: Informații neactualizate http://app.gov.md/sites/default/files/document/attachments/is_directia_pentu_exploatarea_imobilului_statutul.pdf http://app.gov.md/sites/default/files/document/attachments/situatii_financiare_2018_is_directia_pentru_exploatarea_imobilului.pdf | DS7: partial | DT7: Informații neactualizate http://app.gov.md/sites/default/files/document/attachments/is_cartus_statut.pdf | DU7: nu | DV7: Nu sînt informații (ultima dată verificat la 13.04.2020) | DW7: partial | DX7: Informații neactualizate https://www.radiocom.md/storage/upload/reports/16/7832d83a166dab3f11c662f5e4131523.pdf http://app.gov.md/sites/default/files/document/attachments/is_radiocomunicatii_statut.pdf | DY7: partial | DZ7: Informații neactualizate https://apa-balti.md/?cat=67&lang=ro | EA7: da | EB7: http://www.straseni.md/wp-content/uploads/2019/12/STATUTUL-M-Ap-Canal-22.pdf | EC7: nu | ED7: Nu sînt informații (ultima dată verificat la 13.04.2020) | EE7: da | EF7: http://www.apacanalcahul.md/ro/AboutUs/CertificationLicensing/ | EG7: partial | EH7: Informații neactualizate https://acc.md/rapoarte/ | EI7: nu | EJ7: Nu sînt informații (ultima dată verificat la 13.04.2020) | EK7: nu | EL7: Nu sînt informații (ultima dată verificat la 13.04.2020) | EM7: nu | EN7: Nu sînt informații (ultima dată verificat la 13.04.2020) | EO7: nu | EP7: Nu sînt informații (ultima dată verificat la 13.04.2020) | EQ7: nu | ER7: Nu sînt informații (ultima dată verificat la 13.04.2020) | ES7: nu | ET7: Nu sînt informații (ultima dată verificat la 13.04.2020) | EU7: nu | EV7: Nu sînt informații (ultima dată verificat la 13.04.2020) | EW7: nu | EX7: Nu sînt informații (ultima dată verificat la 13.04.2020) | EY7: partial | EZ7: Informații neactualizate http://app.gov.md/sites/default/files/document/attachments/raportul_de_audit_pentru_anul_2018_berd_0.pdf
A8: Q7 | B8: Sînt disponibile pe pagina web informații privind împrumuturile / creditele obținute de întreprindere în 2019 ? | C8: =VLOOKUP(A8,Quest_eng_2018!A:C,3,FALSE) -> Is there any information on loans/credits contracted by the enterprise in 2019 available on the Web page? | D8: Economic Indicators | E8: iec7 | F8: iec7k | G8: 2 | H8: da | I8: yes | J8: nu | K8: no | L8: partial | M8: partially | N8: N/A | O8: N/A | P8: ___ | Q8: ___ | R8: 2 | S8: 0 | T8: =R8/2 -> 1 | U8: N/A | V8: ___ | W8: nu | X8: Pagina web nefuncțională ( 13 aprilie 2020) | Y8: nu | Z8: Nu sînt informații pe web (ultima dată verificat la 13.04.2020) | AA8: partial | AB8: https://www.termoelectrica.md/wp-content/uploads/2016/04/doc01498620190823134712-1.pdf | AC8: nu | AD8: Nu sînt informații pe web (ultima dată verificat la 13.04.2020) | AE8: nu | AF8: Nu sînt informații pe web (ultima dată verificat la 13.04.2020) | AG8: nu | AH8: Nu sînt informații pe web (ultima dată verificat la 13.04.2020) | AI8: nu | AJ8: Nu sînt informații (ultima dată verificat la 13.04.2020) | AK8: nu | AL8: Nu sînt informații (ultima dată verificat la 13.04.2020) | AM8: nu | AN8: Nu sînt informații (ultima dată verificat la 13.04.2020) | AO8: nu | AP8: Nu sînt informații (ultima dată verificat la 13.04.2020) | AQ8: nu | AR8: Nu sînt informații (ultima dată verificat la 13.04.2020) | AS8: nu | AT8: Nu sînt informații (ultima dată verificat la 13.04.2020) | AU8: nu | AV8: Nu sînt informații (ultima dată verificat la 13.04.2020) | AW8: nu | AX8: Nu sînt informații (ultima dată verificat la 13.04.2020) | AY8: nu | AZ8: Nu sînt informații (ultima dată verificat la 13.04.2020) | BA8: nu | BB8: Nu sînt informații (ultima dată verificat la 13.04.2020) | BC8: nu | BD8: Nu sînt informații (ultima dată verificat la 13.04.2020) | BE8: nu | BF8: Nu sînt informații (ultima dată verificat la 13.04.2020) | BG8: nu | BH8: Nu sînt informații (ultima dată verificat la 13.04.2020) | BI8: nu | BJ8: Nu sînt informații (ultima dată verificat la 13.04.2020) | BK8: nu | BL8: Nu sînt informații (ultima dată verificat la 13.04.2020) | BM8: nu | BN8: Nu sînt informații (ultima dată verificat la 13.04.2020) | BO8: nu | BP8: Nu sînt informații (ultima dată verificat la 13.04.2020) | BQ8: nu | BR8: Nu sînt informații (ultima dată verificat la 13.04.2020) | BS8: nu | BT8: Nu sînt informații (ultima dată verificat la 13.04.2020) | BU8: nu | BV8: Nu sînt informații (ultima dată verificat la 13.04.2020) | BW8: nu | BX8: Nu sînt informații (ultima dată verificat la 13.04.2020) | BY8: nu | BZ8: Nu sînt informații (ultima dată verificat la 13.04.2020) | CA8: nu | CB8: Nu sînt informații (ultima dată verificat la 13.04.2020) | CC8: nu | CD8: Nu sînt informații (ultima dată verificat la 13.04.2020) | CE8: da | CF8: http://manej.md/media/files/files/situatii_financiare_2019_2367974.pdf | CG8: nu | CH8: Nu sînt informații (ultima dată verificat la 13.04.2020) | CI8: nu | CJ8: Nu sînt informații (ultima dată verificat la 13.04.2020) | CK8: nu | CL8: Nu sînt informații (ultima dată verificat la 13.04.2020) | CM8: nu | CN8: Nu sînt informații (ultima dată verificat la 13.04.2020) | CO8: nu | CP8: Nu sînt informații (ultima dată verificat la 13.04.2020) | CQ8: nu | CR8: Nu sînt informații (ultima dată verificat la 13.04.2020) | CS8: nu | CT8: Nu sînt informații (ultima dată verificat la 13.04.2020) | CU8: nu | CV8: Nu sînt informații (ultima dată verificat la 13.04.2020) | CW8: nu | CX8: Nu sînt informații (ultima dată verificat la 13.04.2020) | CY8: nu | CZ8: Nu sînt informații (ultima dată verificat la 13.04.2020) | DA8: nu | DB8: Nu sînt informații (ultima dată verificat la 13.04.2020) | DC8: nu | DD8: Nu sînt informații (ultima dată verificat la 13.04.2020) | DE8: nu | DF8: Nu sînt informații (ultima dată verificat la 13.04.2020) | DG8: nu | DH8: Nu sînt informații (ultima dată verificat la 13.04.2020) | DI8: nu | DJ8: Nu sînt informații (ultima dată verificat la 13.04.2020) | DK8: nu | DL8: Nu sînt informații (ultima dată verificat la 13.04.2020) | DM8: nu | DN8: Nu sînt informații (ultima dată verificat la 13.04.2020) | DO8: nu | DP8: Nu sînt informații (ultima dată verificat la 13.04.2020) | DQ8: nu | DR8: Nu sînt informații (ultima dată verificat la 13.04.2020) | DS8: nu | DT8: Nu sînt informații (ultima dată verificat la 13.04.2020) | DU8: nu | DV8: Nu sînt informații (ultima dată verificat la 13.04.2020) | DW8: nu | DX8: Nu sînt informații (ultima dată verificat la 13.04.2020) | DY8: nu | DZ8: Nu sînt informații (ultima dată verificat la 13.04.2020) | EA8: nu | EB8: Nu sînt informații (ultima dată verificat la 13.04.2020) | EC8: nu | ED8: Nu sînt informații (ultima dată verificat la 13.04.2020) | EE8: nu | EF8: Nu sînt informații (ultima dată verificat la 13.04.2020) | EG8: nu | EH8: Nu sînt informații (ultima dată verificat la 13.04.2020) | EI8: nu | EJ8: Nu sînt informații (ultima dată verificat la 13.04.2020) | EK8: nu | EL8: Nu sînt informații (ultima dată verificat la 13.04.2020) | EM8: nu | EN8: Nu sînt informații (ultima dată verificat la 13.04.2020) | EO8: nu | EP8: Nu sînt informații (ultima dată verificat la 13.04.2020) | EQ8: nu | ER8: Nu sînt informații (ultima dată verificat la 13.04.2020) | ES8: nu | ET8: Nu sînt informații (ultima dată verificat la 13.04.2020) | EU8: nu | EV8: Nu sînt informații (ultima dată verificat la 13.04.2020) | EW8: nu | EX8: Nu sînt informații (ultima dată verificat la 13.04.2020) | EY8: nu | EZ8: Nu sînt informații (ultima dată verificat la 13.04.2020)
A9: Q8 | B9: Dispune întreprinderea de pagină web ? | C9: =VLOOKUP(A9,Quest_eng_2018!A:C,3,FALSE) -> Does the enterprise have a Web page? | D9: Transparency and access to information | E9: tai1 | F9: tai1k | G9: 3 | H9: da | I9: yes | J9: nu | K9: no | L9: partial | M9: partially | N9: N/A | O9: N/A | P9: ___ | Q9: ___ | R9: 3 | S9: 0 | T9: =R9/2 -> 1.5 | U9: N/A | V9: ___ | W9: nu | X9: Pagina web nefuncțională ( 13 aprilie 2020) | Y9: da | Z9: http://www.franzeluta.info/ | AA9: da | AB9: https://www.termoelectrica.md/ro_RO/ | AC9: da | AD9: https://moldtelecom.md/ | AE9: da | AF9: http://moldsuinhibrid.moldagro.md/about_us | AG9: da | AH9: http://www.mecagro.md/ro/ | AI9: nu | AJ9: Nu sînt informații (ultima dată verificat la 13.04.2020) | AK9: nu | AL9: Nu sînt informații (ultima dată verificat la 13.04.2020) | AM9: da | AN9: http://www.railway.md/ | AO9: da | AP9: https://www.asd.md/ | AQ9: da | AR9: https://moldatsa.md/ | AS9: nu | AT9: Nu sînt informații (ultima dată verificat la 13.04.2020) | AU9: da | AV9: http://www.moldelectrica.md/ro/ | AW9: nu | AX9: Nu sînt informații (ultima dată verificat la 13.04.2020) | AY9: nu | AZ9: Nu sînt informații (ultima dată verificat la 13.04.2020) | BA9: da | BB9: http://www.serviciipaza.md/ro | BC9: nu | BD9: Nu sînt informații (ultima dată verificat la 13.04.2020) | BE9: nu | BF9: Nu sînt informații (ultima dată verificat la 13.04.2020) | BG9: nu | BH9: Nu sînt informații (ultima dată verificat la 13.04.2020) | BI9: da | BJ9: https://www.metalferos.md/ | BK9: da | BL9: https://fee-nord.md/ | BM9: da | BN9: http://www.posta.md/ro | BO9: da | BP9: https://www.moldovagaz.md | BQ9: da | BR9: http://www.energocom.md/ | BS9: da | BT9: https://autogara.md/ | BU9: da | BV9: https://moldaeroservice.md/ro/ | BW9: da | BX9: http://garanord.md/ | BY9: da | BZ9: http://www.cria.md/ro/ | CA9: nu | CB9: Nu sînt informații (ultima dată verificat la 13.04.2020) | CC9: nu | CD9: Nu sînt informații (ultima dată verificat la 13.04.2020) | CE9: da | CF9: http://manej.md/index.php?l=ro | CG9: nu | CH9: Nu sînt informații (ultima dată verificat la 13.04.2020) | CI9: da | CJ9: http://www.dpp.md/ | CK9: da | CL9: https://palatulrepublicii.md/ | CM9: nu | CN9: Nu sînt informații (ultima dată verificat la 13.04.2020) | CO9: da | CP9: http://e-cmac.md/ | CQ9: da | CR9: http://www.sanfarmprim.md/index.php?l=ro | CS9: da | CT9: http://editurastiinta.md/despre-noi | CU9: da | CV9: http://moldexpo.md/ | CW9: da | CX9: https://tracom.md/ | CY9: da | CZ9: https://www.milestii-mici.md/ro/ | DA9: nu | DB9: Nu sînt informații (ultima dată verificat la 13.04.2020) | DC9: nu | DD9: Nu sînt informații (ultima dată verificat la 13.04.2020) | DE9: da | DF9: https://www.ingeocad.md/ro/ | DG9: nu | DH9: Nu sînt informații (ultima dată verificat la 13.04.2020) | DI9: da | DJ9: http://www.urbanproiect.md/indexrom.html | DK9: nu | DL9: Nu sînt informații (ultima dată verificat la 13.04.2020) | DM9: nu | DN9: Nu sînt informații (ultima dată verificat la 13.04.2020) | DO9: da | DP9: https://mold-didactica.com.md/ | DQ9: nu | DR9: Nu sînt informații (ultima dată verificat la 13.04.2020) | DS9: nu | DT9: Nu sînt informații (ultima dată verificat la 13.04.2020) | DU9: da | DV9: http://moldova-freezone.md/ro/ | DW9: da | DX9: https://www.radiocom.md/ | DY9: da | DZ9: https://apa-balti.md/?lang=ro | EA9: nu | EB9: Nu sînt informații (ultima dată verificat la 13.04.2020) | EC9: nu | ED9: Nu sînt informații (ultima dată verificat la 13.04.2020) | EE9: da | EF9: http://www.apacanalcahul.md/ | EG9: da | EH9: https://acc.md/ | EI9: da | EJ9: http://exdrupo.md/ | EK9: da | EL9: http://www.dcc.md/ | EM9: nu | EN9: Nu sînt informații (ultima dată verificat la 13.04.2020) | EO9: nu | EP9: Nu sînt informații (ultima dată verificat la 13.04.2020) | EQ9: da | ER9: http://autosalubritate.md/ | ES9: nu | ET9: Nu sînt informații (ultima dată verificat la 13.04.2020) | EU9: da | EV9: http://www.liftservice.md/newsMD.html | EW9: da | EX9: https://www.autourban.md/ | EY9: da | EZ9: https://www.rtec.md/
A10: Q9 | B10: Este publicat Statutul întreprinderii pe web ? | C10: =VLOOKUP(A10,Quest_eng_2018!A:C,3,FALSE) -> Is the enterprise Statute published on the Web page? | D10: Transparency and access to information | E10: tai2 | F10: tai2k | G10: 3 | H10: da | I10: yes | J10: nu | K10: no | L10: partial | M10: partially | N10: N/A | O10: N/A | P10: ___ | Q10: ___ | R10: 3 | S10: 0 | T10: =R10/2 -> 1.5 | U10: N/A | V10: ___ | W10: nu | X10: Pagina web nefuncțională ( 13 aprilie 2020) | Y10: nu | Z10: Nu sînt informații pe web (ultima dată verificat la 13.04.2020) | AA10: da | AB10: https://www.termoelectrica.md/wp-content/uploads/2019/06/Statutul-Termoelectrica.pdf | AC10: da | AD10: http://app.gov.md/sites/default/files/document/attachments/statutul_sa_moldtelecom.pdf | AE10: da | AF10: http://app.gov.md/sites/default/files/document/attachments/is_moldsuinhibrid_statut.pdf | AG10: da | AH10: http://app.gov.md/sites/default/files/document/attachments/is_mecagro_statutul.pdf | AI10: da | AJ10: http://app.gov.md/sites/default/files/document/attachments/is_indalproiect_statut.pdf | AK10: da | AL10: http://app.gov.md/sites/default/files/document/attachments/is_crara_statut.pdf | AM10: da | AN10: http://www.railway.md/?l=ro&h=BG0l8rJIUvBvKZqveZm6Q1PTFpW1M9II | AO10: da | AP10: http://app.gov.md/sites/default/files/document/attachments/statutul_is_administratia_de_stat_a_drumurilor.pdf | AQ10: da | AR10: https://cdn01.moldatsa.md/moldatsaprod/0235cd4d69b91773a7705c9b76c5abf2.pdf | AS10: da | AT10: http://app.gov.md/sites/default/files/document/attachments/statutul_is_sde_criuleni.pdf | AU10: da | AV10: http://www.moldelectrica.md/ro/about/statute | AW10: da | AX10: http://app.gov.md/sites/default/files/document/attachments/statutul_is_centrul_de_elaborari_economice_si_de_productie.pdf | AY10: da | AZ10: http://app.gov.md/sites/default/files/document/attachments/statutul_is_vivaflora.pdf | BA10: da | BB10: http://www.serviciipaza.md/sites/default/files/press-release/statutul_intreprinderii_2017_.pdf | BC10: nu | BD10: Nu sînt informații (ultima dată verificat la 13.04.2020) | BE10: da | BF10: http://app.gov.md/sites/default/files/document/attachments/statutul_is_dumbrava_vest.pdf | BG10: nu | BH10: Nu sînt informații (ultima dată verificat la 13.04.2020) | BI10: da | BJ10: https://www.metalferos.md/upload/userfiles/files/Statut.pdf | BK10: nu | BL10: Nu sînt informații (ultima dată verificat la 13.04.2020) | BM10: da | BN10: http://posta.md/files/Files/Legislatie/Statutul_IS_Posta_Moldovei.pdf | BO10: nu | BP10: Nu sînt informații (ultima dată verificat la 13.04.2020) | BQ10: da | BR10: http://www.energocom.md/about-us/transparenta/159-statutul | BS10: da | BT10: http://app.gov.md/sites/default/files/document/attachments/statutul_is_garile_si_statiile_auto.pdf | BU10: da | BV10: https://moldaeroservice.md/wp-content/uploads/2019/04/Statutul.pdf | BW10: nu | BX10: Nu sînt informații (ultima dată verificat la 13.04.2020) | BY10: nu | BZ10: Nu sînt informații (ultima dată verificat la 13.04.2020) | CA10: nu | CB10: Nu sînt informații (ultima dată verificat la 13.04.2020) | CC10: da | CD10: http://app.gov.md/sites/default/files/document/attachments/is_directia_servicii_pentru_corpul_diplomatic_statut.pdf | CE10: da | CF10: http://manej.md/index.php?pag=news&id=1238&rid=34&l=ro | CG10: da | CH10: http://app.gov.md/sites/default/files/document/attachments/statut_is_combinatul_poligrafic.pdf | CI10: da | CJ10: http://www.dpp.md/upfiles/Statutul%20Intreprinderii%20de%20Stat%20Detasamentul%20de%20Paza%20Paramilitara.PDF | CK10: nu | CL10: Nu sînt informații (ultima dată verificat la 13.04.2020) | CM10: da | CN10: http://app.gov.md/sites/default/files/document/attachments/statutul_is_tipografia_academiei_de_stiinte.pdf | CO10: da | CP10: http://e-cmac.md/wp-content/uploads/2019/06/Statutul-IS-CMAC-2.pdf | CQ10: nu | CR10: Nu sînt informații (ultima dată verificat la 13.04.2020) | CS10: da | CT10: http://editurastiinta.md/statutul-intreprinderii-de-stat-editorial-poligrafice-stiinta-i-s-e-p-stiinta-1 | CU10: nu | CV10: Nu sînt informații (ultima dată verificat la 13.04.2020) | CW10: da | CX10: http://app.gov.md/sites/default/files/document/attachments/statutul_sa_tracom.pdf | CY10: da | CZ10: http://app.gov.md/sites/default/files/document/attachments/statutul_is_combinatul_de_vinuri_milestii_mici.pdf | DA10: da | DB10: http://app.gov.md/sites/default/files/document/attachments/is_sga_nistru_centru.pdf | DC10: da | DD10: http://app.gov.md/sites/default/files/document/attachments/is_portul_fluvial_ungheni_statut.pdf | DE10: da | DF10: https://www.ingeocad.md/images/zagruzki/Statut.PDF | DG10: nu | DH10: Nu sînt informații (ultima dată verificat la 13.04.2020) | DI10: da | DJ10: http://app.gov.md/sites/default/files/document/attachments/is_urbanproiect_statut.pdf | DK10: da | DL10: http://app.gov.md/sites/default/files/document/attachments/is_ruralproiect_statut.pdf | DM10: nu | DN10: Nu sînt informații (ultima dată verificat la 13.04.2020) | DO10: nu | DP10: Nu sînt informații (ultima dată verificat la 13.04.2020) | DQ10: da | DR10: http://app.gov.md/sites/default/files/document/attachments/is_directia_pentu_exploatarea_imobilului_statutul.pdf | DS10: partial | DT10: Informații neactualizate http://app.gov.md/sites/default/files/document/attachments/is_cartus_statut.pdf | DU10: nu | DV10: Nu sînt informații (ultima dată verificat la 13.04.2020) | DW10: da | DX10: http://app.gov.md/sites/default/files/document/attachments/is_radiocomunicatii_statut.pdf | DY10: da | DZ10: http://balti.md/wp-content/uploads/2017/12/2.-Statutul-ntreprinderii.pdf | EA10: da | EB10: http://www.straseni.md/wp-content/uploads/2019/12/STATUTUL-M-Ap-Canal-22.pdf | EC10: nu | ED10: Nu sînt informații (ultima dată verificat la 13.04.2020) | EE10: da | EF10: http://www.apacanalcahul.md/storage/2017/07/03/1499064867_18131500.pdf | EG10: nu | EH10: Nu sînt informații (ultima dată verificat la 13.04.2020) | EI10: nu | EJ10: Nu sînt informații (ultima dată verificat la 13.04.2020) | EK10: nu | EL10: Nu sînt informații (ultima dată verificat la 13.04.2020) | EM10: nu | EN10: Nu sînt informații (ultima dată verificat la 13.04.2020) | EO10: nu | EP10: Nu sînt informații (ultima dată verificat la 13.04.2020) | EQ10: nu | ER10: Nu sînt informații (ultima dată verificat la 13.04.2020) | ES10: nu | ET10: Nu sînt informații (ultima dată verificat la 13.04.2020) | EU10: da | EV10: http://www.liftservice.md/docs/StatutLIFTSERVICE.pdf | EW10: nu | EX10: Nu sînt informații (ultima dată verificat la 13.04.2020) | EY10: nu | EZ10: Nu sînt informații (ultima dată verificat la 13.04.2020)
A11: Q10 | B11: Sînt disponibile pe web date de contact ale administratorului și persoanelor responsabile, care permite publicului să solicite informații / adresesze cereri întreprinderii ? | C11: =VLOOKUP(A11,Quest_eng_2018!A:C,3,FALSE) -> Is there any contact information of enterprise Administrator/Manager and its responsible people available on the Web page enabling the public to require information/send requests to the enterprise? | D11: Transparency and access to information | E11: tai3 | F11: tai3k | G11: 2 | H11: da | I11: yes | J11: nu | K11: no | L11: partial | M11: partially | N11: N/A | O11: N/A | P11: ___ | Q11: ___ | R11: 2 | S11: 0 | T11: =R11/2 -> 1 | U11: N/A | V11: ___ | W11: nu | X11: Pagina web nefuncțională ( 13 aprilie 2020) | Y11: da | Z11: http://www.franzeluta.info/contacte.html | AA11: da | AB11: https://www.termoelectrica.md/ro_RO/contacte/ | AC11: da | AD11: https://moldtelecom.md/ro/personal/contacte | AE11: partial | AF11: http://moldsuinhibrid.moldagro.md/contacts | AG11: partial | AH11: http://www.mecagro.md/ro/contacte | AI11: nu | AJ11: Nu sînt informații (ultima dată verificat la 13.04.2020) | AK11: nu | AL11: Nu sînt informații (ultima dată verificat la 13.04.2020) | AM11: da | AN11: http://www.railway.md/?l=ro&h=BG0l8rJIUvBGuamrozkTJ4VMdJJLvjkVKXLeU8vphzGRPlxKODicEfDS%D1%83eCKrC0ObAIX8RSP70PMA116kk2tXA== | AO11: da | AP11: https://www.asd.md/page/Contacte-ASD | AQ11: da | AR11: https://moldatsa.md/about/management https://moldatsa.md/contacts | AS11: nu | AT11: Nu sînt informații (ultima dată verificat la 13.04.2020) | AU11: da | AV11: http://www.moldelectrica.md/ro/about/management http://www.moldelectrica.md/ro/about/contacts | AW11: nu | AX11: Nu sînt informații (ultima dată verificat la 13.04.2020) | AY11: nu | AZ11: Nu sînt informații (ultima dată verificat la 13.04.2020) | BA11: partial | BB11: http://serviciipaza.md/ro/content/contacte | BC11: nu | BD11: Nu sînt informații (ultima dată verificat la 13.04.2020) | BE11: nu | BF11: Nu sînt informații (ultima dată verificat la 13.04.2020) | BG11: da | BH11: https://www.asd.md/page/sadrum-contact | BI11: partial | BJ11: https://www.metalferos.md/contacte/ | BK11: da | BL11: https://fee-nord.md/contacte/ | BM11: partial | BN11: http://www.posta.md/ro/contacte | BO11: partial | BP11: https://www.moldovagaz.md/rom/contacte | BQ11: partial | BR11: http://www.energocom.md/contacts | BS11: partial | BT11: https://autogara.md/contacte/ | BU11: da | BV11: https://moldaeroservice.md/ro/contacts/ | BW11: partial | BX11: http://garanord.md/contacte.cfm | BY11: partial | BZ11: http://www.cria.md/ro/ | CA11: da | CB11: https://www.asd.md/page/sadrum-contact | CC11: nu | CD11: Nu sînt informații (ultima dată verificat la 13.04.2020) | CE11: partial | CF11: http://manej.md/index.php?pag=feedback&id=1205&l=ro | CG11: nu | CH11: Nu sînt informații (ultima dată verificat la 13.04.2020) | CI11: da | CJ11: http://www.dpp.md/ro/conducerea.html http://www.dpp.md/ro/contacte.html | CK11: partial | CL11: https://palatulrepublicii.md/index.php/adresa | CM11: nu | CN11: Nu sînt informații (ultima dată verificat la 13.04.2020) | CO11: da | CP11: https://e-cmac.md/conducerea/ | CQ11: da | CR11: http://www.sanfarmprim.md/index.php?pag=page&id=205&l=ro | CS11: da | CT11: http://editurastiinta.md/despre-noi http://editurastiinta.md/contacte | CU11: da | CV11: http://moldexpo.md/contacte/ | CW11: da | CX11: https://tracom.md/contacts/ | CY11: partial | CZ11: https://www.milestii-mici.md/ro/contact-3.html | DA11: partial | DB11: http://www.apelemoldovei.gov.md/pageview.php?l=ro&idc=160 | DC11: nu | DD11: Nu sînt informații (ultima dată verificat la 13.04.2020) | DE11: da | DF11: https://www.ingeocad.md/ro/contacte | DG11: nu | DH11: Nu sînt informații (ultima dată verificat la 13.04.2020) | DI11: partial | DJ11: http://www.urbanproiect.md/contacte.html | DK11: nu | DL11: Nu sînt informații (ultima dată verificat la 13.04.2020) | DM11: nu | DN11: Nu sînt informații (ultima dată verificat la 13.04.2020) | DO11: partial | DP11: https://mold-didactica.com.md/contacte/ | DQ11: nu | DR11: Nu sînt informații (ultima dată verificat la 13.04.2020) | DS11: da | DT11: https://cartus.md/about | DU11: da | DV11: http://moldova-freezone.md/ro/contacts.html http://moldova-freezone.md/ro/echipa-relatii-cu-rezidentii.html | DW11: da | DX11: https://www.radiocom.md/subdiviziuni-1-40 https://www.radiocom.md/anticamera-1-52 | DY11: da | DZ11: https://apa-balti.md/?page_id=49&lang=ro | EA11: da | EB11: http://www.straseni.md/apa-canal/apa-canal-contacte/ http://amac.md/interactivnaia%20carta/Membrii_harta_inter/Straseni_ro.html | EC11: da | ED11: http://amac.md/interactivnaia%20carta/Membrii_harta_inter/Soroca_ro.html http://www.primsoroca.md/ro/institutii-publice-si-intreprinderi-municipale | EE11: da | EF11: http://amac.md/interactivnaia%20carta/Membrii_harta_inter/Cahul_ro.html http://www.apacanalcahul.md/ro/Contact/ | EG11: da | EH11: http://amac.md/interactivnaia%20carta/Membrii_harta_inter/Chisinau_ro.html | EI11: da | EJ11: http://exdrupo.md/contacte/ | EK11: da | EL11: https://www.chisinau.md/pageview.php?l=ro&idc=451&t=/Primaria/Intreprinderi-municipale/Directia-constructii-capitale http://dcc.md/functii | EM11: da | EN11: https://www.chisinau.md/pageview.php?l=ro&idc=471&t=/Primaria/Intreprinderi-municipale/Intreprinderea-Municipala-Lumteh | EO11: da | EP11: https://www.chisinau.md/pageview.php?l=ro&idc=472&t=/Primaria/Intreprinderi-municipale/Intreprinderea-Municipala-Piata-Centrala | EQ11: da | ER11: http://autosalubritate.md/conducerea/ http://autosalubritate.md/informatie-de-contact/ | ES11: partial | ET11: https://www.chisinau.md/pageview.php?l=ro&idc=475&t=/Primaria/Intreprinderi-municipale/Intreprinderea-Municipala-Asociatia-de-gospodarire-a-spatiilor-verzi | EU11: da | EV11: http://www.liftservice.md/contactsMD.html | EW11: da | EX11: https://www.chisinau.md/pageview.php?l=ro&idc=477&t=/Primaria/Intreprinderi-municipale/Intreprinderea-Municipala-Parcul-urban-de-autobuze https://www.autourban.md/index.php?page=contacte | EY11: da | EZ11: https://www.chisinau.md/pageview.php?l=ro&idc=478&t=/Primaria/Intreprinderi-municipale/Intreprinderea-Municipala-Regia-transport-electric https://www.rtec.md/contacte.html
A12: Q11 | B12: Sînt publicate pe pagina web informații privind fondatorii / proprietarii / acționarii întreprinderii și procentul acțiunilor / părților sociale pe care le dețin ? | C12: =VLOOKUP(A12,Quest_eng_2018!A:C,3,FALSE) -> Is there any information on enterprise founders/owners/shareholders and on their shares/ social parts held published on the Web page? | D12: Transparency and access to information | E12: tai4 | F12: tai4k | G12: 3 | H12: da | I12: yes | J12: nu | K12: no | L12: partial | M12: partially | N12: N/A | O12: N/A | P12: ___ | Q12: ___ | R12: 3 | S12: 0 | T12: =R12/2 -> 1.5 | U12: N/A | V12: ___ | W12: nu | X12: Pagina web nefuncțională ( 13 aprilie 2020) | Y12: da | Z12: http://www.franzeluta.info/files/raportul-financiar-anul-2019-1.pdf | AA12: da | AB12: https://www.termoelectrica.md/wp-content/uploads/2016/04/doc01498620190823134712-1.pdf | AC12: da | AD12: https://moldtelecom.md/ro/personal/Rapoarte | AE12: da | AF12: http://app.gov.md/sites/default/files/document/attachments/is_moldsuinhibrid_statut.pdf | AG12: da | AH12: http://app.gov.md/sites/default/files/document/attachments/is_mecagro_statutul.pdf | AI12: da | AJ12: http://app.gov.md/sites/default/files/document/attachments/is_indalproiect_statut.pdf | AK12: da | AL12: http://app.gov.md/sites/default/files/document/attachments/is_crara_statut.pdf | AM12: da | AN12: http://www.railway.md/?l=ro&h=BG0l8rJIUvBvKZqveZm6Q1PTFpW1M9II | AO12: da | AP12: http://app.gov.md/sites/default/files/document/attachments/statutul_is_administratia_de_stat_a_drumurilor.pdf https://www.asd.md/page/rapoarte | AQ12: da | AR12: https://cdn01.moldatsa.md/moldatsaprod/0235cd4d69b91773a7705c9b76c5abf2.pdf | AS12: da | AT12: http://app.gov.md/sites/default/files/document/attachments/statutul_is_sde_criuleni.pdf | AU12: da | AV12: http://www.moldelectrica.md/ro/about/statute | AW12: da | AX12: http://app.gov.md/sites/default/files/document/attachments/statutul_is_centrul_de_elaborari_economice_si_de_productie.pdf | AY12: da | AZ12: http://app.gov.md/sites/default/files/document/attachments/statutul_is_vivaflora.pdf | BA12: da | BB12: http://www.serviciipaza.md/sites/default/files/press-release/statutul_intreprinderii_2017_.pdf | BC12: nu | BD12: Nu sînt informații (ultima dată verificat la 13.04.2020) | BE12: da | BF12: http://app.gov.md/sites/default/files/document/attachments/statutul_is_dumbrava_vest.pdf | BG12: nu | BH12: Nu sînt informații (ultima dată verificat la 13.04.2020) | BI12: da | BJ12: https://www.metalferos.md/despre-noi/ | BK12: nu | BL12: Nu sînt informații (ultima dată verificat la 13.04.2020) | BM12: da | BN12: http://posta.md/files/Files/Legislatie/Statutul_IS_Posta_Moldovei.pdf | BO12: nu | BP12: Nu sînt informații (ultima dată verificat la 13.04.2020) | BQ12: da | BR12: http://app.gov.md/sites/default/files/document/attachments/2018_-_sa_energocom.pdf | BS12: da | BT12: https://autogara.md/despre-noi/ | BU12: da | BV12: https://moldaeroservice.md/wp-content/uploads/2019/04/Statutul.pdf | BW12: nu | BX12: Nu sînt informații (ultima dată verificat la 13.04.2020) | BY12: da | BZ12: http://app.gov.md/sites/default/files/document/attachments/situatii_financiare_2018_is_combinatul_republican_de_instruire_auto.pdf | CA12: nu | CB12: Nu sînt informații (ultima dată verificat la 13.04.2020) | CC12: da | CD12: http://app.gov.md/sites/default/files/document/attachments/is_directia_servicii_pentru_corpul_diplomatic_statut.pdf | CE12: da | CF12: http://manej.md/index.php?pag=news&id=1238&rid=34&l=ro | CG12: nu | CH12: Nu sînt informații (ultima dată verificat la 13.04.2020) | CI12: da | CJ12: http://www.dpp.md/upfiles/Statutul%20Intreprinderii%20de%20Stat%20Detasamentul%20de%20Paza%20Paramilitara.PDF | CK12: da | CL12: https://palatulrepublicii.md/index.php/about | CM12: da | CN12: http://app.gov.md/sites/default/files/document/attachments/statutul_is_tipografia_academiei_de_stiinte.pdf | CO12: da | CP12: http://e-cmac.md/wp-content/uploads/2019/06/Statutul-IS-CMAC-2.pdf | CQ12: nu | CR12: Nu sînt informații (ultima dată verificat la 13.04.2020) | CS12: da | CT12: http://editurastiinta.md/statutul-intreprinderii-de-stat-editorial-poligrafice-stiinta-i-s-e-p-stiinta-1 | CU12: nu | CV12: Nu sînt informații (ultima dată verificat la 13.04.2020) | CW12: da | CX12: http://app.gov.md/sites/default/files/document/attachments/statutul_sa_tracom.pdf https://tracom.md/infocenters/reports/ | CY12: da | CZ12: http://app.gov.md/sites/default/files/document/attachments/statutul_is_combinatul_de_vinuri_milestii_mici.pdf | DA12: da | DB12: http://app.gov.md/sites/default/files/document/attachments/is_sga_nistru_centru.pdf http://app.gov.md/sites/default/files/document/attachments/situatii_financiare_2018_is_nistru_centru.pdf | DC12: da | DD12: http://app.gov.md/sites/default/files/document/attachments/is_portul_fluvial_ungheni_statut.pdf http://app.gov.md/sites/default/files/document/attachments/situatii_financiare_2018_is_portul_fluvial_ungheni_0.pdf | DE12: da | DF12: https://www.ingeocad.md/images/zagruzki/Statut.PDF https://www.ingeocad.md/images/situatii_financiare_2018.pdf | DG12: nu | DH12: Nu sînt informații (ultima dată verificat la 13.04.2020) | DI12: da | DJ12: http://app.gov.md/sites/default/files/document/attachments/is_urbanproiect_statut.pdf http://app.gov.md/sites/default/files/document/attachments/situatii_financiare_2018_is_institutul_de_proiectare_pentru_organizarea_teritoriului.pdf | DK12: da | DL12: http://app.gov.md/sites/default/files/document/attachments/is_ruralproiect_statut.pdf http://app.gov.md/sites/default/files/document/attachments/situatii_financiare_2018_is_ruralproiect.pdf | DM12: nu | DN12: Nu sînt informații (ultima dată verificat la 13.04.2020) | DO12: da | DP12: https://mold-didactica.com.md/despre-noi/ | DQ12: da | DR12: http://app.gov.md/sites/default/files/document/attachments/is_directia_pentu_exploatarea_imobilului_statutul.pdf http://app.gov.md/sites/default/files/document/attachments/situatii_financiare_2018_is_directia_pentru_exploatarea_imobilului.pdf | DS12: partial | DT12: Informații neactualizate http://app.gov.md/sites/default/files/document/attachments/is_cartus_statut.pdf | DU12: nu | DV12: Nu sînt informații (ultima dată verificat la 13.04.2020) | DW12: da | DX12: https://www.radiocom.md/storage/upload/reports/16/7832d83a166dab3f11c662f5e4131523.pdf http://app.gov.md/sites/default/files/document/attachments/is_radiocomunicatii_statut.pdf | DY12: da | DZ12: http://balti.md/servicii-publice/intreprinderi-municipale/lista-im/ http://balti.md/wp-content/uploads/2017/12/2.-Statutul-ntreprinderii.pdf | EA12: da | EB12: http://www.straseni.md/wp-content/uploads/2019/12/dec.-nr.-12.3-din-06-.12.2019-aprobarea-Statutului-M-Ap-Canal.pdf http://www.straseni.md/wp-content/uploads/2019/12/STATUTUL-M-Ap-Canal-22.pdf | EC12: nu | ED12: Nu sînt informații (ultima dată verificat la 13.04.2020) | EE12: da | EF12: http://www.apacanalcahul.md/ro/AboutUs/CertificationLicensing/ | EG12: nu | EH12: Nu sînt informații (ultima dată verificat la 13.04.2020) | EI12: da | EJ12: http://exdrupo.md/exdrupo/ https://www.chisinau.md/pageview.php?l=ro&idc=470&t=/Primaria/Intreprinderi-municipale/Intreprinderea-Municipala-EXDRUPO | EK12: da | EL12: http://dcc.md/desprenoi/regulament https://www.chisinau.md/category.php?l=ro&idc=469&t=/Intreprinderi-municipale/ | EM12: da | EN12: https://www.chisinau.md/category.php?l=ro&idc=469&t=/Intreprinderi-municipale/ | EO12: da | EP12: https://www.chisinau.md/category.php?l=ro&idc=469&t=/Intreprinderi-municipale/ | EQ12: da | ER12: https://www.chisinau.md/pageview.php?l=ro&idc=473&t=/Primaria/Intreprinderi-municipale/Intreprinderea-Municipala-Regia-Autosalubritate | ES12: da | ET12: https://www.chisinau.md/category.php?l=ro&idc=469&t=/Intreprinderi-municipale/ | EU12: da | EV12: http://www.liftservice.md/historyMD.html https://www.chisinau.md/pageview.php?l=ro&idc=476&t=/Primaria/Intreprinderi-municipale/Intreprinderea-Municipala-Specializata-LIFTSERVICE | EW12: da | EX12: https://www.chisinau.md/category.php?l=ro&idc=469&t=/Intreprinderi-municipale/ | EY12: da | EZ12: https://www.chisinau.md/category.php?l=ro&idc=469&t=/Intreprinderi-municipale/
A13: Q12 | B13: Sînt publicate pe web rezultatele ședințelor Consiliului de Administrație / Adunării Generale (hotărîri, procese-verbale) în 2019 ? | C13: =VLOOKUP(A13,Quest_eng_2018!A:C,3,FALSE) -> Are the outcomes of Management Board / General Assembly meetings (decisions, protocols) held in 2019 published on the Web page? | D13: Transparency and access to information | E13: tai5 | F13: tai5k | G13: 4 | H13: da | I13: yes | J13: nu | K13: no | L13: partial | M13: partially | N13: N/A | O13: N/A | P13: ___ | Q13: ___ | R13: 4 | S13: 0 | T13: =R13/2 -> 2 | U13: N/A | V13: ___ | W13: nu | X13: Pagina web nefuncțională ( 13 aprilie 2020) | Y13: nu | Z13: Nu sînt informații pe web (ultima dată verificat la 13.04.2020) | AA13: partial | AB13: https://www.termoelectrica.md/ro_RO/despre/transparenta/ | AC13: partial | AD13: https://moldtelecom.md/ro/personal/Rapoarte | AE13: nu | AF13: Nu sînt informații pe web (ultima dată verificat la 13.04.2020) | AG13: nu | AH13: Nu sînt informații pe web (ultima dată verificat la 13.04.2020) | AI13: nu | AJ13: Nu sînt informații (ultima dată verificat la 13.04.2020) | AK13: nu | AL13: Nu sînt informații (ultima dată verificat la 13.04.2020) | AM13: nu | AN13: Nu sînt informații (ultima dată verificat la 13.04.2020) | AO13: nu | AP13: Nu sînt informații (ultima dată verificat la 13.04.2020) | AQ13: nu | AR13: Nu sînt informații (ultima dată verificat la 13.04.2020) | AS13: nu | AT13: Nu sînt informații (ultima dată verificat la 13.04.2020) | AU13: nu | AV13: Nu sînt informații (ultima dată verificat la 13.04.2020) | AW13: nu | AX13: Nu sînt informații (ultima dată verificat la 13.04.2020) | AY13: nu | AZ13: Nu sînt informații (ultima dată verificat la 13.04.2020) | BA13: nu | BB13: Nu sînt informații (ultima dată verificat la 13.04.2020) | BC13: nu | BE13: nu | BF13: Nu sînt informații (ultima dată verificat la 13.04.2020) | BG13: nu | BH13: Nu sînt informații (ultima dată verificat la 13.04.2020) | BI13: partial | BJ13: https://www.metalferos.md/rezultatele-adunarii-actionarilor/new/ https://www.metalferos.md/rezultatele-adunarii-actionarilor/ | BK13: nu | BL13: Nu sînt informații (ultima dată verificat la 13.04.2020) | BM13: nu | BN13: Nu sînt informații (ultima dată verificat la 13.04.2020) | BO13: nu | BP13: Nu sînt informații (ultima dată verificat la 13.04.2020) | BQ13: partial | BR13: http://www.energocom.md/about-us/transparenta | BS13: nu | BT13: Nu sînt informații (ultima dată verificat la 13.04.2020) | BU13: nu | BV13: Nu sînt informații (ultima dată verificat la 13.04.2020) | BW13: nu | BX13: Nu sînt informații (ultima dată verificat la 13.04.2020) | BY13: nu | BZ13: Nu sînt informații (ultima dată verificat la 13.04.2020) | CA13: nu | CB13: Nu sînt informații (ultima dată verificat la 13.04.2020) | CC13: nu | CD13: Nu sînt informații (ultima dată verificat la 13.04.2020) | CE13: nu | CF13: Nu sînt informații (ultima dată verificat la 13.04.2020) | CG13: nu | CH13: Nu sînt informații (ultima dată verificat la 13.04.2020) | CI13: nu | CJ13: Nu sînt informații (ultima dată verificat la 13.04.2020) | CK13: nu | CL13: Nu sînt informații (ultima dată verificat la 13.04.2020) | CM13: nu | CN13: Nu sînt informații (ultima dată verificat la 13.04.2020) | CO13: nu | CP13: Nu sînt informații (ultima dată verificat la 13.04.2020) | CQ13: nu | CR13: Nu sînt informații (ultima dată verificat la 13.04.2020) | CS13: nu | CT13: Nu sînt informații (ultima dată verificat la 13.04.2020) | CU13: nu | CV13: Nu sînt informații (ultima dată verificat la 13.04.2020) | CW13: partial | CX13: https://tracom.md/infocenters/notice/ | CY13: nu | CZ13: Nu sînt informații (ultima dată verificat la 13.04.2020) | DA13: nu | DB13: Nu sînt informații (ultima dată verificat la 13.04.2020) | DC13: nu | DD13: Nu sînt informații (ultima dată verificat la 13.04.2020) | DE13: nu | DF13: Nu sînt informații (ultima dată verificat la 13.04.2020) | DG13: nu | DH13: Nu sînt informații (ultima dată verificat la 13.04.2020) | DI13: nu | DJ13: Nu sînt informații (ultima dată verificat la 13.04.2020) | DK13: nu | DL13: Nu sînt informații (ultima dată verificat la 13.04.2020) | DM13: nu | DN13: Nu sînt informații (ultima dată verificat la 13.04.2020) | DO13: nu | DP13: Nu sînt informații (ultima dată verificat la 13.04.2020) | DQ13: nu | DR13: Nu sînt informații (ultima dată verificat la 13.04.2020) | DS13: nu | DT13: Nu sînt informații (ultima dată verificat la 13.04.2020) | DU13: nu | DV13: Nu sînt informații (ultima dată verificat la 13.04.2020) | DW13: nu | DX13: Nu sînt informații (ultima dată verificat la 13.04.2020) | DY13: nu | DZ13: Nu sînt informații (ultima dată verificat la 13.04.2020) | EA13: nu | EB13: Nu sînt informații (ultima dată verificat la 13.04.2020) | EC13: nu | ED13: Nu sînt informații (ultima dată verificat la 13.04.2020) | EE13: nu | EF13: Nu sînt informații (ultima dată verificat la 13.04.2020) | EG13: nu | EH13: Nu sînt informații (ultima dată verificat la 13.04.2020) | EI13: nu | EJ13: Nu sînt informații (ultima dată verificat la 13.04.2020) | EK13: nu | EL13: Nu sînt informații (ultima dată verificat la 13.04.2020) | EM13: nu | EN13: Nu sînt informații (ultima dată verificat la 13.04.2020) | EO13: nu | EP13: Nu sînt informații (ultima dată verificat la 13.04.2020) | EQ13: nu | ER13: Nu sînt informații (ultima dată verificat la 13.04.2020) | ES13: nu | ET13: Nu sînt informații (ultima dată verificat la 13.04.2020) | EU13: nu | EV13: Nu sînt informații (ultima dată verificat la 13.04.2020) | EW13: nu | EX13: Nu sînt informații (ultima dată verificat la 13.04.2020) | EY13: nu | EZ13: Nu sînt informații (ultima dată verificat la 13.04.2020)
A14: Q13 | B14: Sînt publicate pe web informații despre costurile călătoriilor de afaceri ale administratorului întreprinderii în 2017 ? | C14: =VLOOKUP(A14,Quest_eng_2018!A:C,3,FALSE) -> Is there any information on business trip costs incurred by the enterprise Administrator/Manager in 2017? | D14: Transparency and access to information | E14: tai6 | F14: tai6k | G14: 0 | H14: da | I14: yes | J14: nu | K14: no | L14: partial | M14: partially | N14: N/A | O14: N/A | P14: ___ | Q14: ___ | R14: 0 | S14: 0 | T14: =R14/2 -> 0 | U14: N/A | V14: ___
A15: Q14 | B15: Este posibilă căutarea și copierea unui text în raportul anual al întreprinderii din 2019 publicat pe web ? | C15: =VLOOKUP(A15,Quest_eng_2018!A:C,3,FALSE) -> Is it possible to search and copy a text in the company's 2019 annual report published on the web? | D15: Transparency and access to information | E15: tai7 | F15: tai7k | G15: 1 | H15: da | I15: yes | J15: nu | K15: no | L15: partial | M15: partially | N15: N/A | O15: N/A | P15: ___ | Q15: ___ | R15: 1 | S15: 0 | T15: =R15/2 -> 0.5 | U15: N/A | V15: ___ | W15: nu | X15: Pagina web nefuncțională ( 13 aprilie 2020) | Y15: nu | Z15: Nu sînt informații pe web (ultima dată verificat la 13.04.2020) | AA15: nu | AB15: Nu sînt informații pe web (ultima dată verificat la 13.04.2020) | AC15: nu | AD15: Nu sînt informații pe web (ultima dată verificat la 13.04.2020) | AE15: nu | AF15: Nu sînt informații pe web (ultima dată verificat la 13.04.2020) | AG15: nu | AH15: Nu sînt informații pe web (ultima dată verificat la 13.04.2020) | AI15: nu | AJ15: Nu sînt informații (ultima dată verificat la 13.04.2020) | AK15: nu | AL15: Nu sînt informații (ultima dată verificat la 13.04.2020) | AM15: nu | AN15: Nu sînt informații (ultima dată verificat la 13.04.2020) | AO15: nu | AP15: Nu sînt informații (ultima dată verificat la 13.04.2020) | AQ15: nu | AR15: Nu sînt informații (ultima dată verificat la 13.04.2020) | AS15: nu | AT15: Nu sînt informații (ultima dată verificat la 13.04.2020) | AU15: nu | AV15: Nu sînt informații (ultima dată verificat la 13.04.2020) | AW15: nu | AX15: Nu sînt informații (ultima dată verificat la 13.04.2020) | AY15: nu | AZ15: Nu sînt informații (ultima dată verificat la 13.04.2020) | BA15: nu | BB15: Nu sînt informații (ultima dată verificat la 13.04.2020) | BC15: nu | BD15: Nu sînt informații (ultima dată verificat la 13.04.2020) | BE15: nu | BF15: Nu sînt informații (ultima dată verificat la 13.04.2020) | BG15: nu | BH15: Nu sînt informații (ultima dată verificat la 13.04.2020) | BI15: nu | BJ15: Nu sînt informații (ultima dată verificat la 13.04.2020) | BK15: nu | BL15: Nu sînt informații (ultima dată verificat la 13.04.2020) | BM15: nu | BN15: Nu sînt informații (ultima dată verificat la 13.04.2020) | BO15: nu | BP15: Nu sînt informații (ultima dată verificat la 13.04.2020) | BQ15: nu | BR15: Nu sînt informații (ultima dată verificat la 13.04.2020) | BS15: nu | BT15: Nu sînt informații (ultima dată verificat la 13.04.2020) | BU15: nu | BV15: Nu sînt informații (ultima dată verificat la 13.04.2020) | BW15: nu | BX15: Nu sînt informații (ultima dată verificat la 13.04.2020) | BY15: nu | BZ15: Nu sînt informații (ultima dată verificat la 13.04.2020) | CA15: nu | CB15: Nu sînt informații (ultima dată verificat la 13.04.2020) | CC15: nu | CD15: Nu sînt informații (ultima dată verificat la 13.04.2020) | CE15: nu | CF15: Nu sînt informații (ultima dată verificat la 13.04.2020) | CG15: nu | CH15: Nu sînt informații (ultima dată verificat la 13.04.2020) | CI15: nu | CJ15: Nu sînt informații (ultima dată verificat la 13.04.2020) | CK15: nu | CL15: Nu sînt informații (ultima dată verificat la 13.04.2020) | CM15: nu | CN15: Nu sînt informații (ultima dată verificat la 13.04.2020) | CO15: nu | CP15: Nu sînt informații (ultima dată verificat la 13.04.2020) | CQ15: nu | CR15: Nu sînt informații (ultima dată verificat la 13.04.2020) | CS15: nu | CT15: Nu sînt informații (ultima dată verificat la 13.04.2020) | CU15: nu | CV15: Nu sînt informații (ultima dată verificat la 13.04.2020) | CW15: nu | CX15: Nu sînt informații (ultima dată verificat la 13.04.2020) | CY15: nu | CZ15: Nu sînt informații (ultima dată verificat la 13.04.2020) | DA15: nu | DB15: Nu sînt informații (ultima dată verificat la 13.04.2020) | DC15: nu | DD15: Nu sînt informații (ultima dată verificat la 13.04.2020) | DE15: nu | DF15: Nu sînt informații (ultima dată verificat la 13.04.2020) | DG15: nu | DH15: Nu sînt informații (ultima dată verificat la 13.04.2020) | DI15: nu | DJ15: Nu sînt informații (ultima dată verificat la 13.04.2020) | DK15: nu | DL15: Nu sînt informații (ultima dată verificat la 13.04.2020) | DM15: nu | DN15: Nu sînt informații (ultima dată verificat la 13.04.2020) | DO15: nu | DP15: Nu sînt informații (ultima dată verificat la 13.04.2020) | DQ15: nu | DR15: Nu sînt informații (ultima dată verificat la 13.04.2020) | DS15: nu | DT15: Nu sînt informații (ultima dată verificat la 13.04.2020) | DU15: nu | DV15: Nu sînt informații (ultima dată verificat la 13.04.2020) | DW15: nu | DX15: Nu sînt informații (ultima dată verificat la 13.04.2020) | DY15: nu | DZ15: Nu sînt informații (ultima dată verificat la 13.04.2020) | EA15: nu | EB15: Nu sînt informații (ultima dată verificat la 13.04.2020) | EC15: nu | ED15: Nu sînt informații (ultima dată verificat la 13.04.2020) | EE15: nu | EF15: Nu sînt informații (ultima dată verificat la 13.04.2020) | EG15: nu | EH15: Nu sînt informații (ultima dată verificat la 13.04.2020) | EI15: nu | EJ15: Nu sînt informații (ultima dată verificat la 13.04.2020) | EK15: nu | EL15: Nu sînt informații (ultima dată verificat la 13.04.2020) | EM15: nu | EN15: Nu sînt informații (ultima dată verificat la 13.04.2020) | EO15: nu | EP15: Nu sînt informații (ultima dată verificat la 13.04.2020) | EQ15: nu | ER15: Nu sînt informații (ultima dată verificat la 13.04.2020) | ES15: nu | ET15: Nu sînt informații (ultima dată verificat la 13.04.2020) | EU15: nu | EV15: Nu sînt informații (ultima dată verificat la 13.04.2020) | EW15: nu | EX15: Nu sînt informații (ultima dată verificat la 13.04.2020) | EY15: nu | EZ15: Nu sînt informații (ultima dată verificat la 13.04.2020)
A16: Q15 | B16: Întreprinderea a răspuns la cererea persoanei fizice de solicitare a informațiilor în conformitate cu cerințele și termenii legali ? | C16: =VLOOKUP(A16,Quest_eng_2018!A:C,3,FALSE) -> Has the enterprise responded to the request of information lodged in compliance with the legal terms and conditions? | D16: Transparency and access to information | E16: tai8 | F16: tai8k | G16: 4 | H16: da | I16: yes | J16: nu | K16: no | L16: partial / peste termen | M16: partially / beyond the deadline | N16: N/A | O16: N/A | P16: partial | Q16: partially | R16: 4 | S16: 0 | T16: =R16/2 -> 2 | U16: N/A | V16: =T16 -> 2 | W16: nu | X16: Nu a furnizat informația solicitată | Y16: nu | Z16: Nu a furnizat informația solicitată | AA16: nu | AB16: Nu a furnizat informația solicitată | AC16: nu | AD16: Nu a furnizat informația solicitată | AE16: nu | AF16: Nu a furnizat informația solicitată | AG16: nu | AH16: Nu a furnizat informația solicitată | AI16: nu | AJ16: Nu a furnizat informația solicitată | AK16: nu | AL16: Nu a furnizat informația solicitată | AM16: nu | AN16: Nu a furnizat informația solicitată | AO16: nu | AP16: Nu a furnizat informația solicitată | AQ16: da | AR16: Răspuns oferit potrivit cerințelor și termenilor legali | AS16: nu | AT16: Nu a furnizat informația solicitată | AU16: nu | AV16: Nu a furnizat informația solicitată | AW16: nu | AX16: Nu a furnizat informația solicitată | AY16: nu | AZ16: Nu a furnizat informația solicitată | BA16: nu | BB16: Nu a furnizat informația solicitată | BC16: nu | BD16: Nu a furnizat informația solicitată | BE16: nu | BF16: Nu a furnizat informația solicitată | BG16: nu | BH16: Nu a furnizat informația solicitată | BI16: nu | BJ16: Nu a furnizat informația solicitată | BK16: nu | BL16: Nu a furnizat informația solicitată | BM16: nu | BN16: Nu a furnizat informația solicitată | BO16: nu | BP16: Nu a furnizat informația solicitată | BQ16: nu | BR16: Nu a furnizat informația solicitată | BS16: nu | BT16: Nu a furnizat informația solicitată | BU16: nu | BV16: Nu a furnizat informația solicitată | BW16: nu | BX16: Nu a furnizat informația solicitată | BY16: nu | BZ16: Nu a furnizat informația solicitată | CA16: nu | CB16: Nu a furnizat informația solicitată | CC16: nu | CD16: Nu a furnizat informația solicitată | CE16: nu | CF16: Nu a furnizat informația solicitată | CG16: nu | CH16: Nu a furnizat informația solicitată | CI16: nu | CJ16: Nu a furnizat informația solicitată | CK16: nu | CL16: Nu a furnizat informația solicitată | CM16: nu | CN16: Nu a furnizat informația solicitată | CO16: nu | CP16: Nu a furnizat informația solicitată | CQ16: nu | CR16: Nu a furnizat informația solicitată | CS16: nu | CT16: Nu a furnizat informația solicitată | CU16: nu | CV16: Nu a furnizat informația solicitată | CW16: nu | CX16: Nu a furnizat informația solicitată | CY16: nu | CZ16: Nu a furnizat informația solicitată | DA16: nu | DB16: Nu a furnizat informația solicitată | DC16: nu | DD16: Nu a furnizat informația solicitată | DE16: nu | DF16: Nu a furnizat informația solicitată | DG16: nu | DH16: Nu a furnizat informația solicitată | DI16: nu | DJ16: Nu a furnizat informația solicitată | DK16: nu | DL16: Nu a furnizat informația solicitată | DM16: nu | DN16: Nu a furnizat informația solicitată | DO16: nu | DP16: Nu a furnizat informația solicitată | DQ16: nu | DR16: Nu a furnizat informația solicitată | DS16: nu | DT16: Nu a furnizat informația solicitată | DU16: nu | DV16: Nu a furnizat informația solicitată | DW16: da | DX16: Răspuns oferit potrivit cerințelor și termenilor legali | DY16: nu | DZ16: Nu a furnizat informația solicitată | EA16: nu | EB16: Nu a furnizat informația solicitată | EC16: nu | ED16: Nu a furnizat informația solicitată | EE16: nu | EF16: Nu a furnizat informația solicitată | EG16: nu | EH16: Nu a furnizat informația solicitată | EI16: nu | EJ16: Nu a furnizat informația solicitată | EK16: nu | EL16: Nu a furnizat informația solicitată | EM16: nu | EN16: Nu a furnizat informația solicitată | EO16: nu | EP16: Nu a furnizat informația solicitată | EQ16: nu | ER16: Nu a furnizat informația solicitată | ES16: partial | ET16: Răspuns oferit potrivit cerințelor legii, însă cu depășirea termenilor legali | EU16: nu | EV16: Nu a furnizat informația solicitată | EW16: da | EX16: Răspuns oferit potrivit cerințelor și termenilor legali | EY16: nu | EZ16: Nu a furnizat informația solicitată
A17: Q16 | B17: Întreprinderea a răspuns la chestionarul IDIS ”Viitorul” în conformitate cu cerințele și termenii legii privind accesul la informație ? | C17: =VLOOKUP(A17,Quest_eng_2018!A:C,3,FALSE) -> Has the enterprise responded to IDIS ”Viitorul” Questionnaire in compliance with the legal terms and conditions referred to in the Law on Access to Information? | D17: Transparency and access to information | E17: tai9 | F17: tai9k | G17: 4 | H17: da | I17: yes | J17: nu | K17: no | L17: partial / peste termen | M17: partially / beyond the deadline | N17: N/A | O17: N/A | P17: partial | Q17: partially | R17: 4 | S17: 0 | T17: =R17/2 -> 2 | U17: N/A | V17: =T17 -> 2 | W17: nu | X17: Nu a completat chestionarul | Y17: nu | Z17: Nu a completat chestionarul | AA17: nu | AB17: Nu a fost completat chestionarul | AC17: nu | AD17: Nu a fost completat chestionarul | AE17: nu | AF17: Nu a fost completat chestionarul | AG17: nu | AH17: Nu a fost completat chestionarul | AI17: nu | AJ17: Nu a fost completat chestionarul | AK17: da | AL17: Chestionar completat și recepționat | AM17: da | AN17: Chestionar completat și recepționat | AO17: da | AP17: Chestionar completat și recepționat | AQ17: da | AR17: Chestionar completat și recepționat | AS17: nu | AT17: Nu a fost completat chestionarul | AU17: da | AV17: Chestionar completat și recepționat | AW17: da | AX17: Chestionar completat și recepționat | AY17: nu | AZ17: Nu a fost completat chestionarul | BA17: da | BB17: Chestionar completat și recepționat | BC17: nu | BD17: Nu a fost completat chestionarul | BE17: nu | BF17: Nu a fost completat chestionarul | BG17: nu | BH17: Nu a fost completat chestionarul | BI17: da | BJ17: Chestionarul a fost completat și recepționat | BK17: nu | BL17: Nu a fost completat chestionarul | BM17: da | BN17: Chestionar completat și recepționat | BO17: nu | BP17: Nu a fost completat chestionarul | BQ17: nu | BR17: Nu a fost completat chestionarul | BS17: nu | BT17: Nu a fost completat chestionarul | BU17: nu | BV17: Nu a fost completat chestionarul | BW17: nu | BX17: Nu a fost completat chestionarul | BY17: nu | BZ17: Nu a fost completat chestionarul | CA17: da | CB17: hestionar completat și recepționat | CC17: nu | CD17: Nu a fost completat chestionarul | CE17: nu | CF17: Nu a fost completat chestionarul | CG17: nu | CH17: Nu a fost completat chestionarul | CI17: nu | CJ17: Nu a fost completat chestionarul | CK17: da | CL17: Chestionar completat și recepționat | CM17: nu | CN17: Nu a fost completat chestionarul | CO17: da | CP17: Chestionar completat și recepționat | CQ17: nu | CR17: Nu a fost completat chestionarul | CS17: da | CT17: Chestionar completat și recepționat | CU17: nu | CV17: Nu a fost completat chestionarul | CW17: da | CX17: Chestionar completat și recepționat | CY17: da | CZ17: hestionar complatat și recepționat | DA17: nu | DB17: Nu a fost completat chestionarul | DC17: da | DD17: Chestionar completat și recepționat | DE17: nu | DF17: Nu a fost completat chestionarul | DG17: nu | DH17: Nu a fost completat chestionarul | DI17: nu | DJ17: Nu a fost completat chestionarul | DK17: nu | DL17: Nu a fost completat chestionarul | DM17: nu | DN17: Nu a fost completat chestionarul | DO17: nu | DP17: Nu a fost completat chestionarul | DQ17: nu | DR17: Nu a fost completat chestionarul | DS17: nu | DT17: Nu a fost completat chestionarul | DU17: nu | DV17: Nu a fost completat chestionarul | DW17: da | DX17: Chestionar completat și recepționat | DY17: nu | DZ17: Nu a fost completat chestionarul | EA17: nu | EB17: Nu a fost completat chestionarul | EC17: nu | ED17: Nu a fost completat chestionarul | EE17: da | EF17: hestionar completat și recepționat | EG17: da | EH17: Chestionar completat și recepționat | EI17: nu | EJ17: Nu a fost completat chestionarul | EK17: da | EL17: Chestionar completat și recepționat | EM17: nu | EN17: Nu a fost completat chestionarul | EO17: nu | EP17: Nu a fost completat chestionarul | EQ17: da | ER17: Chestionar completat și reepționat | ES17: nu | ET17: Nu a fost completat chestionarul | EU17: da | EV17: Chestionar completat și recepționat | EW17: nu | EX17: Nu a fost completat chestionarul | EY17: da | EZ17: Chestionar completat și recepționat
A18: Q17 | B18: Sînt aduse la cunoștință publică planurile anuale de achiziţii publice (anunțurile de intenție) ? | C18: =VLOOKUP(A18,Quest_eng_2018!A:C,3,FALSE) -> Are the annual public procurement plans (intention announcements) made public? | D18: Public procurement and Property | E18: app1 | F18: app1k | G18: 1 | H18: da | I18: yes | J18: nu | K18: no | L18: partial | M18: partially | N18: N/A | O18: N/A | P18: ___ | Q18: ___ | R18: 1 | S18: 0 | T18: =R18/2 -> 0.5 | U18: N/A | V18: ___ | W18: nu | X18: Pagina web nefuncțională ( 13 aprilie 2020) | Y18: nu | Z18: Nu sînt informații pe web (ultima dată verificat la 13.04.2020) | AA18: da | AB18: https://www.termoelectrica.md/wp-content/uploads/2020/01/Anun%C8%9B-orientativ-de-achizi%C8%9Bii-planificate-pt-2020.pdf | AC18: nu | AD18: Nu sînt informații pe web (ultima dată verificat la 13.04.2020) | AE18: nu | AF18: Nu sînt informații pe web (ultima dată verificat la 13.04.2020) | AG18: nu | AH18: Nu sînt informații pe web (ultima dată verificat la 13.04.2020) | AI18: nu | AJ18: Nu sînt informații (ultima dată verificat la 13.04.2020) | AK18: nu | AL18: Nu sînt informații (ultima dată verificat la 13.04.2020) | AM18: da | AN18: http://www.railway.md/?l=ro&h=BG0l8rJIUvBsDxoJWJGFM8F5w1OGV%D1%83Pi5Sjgy4fsfak= | AO18: da | AP18: https://www.asd.md/page/anunturi-de-intentie | AQ18: nu | AR18: Nu sînt informații (ultima dată verificat la 13.04.2020) | AS18: nu | AT18: Nu sînt informații (ultima dată verificat la 13.04.2020) | AU18: da | AV18: http://www.moldelectrica.md/ro/finances/tendering_plans | AW18: nu | AX18: Nu sînt informații (ultima dată verificat la 13.04.2020) | AY18: nu | AZ18: Nu sînt informații (ultima dată verificat la 13.04.2020) | BA18: nu | BC18: nu | BD18: Nu sînt informații (ultima dată verificat la 13.04.2020) | BE18: nu | BF18: Nu sînt informații (ultima dată verificat la 13.04.2020) | BG18: nu | BH18: Nu sînt informații (ultima dată verificat la 13.04.2020) | BI18: nu | BJ18: Nu sînt informații (ultima dată verificat la 13.04.2020) | BK18: da | BL18: https://fee-nord.md/wp-content/uploads/2019/10/Planu_de_achizi%C8%9Bii_2019.pdf | BM18: nu | BN18: Nu sînt informații (ultima dată verificat la 13.04.2020) | BO18: nu | BP18: Nu sînt informații (ultima dată verificat la 13.04.2020) | BQ18: n/a | BR18: Conform răspunsului din chestionar | BS18: nu | BT18: Nu sînt informații (ultima dată verificat la 13.04.2020) | BU18: nu | BV18: Nu sînt informații (ultima dată verificat la 13.04.2020) | BW18: nu | BX18: Nu sînt informații (ultima dată verificat la 13.04.2020) | BY18: nu | BZ18: Nu sînt informații (ultima dată verificat la 13.04.2020) | CA18: nu | CB18: Nu sînt informații (ultima dată verificat la 13.04.2020) | CC18: nu | CD18: Nu sînt informații (ultima dată verificat la 13.04.2020) | CE18: nu | CF18: Nu sînt informații (ultima dată verificat la 13.04.2020) | CG18: nu | CH18: Nu sînt informații (ultima dată verificat la 13.04.2020) | CI18: nu | CJ18: Nu sînt informații (ultima dată verificat la 13.04.2020) | CK18: nu | CL18: Nu sînt informații (ultima dată verificat la 13.04.2020) | CM18: nu | CN18: Nu sînt informații (ultima dată verificat la 13.04.2020) | CO18: da | CP18: https://e-cmac.md/plan-de-achizitii-2019/ | CQ18: nu | CR18: Nu sînt informații (ultima dată verificat la 13.04.2020) | CS18: da | CT18: http://editurastiinta.md/achizitii | CU18: nu | CV18: Nu sînt informații (ultima dată verificat la 13.04.2020) | CW18: nu | CX18: Nu sînt informații (ultima dată verificat la 13.04.2020) | CY18: nu | CZ18: Nu sînt informații (ultima dată verificat la 13.04.2020) | DA18: nu | DB18: Nu sînt informații (ultima dată verificat la 13.04.2020) | DC18: nu | DD18: Nu sînt informații (ultima dată verificat la 13.04.2020) | DE18: nu | DF18: Nu sînt informații (ultima dată verificat la 13.04.2020) | DG18: nu | DH18: Nu sînt informații (ultima dată verificat la 13.04.2020) | DI18: nu | DJ18: Nu sînt informații (ultima dată verificat la 13.04.2020) | DK18: nu | DL18: Nu sînt informații (ultima dată verificat la 13.04.2020) | DM18: nu | DN18: Nu sînt informații (ultima dată verificat la 13.04.2020) | DO18: nu | DP18: Nu sînt informații (ultima dată verificat la 13.04.2020) | DQ18: nu | DR18: Nu sînt informații (ultima dată verificat la 13.04.2020) | DS18: nu | DT18: Nu sînt informații (ultima dată verificat la 13.04.2020) | DU18: nu | DV18: Nu sînt informații (ultima dată verificat la 13.04.2020) | DW18: nu | DX18: Nu sînt informații (ultima dată verificat la 13.04.2020) | DY18: nu | DZ18: Nu sînt informații (ultima dată verificat la 13.04.2020) | EA18: nu | EB18: Nu sînt informații (ultima dată verificat la 13.04.2020) | EC18: nu | ED18: Nu sînt informații (ultima dată verificat la 13.04.2020) | EE18: nu | EF18: Nu sînt informații (ultima dată verificat la 13.04.2020) | EG18: nu | EH18: Nu sînt informații (ultima dată verificat la 13.04.2020) | EI18: nu | EJ18: Nu sînt informații (ultima dată verificat la 13.04.2020) | EK18: nu | EL18: Nu sînt informații (ultima dată verificat la 13.04.2020) | EM18: nu | EN18: Nu sînt informații (ultima dată verificat la 13.04.2020) | EO18: nu | EP18: Nu sînt informații (ultima dată verificat la 13.04.2020) | EQ18: da | ER18: http://autosalubritate.md/media/plan-achizitii-new.pdf | ES18: nu | ET18: Nu sînt informații (ultima dată verificat la 13.04.2020) | EU18: nu | EV18: Nu sînt informații (ultima dată verificat la 13.04.2020) | EW18: nu | EX18: Nu sînt informații (ultima dată verificat la 13.04.2020) | EY18: nu | EZ18: Nu sînt informații (ultima dată verificat la 13.04.2020)
A19: Q18 | B19: Sînt aduse la cunoștință publică actele prin care au fost create grupurile de lucru pentru achiziții şi componenţa acestora? | C19: =VLOOKUP(A19,Quest_eng_2018!A:C,3,FALSE) -> Are the documents based on which the working groups have been established, as well as their composition made public? | D19: Public procurement and Property | E19: app2 | F19: app2k | G19: 1 | H19: da | I19: yes | J19: nu | K19: no | L19: partial | M19: partially | N19: N/A | O19: N/A | P19: ___ | Q19: ___ | R19: 1 | S19: 0 | T19: =R19/2 -> 0.5 | U19: N/A | V19: ___ | W19: nu | X19: Pagina web nefuncțională ( 13 aprilie 2020) | Y19: nu | Z19: Nu sînt informații pe web (ultima dată verificat la 13.04.2020) | AA19: nu | AB19: Nu sînt informații pe web (ultima dată verificat la 13.04.2020) | AC19: nu | AD19: Nu sînt informații pe web (ultima dată verificat la 13.04.2020) | AE19: nu | AF19: Nu sînt informații pe web (ultima dată verificat la 13.04.2020) | AG19: nu | AH19: Nu sînt informații pe web (ultima dată verificat la 13.04.2020) | AI19: nu | AJ19: Nu sînt informații (ultima dată verificat la 13.04.2020) | AK19: nu | AL19: Nu sînt informații (ultima dată verificat la 13.04.2020) | AM19: nu | AN19: Nu sînt informații (ultima dată verificat la 13.04.2020) | AO19: nu | AP19: Nu sînt informații (ultima dată verificat la 13.04.2020) | AQ19: nu | AR19: Nu sînt informații (ultima dată verificat la 13.04.2020) | AS19: nu | AT19: Nu sînt informații (ultima dată verificat la 13.04.2020) | AU19: nu | AV19: Nu sînt informații (ultima dată verificat la 13.04.2020) | AW19: nu | AX19: Nu sînt informații (ultima dată verificat la 13.04.2020) | AY19: nu | AZ19: Nu sînt informații (ultima dată verificat la 13.04.2020) | BA19: nu | BB19: Nu sînt informații (ultima dată verificat la 13.04.2020) | BC19: nu | BD19: Nu sînt informații (ultima dată verificat la 13.04.2020) | BE19: nu | BF19: Nu sînt informații (ultima dată verificat la 13.04.2020) | BG19: nu | BH19: Nu sînt informații (ultima dată verificat la 13.04.2020) | BI19: nu | BJ19: Nu sînt informații (ultima dată verificat la 13.04.2020) | BK19: nu | BL19: Nu sînt informații (ultima dată verificat la 13.04.2020) | BM19: nu | BN19: Nu sînt informații (ultima dată verificat la 13.04.2020) | BO19: nu | BP19: Nu sînt informații (ultima dată verificat la 13.04.2020) | BQ19: n/a | BR19: Conform răspunsului din chestionar | BS19: nu | BT19: Nu sînt informații (ultima dată verificat la 13.04.2020) | BU19: nu | BV19: Nu sînt informații (ultima dată verificat la 13.04.2020) | BW19: nu | BX19: Nu sînt informații (ultima dată verificat la 13.04.2020) | BY19: nu | BZ19: Nu sînt informații (ultima dată verificat la 13.04.2020) | CA19: nu | CB19: Nu sînt informații (ultima dată verificat la 13.04.2020) | CC19: nu | CD19: Nu sînt informații (ultima dată verificat la 13.04.2020) | CE19: da | CF19: http://manej.md/index.php?pag=news&id=1225&rid=30&l=ro | CG19: nu | CH19: Nu sînt informații (ultima dată verificat la 13.04.2020) | CI19: da | CJ19: http://www.dpp.md/ro/grupul-de-lucru.html | CK19: nu | CL19: Nu sînt informații (ultima dată verificat la 13.04.2020) | CM19: nu | CN19: Nu sînt informații (ultima dată verificat la 13.04.2020) | CO19: nu | CP19: Nu sînt informații (ultima dată verificat la 13.04.2020) | CQ19: nu | CR19: Nu sînt informații (ultima dată verificat la 13.04.2020) | CS19: da | CT19: http://editurastiinta.md/regulamentul-i-s-e-p-stiinta-privind-achizitia-bunurilor-si-serviciilor | CU19: nu | CV19: Nu sînt informații (ultima dată verificat la 13.04.2020) | CW19: nu | CX19: Nu sînt informații (ultima dată verificat la 13.04.2020) | CY19: nu | CZ19: Nu sînt informații (ultima dată verificat la 13.04.2020) | DA19: nu | DB19: Nu sînt informații (ultima dată verificat la 13.04.2020) | DC19: nu | DD19: Nu sînt informații (ultima dată verificat la 13.04.2020) | DE19: nu | DF19: Nu sînt informații (ultima dată verificat la 13.04.2020) | DG19: nu | DH19: Nu sînt informații (ultima dată verificat la 13.04.2020) | DI19: nu | DJ19: Nu sînt informații (ultima dată verificat la 13.04.2020) | DK19: nu | DL19: Nu sînt informații (ultima dată verificat la 13.04.2020) | DM19: nu | DN19: Nu sînt informații (ultima dată verificat la 13.04.2020) | DO19: nu | DP19: Nu sînt informații (ultima dată verificat la 13.04.2020) | DQ19: nu | DR19: Nu sînt informații (ultima dată verificat la 13.04.2020) | DS19: nu | DT19: Nu sînt informații (ultima dată verificat la 13.04.2020) | DU19: nu | DV19: Nu sînt informații (ultima dată verificat la 13.04.2020) | DW19: nu | DX19: Nu sînt informații (ultima dată verificat la 13.04.2020) | DY19: nu | DZ19: Nu sînt informații (ultima dată verificat la 13.04.2020) | EA19: nu | EB19: Nu sînt informații (ultima dată verificat la 13.04.2020) | EC19: nu | ED19: Nu sînt informații (ultima dată verificat la 13.04.2020) | EE19: nu | EF19: Nu sînt informații (ultima dată verificat la 13.04.2020) | EG19: nu | EH19: Nu sînt informații (ultima dată verificat la 13.04.2020) | EI19: nu | EJ19: Nu sînt informații (ultima dată verificat la 13.04.2020) | EK19: nu | EL19: Nu sînt informații (ultima dată verificat la 13.04.2020) | EM19: nu | EN19: Nu sînt informații (ultima dată verificat la 13.04.2020) | EO19: nu | EP19: Nu sînt informații (ultima dată verificat la 13.04.2020) | EQ19: nu | ER19: Nu sînt informații (ultima dată verificat la 13.04.2020) | ES19: nu | ET19: Nu sînt informații (ultima dată verificat la 13.04.2020) | EU19: nu | EV19: Nu sînt informații (ultima dată verificat la 13.04.2020) | EW19: nu | EX19: Nu sînt informații (ultima dată verificat la 13.04.2020) | EY19: nu | EZ19: Nu sînt informații (ultima dată verificat la 13.04.2020)
A20: Q19 | B20: Întreprinderea a publicat pe pagina web anunțurile de participare la achizițiile publice în 2019 ? | C20: =VLOOKUP(A20,Quest_eng_2018!A:C,3,FALSE) -> Did the company publish public procurement notices in 2019 on the website? | D20: Public procurement and Property | E20: app3 | F20: app3k | G20: 2 | H20: da | I20: yes | J20: nu | K20: no | L20: partial | M20: partially | N20: N/A | O20: N/A | P20: ___ | Q20: ___ | R20: 2 | S20: 0 | T20: =R20/2 -> 1 | U20: N/A | V20: ___ | W20: nu | X20: Pagina web nefuncțională ( 13 aprilie 2020) | Y20: nu | Z20: Nu sînt informații pe web (ultima dată verificat la 13.04.2020) | AA20: nu | AB20: Nu sînt informații pe web (ultima dată verificat la 13.04.2020) | AC20: da | AD20: https://moldtelecom.md/ro/personal/licitatii_list | AE20: nu | AF20: Nu sînt informații pe web (ultima dată verificat la 13.04.2020) | AG20: nu | AH20: Nu sînt informații pe web (ultima dată verificat la 13.04.2020) | AI20: nu | AJ20: Nu sînt informații (ultima dată verificat la 13.04.2020) | AK20: nu | AL20: Nu sînt informații (ultima dată verificat la 13.04.2020) | AM20: partial | AN20: http://tracer.railway.md:10088/Achizitii/DefaultPage | AO20: da | AP20: http://asd.md/page/anunturi-anii-precedenti-2019 | AQ20: da | AR20: https://moldatsa.md/announcements | AS20: nu | AT20: Nu sînt informații (ultima dată verificat la 13.04.2020) | AU20: da | AV20: http://www.moldelectrica.md/ro/finances/tenders | AW20: nu | AX20: Nu sînt informații (ultima dată verificat la 13.04.2020) | AY20: nu | AZ20: Nu sînt informații (ultima dată verificat la 13.04.2020) | BA20: da | BB20: http://www.serviciipaza.md/ro/advanced-page-type/achizitii | BC20: nu | BD20: Nu sînt informații (ultima dată verificat la 13.04.2020) | BE20: nu | BF20: Nu sînt informații (ultima dată verificat la 13.04.2020) | BG20: nu | BH20: Nu sînt informații (ultima dată verificat la 13.04.2020) | BI20: nu | BJ20: Nu sînt informații (ultima dată verificat la 13.04.2020) | BK20: da | BL20: https://fee-nord.md/tendere/ | BM20: da | BN20: http://posta.md/ro/tenders?tab=archive#past_tenders | BO20: partial | BP20: https://www.moldovagaz.md/rom/achizitii | BQ20: n/a | BR20: Conform răspunsului din chestionar | BS20: nu | BT20: Nu sînt informații (ultima dată verificat la 13.04.2020) | BU20: nu | BV20: Nu sînt informații (ultima dată verificat la 13.04.2020) | BW20: nu | BX20: Nu sînt informații (ultima dată verificat la 13.04.2020) | BY20: nu | BZ20: Nu sînt informații (ultima dată verificat la 13.04.2020) | CA20: nu | CB20: Nu sînt informații (ultima dată verificat la 13.04.2020) | CC20: nu | CD20: Nu sînt informații (ultima dată verificat la 13.04.2020) | CE20: partial | CF20: http://manej.md/index.php?pag=news&id=1225&l=ro | CG20: nu | CH20: Nu sînt informații (ultima dată verificat la 13.04.2020) | CI20: nu | CJ20: Nu sînt informații (ultima dată verificat la 13.04.2020) | CK20: nu | CL20: Nu sînt informații (ultima dată verificat la 13.04.2020) | CM20: nu | CN20: Nu sînt informații (ultima dată verificat la 13.04.2020) | CO20: da | CP20: https://e-cmac.md/category/achizitii/ | CQ20: nu | CR20: Nu sînt informații (ultima dată verificat la 13.04.2020) | CS20: da | CT20: http://editurastiinta.md/achizitii | CU20: da | CV20: http://moldexpo.md/tender_rom/ | CW20: n/a | CX20: Conform răspunsului din chestionar | CY20: n/a | CZ20: Conform răspunsului din chestionar | DA20: nu | DB20: Nu sînt informații (ultima dată verificat la 13.04.2020) | DC20: nu | DD20: Nu sînt informații (ultima dată verificat la 13.04.2020) | DE20: nu | DF20: Nu sînt informații (ultima dată verificat la 13.04.2020) | DG20: nu | DH20: Nu sînt informații (ultima dată verificat la 13.04.2020) | DI20: nu | DJ20: Nu sînt informații (ultima dată verificat la 13.04.2020) | DK20: nu | DL20: Nu sînt informații (ultima dată verificat la 13.04.2020) | DM20: nu | DN20: Nu sînt informații (ultima dată verificat la 13.04.2020) | DO20: nu | DP20: Nu sînt informații (ultima dată verificat la 13.04.2020) | DQ20: nu | DR20: Nu sînt informații (ultima dată verificat la 13.04.2020) | DS20: nu | DT20: Nu sînt informații (ultima dată verificat la 13.04.2020) | DU20: da | DV20: http://moldova-freezone.md/news/?p=2 | DW20: da | DX20: https://www.radiocom.md/achizitii-1-61 | DY20: nu | DZ20: Nu sînt informații (ultima dată verificat la 13.04.2020) | EA20: nu | EB20: Nu sînt informații (ultima dată verificat la 13.04.2020) | EC20: nu | ED20: Nu sînt informații (ultima dată verificat la 13.04.2020) | EE20: nu | EF20: Pentru anul 2019 nu sînt informații http://www.apacanalcahul.md/ro/CompanyInfo/Procurement/ | EG20: da | EH20: https://acc.md/category/arhiva-achizitii/page/4/ | EI20: da | EJ20: http://exdrupo.md/achizitii-publice/ | EK20: nu | EL20: Nu sînt informații (ultima dată verificat la 13.04.2020) | EM20: nu | EN20: Nu sînt informații (ultima dată verificat la 13.04.2020) | EO20: nu | EP20: Nu sînt informații (ultima dată verificat la 13.04.2020) | EQ20: nu | ER20: Nu sînt informații (ultima dată verificat la 13.04.2020) | ES20: nu | ET20: Nu sînt informații (ultima dată verificat la 13.04.2020) | EU20: nu | EV20: Nu sînt informații (ultima dată verificat la 13.04.2020) | EW20: da | EX20: https://www.autourban.md/index.php?page=achizitii&tip=all&pg=2 | EY20: nu | EZ20: Nu sînt informații (ultima dată verificat la 13.04.2020)
A21: Q20 | B21: Întreprinderea a desfășurat în 2019 procedurile de achizițiții publice conform prevederilor legislației privind achizițiile publice ? | C21: =VLOOKUP(A21,Quest_eng_2018!A:C,3,FALSE) -> Has the company carried out the procurement procedures in 2019 according to the provisions of the public procurement legislation? | D21: Public procurement and Property | E21: app4 | F21: app4k | G21: 4 | H21: da | I21: yes | J21: nu | K21: no | L21: partial | M21: partially | N21: N/A | O21: N/A | P21: ___ | Q21: ___ | R21: 4 | S21: 0 | T21: =R21/2 -> 2 | U21: N/A | V21: ___ | W21: nu | X21: Pagina web nefuncțională ( 13 aprilie 2020) | Y21: nu | Z21: Nu sînt informații pe web (ultima dată verificat la 13.04.2020) | AA21: partial | AB21: Hotărîrea ANRE nr. 24/2017 din 26.01.2017 http://www.anre.md/storage/upload/administration/acts/26/oHdVHZE5VRFMe9KFEgLkl4n3EkiCwvixvuKMZPXf.html | AC21: nu | AD21: Nu sînt informații pe web (ultima dată verificat la 13.04.2020) | AE21: nu | AF21: Nu sînt informații pe web (ultima dată verificat la 13.04.2020) | AG21: nu | AH21: Nu sînt informații pe web (ultima dată verificat la 13.04.2020) | AI21: nu | AJ21: Nu sînt informații (ultima dată verificat la 13.04.2020) | AK21: nu | AL21: Regulament propriu de achiziții http://app.gov.md/sites/default/files/document/attachments/regulament_achizitii_is_crara.pdf | AM21: nu | AN21: Nu sînt informații (ultima dată verificat la 13.04.2020) | AO21: partial | AP21: Achizițiile publice din sursele Fondului rutier sînt realizate conform prevederilor legii nr.131/2015, iar achizițiiloe publice din bugetul întreprinderii, destinate necesităților proprii, realizate după alte proceduri | AQ21: nu | AR21: Nu sînt informații (ultima dată verificat la 13.04.2020) | AS21: nu | AT21: Nu sînt informații (ultima dată verificat la 13.04.2020) | AU21: partial | AV21: Hotărîrea ANRE nr. 24/2017 din 26.01.2017 http://www.anre.md/storage/upload/administration/acts/26/oHdVHZE5VRFMe9KFEgLkl4n3EkiCwvixvuKMZPXf.html | AW21: nu | AX21: Nu sînt informații (ultima dată verificat la 13.04.2020) | AY21: nu | AZ21: Nu sînt informații (ultima dată verificat la 13.04.2020) | BA21: nu | BB21: Nu sînt informații (ultima dată verificat la 13.04.2020) | BC21: nu | BD21: Nu sînt informații (ultima dată verificat la 13.04.2020) | BE21: nu | BF21: Nu sînt informații (ultima dată verificat la 13.04.2020) | BG21: nu | BH21: Nu sînt informații (ultima dată verificat la 13.04.2020) | BI21: nu | BJ21: Nu sînt informații (ultima dată verificat la 13.04.2020) | BK21: partial | BL21: Hotărîrea ANRE nr. 24/2017 din 26.01.2017 http://www.anre.md/storage/upload/administration/acts/26/oHdVHZE5VRFMe9KFEgLkl4n3EkiCwvixvuKMZPXf.html | BM21: nu | BN21: Regulament intern | BO21: partial | BP21: Hotărîrea ANRE nr. 24/2017 din 26.01.2017 http://www.anre.md/storage/upload/administration/acts/26/oHdVHZE5VRFMe9KFEgLkl4n3EkiCwvixvuKMZPXf.html | BQ21: n/a | BR21: Conform răspunsului din chestionar | BS21: nu | BT21: Nu sînt informații (ultima dată verificat la 13.04.2020) | BU21: nu | BV21: Nu sînt informații (ultima dată verificat la 13.04.2020) | BW21: nu | BX21: Nu sînt informații (ultima dată verificat la 13.04.2020) | BY21: nu | BZ21: Nu sînt informații (ultima dată verificat la 13.04.2020) | CA21: nu | CB21: Nu sînt informații (ultima dată verificat la 13.04.2020) | CC21: nu | CD21: Nu sînt informații (ultima dată verificat la 13.04.2020) | CE21: nu | CF21: Nu sînt informații (ultima dată verificat la 13.04.2020) | CG21: nu | CH21: Nu sînt informații (ultima dată verificat la 13.04.2020) | CI21: nu | CJ21: Nu sînt informații (ultima dată verificat la 13.04.2020) | CK21: partial | CL21: https://achizitii.md/ro/public/organization/i-s-palatul-republicii | CM21: nu | CN21: Nu sînt informații (ultima dată verificat la 13.04.2020) | CO21: nu | CP21: Nu sînt informații (ultima dată verificat la 13.04.2020) | CQ21: nu | CR21: Nu sînt informații (ultima dată verificat la 13.04.2020) | CS21: nu | CT21: Nu sînt informații (ultima dată verificat la 13.04.2020) | CU21: nu | CV21: Nu sînt informații (ultima dată verificat la 13.04.2020) | CW21: n/a | CX21: Conform răspunsului din chestionar | CY21: n/a | CZ21: Conform răspunsului din chestionar | DA21: nu | DB21: Nu sînt informații (ultima dată verificat la 13.04.2020) | DC21: nu | DD21: Nu sînt informații (ultima dată verificat la 13.04.2020) | DE21: nu | DF21: Nu sînt informații (ultima dată verificat la 13.04.2020) | DG21: nu | DH21: Nu sînt informații (ultima dată verificat la 13.04.2020) | DI21: nu | DJ21: Nu sînt informații (ultima dată verificat la 13.04.2020) | DK21: nu | DL21: Nu sînt informații (ultima dată verificat la 13.04.2020) | DM21: nu | DN21: Nu sînt informații (ultima dată verificat la 13.04.2020) | DO21: nu | DP21: Nu sînt informații (ultima dată verificat la 13.04.2020) | DQ21: nu | DR21: Nu sînt informații (ultima dată verificat la 13.04.2020) | DS21: nu | DT21: Nu sînt informații (ultima dată verificat la 13.04.2020) | DU21: nu | DV21: Nu sînt informații (ultima dată verificat la 13.04.2020) | DW21: nu | DX21: Nu sînt informații (ultima dată verificat la 13.04.2020) | DY21: partial | DZ21: Hotărîrea ANRE nr. 24/2017 din 26.01.2017 http://www.anre.md/storage/upload/administration/acts/26/oHdVHZE5VRFMe9KFEgLkl4n3EkiCwvixvuKMZPXf.html | EA21: partial | EB21: Hotărîrea ANRE nr. 24/2017 din 26.01.2017 http://www.anre.md/storage/upload/administration/acts/26/oHdVHZE5VRFMe9KFEgLkl4n3EkiCwvixvuKMZPXf.html | EC21: partial | ED21: Hotărîrea ANRE nr. 24/2017 din 26.01.2017 http://www.anre.md/storage/upload/administration/acts/26/oHdVHZE5VRFMe9KFEgLkl4n3EkiCwvixvuKMZPXf.html | EE21: partial | EF21: Hotărîrea ANRE nr. 24/2017 din 26.01.2017 http://www.anre.md/storage/upload/administration/acts/26/oHdVHZE5VRFMe9KFEgLkl4n3EkiCwvixvuKMZPXf.html | EG21: partial | EH21: Hotărîrea ANRE nr. 24/2017 din 26.01.2017 http://www.anre.md/storage/upload/administration/acts/26/oHdVHZE5VRFMe9KFEgLkl4n3EkiCwvixvuKMZPXf.html https://achizitii.md/ro/public/organization/apa-canal-chisinau?page=2 | EI21: partial | EJ21: https://achizitii.md/ro/public/organization/im-regia-exdrupo | EK21: partial | EL21: https://achizitii.md/ro/public/organization/im-directia-constructie-capitale | EM21: partial | EN21: https://achizitii.md/ro/public/organization/im-rei-lumteh | EO21: partial | EP21: https://achizitii.md/ro/public/organization/i-m-piata-centrala | EQ21: partial | ER21: https://achizitii.md/ro/public/organization/i-m-regia-autosalubritate | ES21: partial | ET21: https://achizitii.md/ro/public/organization/asociatia-de-gospodarire-a-spatiilor-verzi | EU21: partial | EV21: https://achizitii.md/ro/public/organization/ims-liftservice | EW21: partial | EX21: https://achizitii.md/ro/public/organization/i-m-parcul-urban-de-autobuze | EY21: partial | EZ21: https://achizitii.md/ro/public/organization/regia-transport-electric-i-m
A22: Q21 | B22: Întreprinderea a utilizat în 2019 platformele electronice pentru procedurile de achiziții publice ? | C22: =VLOOKUP(A22,Quest_eng_2018!A:C,3,FALSE) -> Did the company use the electronic platforms for procurement procedures in 2019? | D22: Public procurement and Property | E22: app5 | F22: app5k | G22: 4 | H22: da | I22: yes | J22: nu | K22: no | L22: partial | M22: partially | N22: N/A | O22: N/A | P22: ___ | Q22: ___ | R22: 4 | S22: 0 | T22: =R22/2 -> 2 | U22: N/A | V22: ___ | W22: nu | X22: Pagina web nefuncțională ( 13 aprilie 2020) | Y22: nu | Z22: Nu sînt informații pe web (ultima dată verificat la 13.04.2020) | AA22: nu | AB22: Nu sînt informații pe web (ultima dată verificat la 13.04.2020) | AC22: nu | AD22: Nu sînt informații pe web (ultima dată verificat la 13.04.2020) | AE22: nu | AF22: Nu sînt informații pe web (ultima dată verificat la 13.04.2020) | AG22: nu | AH22: Nu sînt informații pe web (ultima dată verificat la 13.04.2020) | AI22: nu | AJ22: Nu sînt informații (ultima dată verificat la 13.04.2020) | AK22: da | AL22: https://achizitii.md/ro/public/organization/intreprinderea-de-stat-centrul-republican-pentru-ameliorarea-si-reproductia-animalelor | AM22: nu | AN22: Nu sînt informații (ultima dată verificat la 13.04.2020) | AO22: da | AP22: https://achizitii.md/ro/public/organization/i-s-administratia-de-stat-a-drumurilor | AQ22: nu | AR22: Nu sînt informații (ultima dată verificat la 13.04.2020) | AS22: nu | AT22: Nu sînt informații (ultima dată verificat la 13.04.2020) | AU22: nu | AW22: nu | AX22: Nu sînt informații (ultima dată verificat la 13.04.2020) | AY22: nu | AZ22: Nu sînt informații (ultima dată verificat la 13.04.2020) | BA22: nu | BB22: Nu sînt informații (ultima dată verificat la 13.04.2020) | BC22: nu | BD22: Nu sînt informații (ultima dată verificat la 13.04.2020) | BE22: nu | BF22: Nu sînt informații (ultima dată verificat la 13.04.2020) | BG22: nu | BH22: Nu sînt informații (ultima dată verificat la 13.04.2020) | BI22: nu | BJ22: Nu sînt informații (ultima dată verificat la 13.04.2020) | BK22: nu | BL22: Nu sînt informații (ultima dată verificat la 13.04.2020) | BM22: da | BN22: https://achizitii.md/ro/public/organization/posta-moldovei | BO22: nu | BP22: Nu sînt informații (ultima dată verificat la 13.04.2020) | BQ22: n/a | BR22: Conform răspunsului din chestionar | BS22: nu | BT22: Nu sînt informații (ultima dată verificat la 13.04.2020) | BU22: nu | BV22: Nu sînt informații (ultima dată verificat la 13.04.2020) | BW22: nu | BX22: Nu sînt informații (ultima dată verificat la 13.04.2020) | BY22: nu | BZ22: Nu sînt informații (ultima dată verificat la 13.04.2020) | CA22: nu | CB22: Nu sînt informații (ultima dată verificat la 13.04.2020) | CC22: nu | CD22: Nu sînt informații (ultima dată verificat la 13.04.2020) | CE22: nu | CF22: Nu sînt informații (ultima dată verificat la 13.04.2020) | CG22: nu | CH22: Nu sînt informații (ultima dată verificat la 13.04.2020) | CI22: nu | CJ22: Nu sînt informații (ultima dată verificat la 13.04.2020) | CK22: da | CL22: https://achizitii.md/ro/public/organization/i-s-palatul-republicii | CM22: nu | CN22: Nu sînt informații (ultima dată verificat la 13.04.2020) | CO22: nu | CP22: Nu sînt informații (ultima dată verificat la 13.04.2020) | CQ22: nu | CR22: Nu sînt informații (ultima dată verificat la 13.04.2020) | CS22: nu | CT22: Nu sînt informații (ultima dată verificat la 13.04.2020) | CU22: nu | CV22: Nu sînt informații (ultima dată verificat la 13.04.2020) | CW22: n/a | CX22: Conform răspunsului din chestionar | CY22: n/a | CZ22: Conform răspunsului din chestionar | DA22: nu | DB22: Nu sînt informații (ultima dată verificat la 13.04.2020) | DC22: nu | DD22: Nu sînt informații (ultima dată verificat la 13.04.2020) | DE22: nu | DF22: Nu sînt informații (ultima dată verificat la 13.04.2020) | DG22: nu | DH22: Nu sînt informații (ultima dată verificat la 13.04.2020) | DI22: nu | DJ22: Nu sînt informații (ultima dată verificat la 13.04.2020) | DK22: nu | DL22: Nu sînt informații (ultima dată verificat la 13.04.2020) | DM22: nu | DN22: Nu sînt informații (ultima dată verificat la 13.04.2020) | DO22: nu | DP22: Nu sînt informații (ultima dată verificat la 13.04.2020) | DQ22: nu | DR22: Nu sînt informații (ultima dată verificat la 13.04.2020) | DS22: nu | DT22: Nu sînt informații (ultima dată verificat la 13.04.2020) | DU22: nu | DV22: Nu sînt informații (ultima dată verificat la 13.04.2020) | DW22: nu | DX22: Nu sînt informații (ultima dată verificat la 13.04.2020) | DY22: nu | DZ22: Nu sînt informații (ultima dată verificat la 13.04.2020) | EA22: nu | EB22: Nu sînt informații (ultima dată verificat la 13.04.2020) | EC22: nu | ED22: Nu sînt informații (ultima dată verificat la 13.04.2020) | EE22: da | EF22: https://achizitii.md/ro/public/organization/apa-canal-cahul-s-a | EG22: da | EH22: https://achizitii.md/ro/public/organization/apa-canal-chisinau?page=2 | EI22: da | EJ22: https://achizitii.md/ro/public/organization/im-regia-exdrupo | EK22: da | EL22: https://achizitii.md/ro/public/organization/im-directia-constructie-capitale | EM22: da | EN22: https://achizitii.md/ro/public/organization/im-rei-lumteh | EO22: da | EP22: https://achizitii.md/ro/public/organization/i-m-piata-centrala | EQ22: da | ER22: https://achizitii.md/ro/public/organization/i-m-regia-autosalubritate | ES22: da | ET22: https://achizitii.md/ro/public/organization/asociatia-de-gospodarire-a-spatiilor-verzi | EU22: da | EV22: https://achizitii.md/ro/public/organization/ims-liftservice | EW22: da | EX22: https://achizitii.md/ro/public/organization/i-m-parcul-urban-de-autobuze | EY22: da | EZ22: https://achizitii.md/ro/public/organization/regia-transport-electric-i-m
A23: Q22 | B23: Întreprinderea a comunicat public contractele de achiziții publice încheiate în 2019 (obiectul și valoarea achiziţiei, agentul economic, data încheierii şi durata, informaţii despre revizuirea/extinderea contractelor) ? | C23: =VLOOKUP(A23,Quest_eng_2018!A:C,3,FALSE) -> Is there any information on the concluded contracts (the object and value of procurement, the economic operator, the date of contract conclusion and its duration, information on contract revision/extension) made public? | D23: Public procurement and Property | E23: app6 | F23: app6k | G23: 4 | H23: da | I23: yes | J23: nu | K23: no | L23: partial / alte modalitati | M23: partially / other ways | N23: N/A | O23: N/A | P23: partial | Q23: partially | R23: 4 | S23: 0 | T23: =R23/2 -> 2 | U23: N/A | V23: =T23 -> 2 | W23: nu | X23: Pagina web nefuncțională ( 13 aprilie 2020) | Y23: nu | Z23: Nu sînt informații pe web (ultima dată verificat la 13.04.2020) | AA23: partial | AB23: https://www.termoelectrica.md/ro_RO/contracte-atribuite/ | AC23: nu | AD23: Nu sînt informații pe web (ultima dată verificat la 13.04.2020) | AE23: nu | AF23: Nu sînt informații pe web (ultima dată verificat la 13.04.2020) | AG23: nu | AH23: Nu sînt informații pe web (ultima dată verificat la 13.04.2020) | AI23: nu | AJ23: Nu sînt informații (ultima dată verificat la 13.04.2020) | AK23: partial | AL23: https://achizitii.md/ro/public/organization/intreprinderea-de-stat-centrul-republican-pentru-ameliorarea-si-reproductia-animalelor | AM23: nu | AN23: Nu sînt informații (ultima dată verificat la 13.04.2020) | AO23: partial | AP23: https://www.asd.md/page/monitorizare-contracte https://achizitii.md/ro/public/organization/i-s-administratia-de-stat-a-drumurilor | AQ23: nu | AR23: Nu sînt informații (ultima dată verificat la 13.04.2020) | AS23: nu | AT23: Nu sînt informații (ultima dată verificat la 13.04.2020) | AU23: partial | AV23: Sînt publicate informații despre cîștigătorii contractelor de achiziții http://www.moldelectrica.md/ro/finances/tenders | AW23: nu | AX23: Nu sînt informații (ultima dată verificat la 13.04.2020) | AY23: nu | AZ23: Nu sînt informații (ultima dată verificat la 13.04.2020) | BA23: nu | BB23: Nu sînt informații (ultima dată verificat la 13.04.2020) | BC23: nu | BD23: Nu sînt informații (ultima dată verificat la 13.04.2020) | BE23: nu | BF23: Nu sînt informații (ultima dată verificat la 13.04.2020) | BG23: nu | BH23: Nu sînt informații (ultima dată verificat la 13.04.2020) | BI23: nu | BJ23: Nu sînt informații (ultima dată verificat la 13.04.2020) | BK23: nu | BL23: Nu sînt informații (ultima dată verificat la 13.04.2020) | BM23: partial | BN23: https://achizitii.md/ro/public/organization/posta-moldovei | BO23: nu | BP23: Nu sînt informații (ultima dată verificat la 13.04.2020) | BQ23: n/a | BR23: Conform răspunsului din chestionar | BS23: nu | BT23: Nu sînt informații (ultima dată verificat la 13.04.2020) | BU23: nu | BV23: Nu sînt informații (ultima dată verificat la 13.04.2020) | BW23: nu | BX23: Nu sînt informații (ultima dată verificat la 13.04.2020) | BY23: nu | BZ23: Nu sînt informații (ultima dată verificat la 13.04.2020) | CA23: nu | CB23: Nu sînt informații (ultima dată verificat la 13.04.2020) | CC23: nu | CD23: Nu sînt informații (ultima dată verificat la 13.04.2020) | CE23: nu | CF23: Nu sînt informații (ultima dată verificat la 13.04.2020) | CG23: nu | CH23: Nu sînt informații (ultima dată verificat la 13.04.2020) | CI23: nu | CJ23: Nu sînt informații (ultima dată verificat la 13.04.2020) | CK23: partial | CL23: https://achizitii.md/ro/public/organization/i-s-palatul-republicii | CM23: nu | CN23: Nu sînt informații (ultima dată verificat la 13.04.2020) | CO23: nu | CP23: Nu sînt informații (ultima dată verificat la 13.04.2020) | CQ23: nu | CR23: Nu sînt informații (ultima dată verificat la 13.04.2020) | CS23: nu | CT23: Nu sînt informații (ultima dată verificat la 13.04.2020) | CU23: nu | CV23: Nu sînt informații (ultima dată verificat la 13.04.2020) | CW23: n/a | CX23: Conform răspunsului din chestionar | CY23: n/a | CZ23: Conform răspunsului din chestionar | DA23: nu | DB23: Nu sînt informații (ultima dată verificat la 13.04.2020) | DC23: nu | DD23: Nu sînt informații (ultima dată verificat la 13.04.2020) | DE23: nu | DF23: Nu sînt informații (ultima dată verificat la 13.04.2020) | DG23: nu | DH23: Nu sînt informații (ultima dată verificat la 13.04.2020) | DI23: nu | DJ23: Nu sînt informații (ultima dată verificat la 13.04.2020) | DK23: nu | DL23: Nu sînt informații (ultima dată verificat la 13.04.2020) | DM23: nu | DN23: Nu sînt informații (ultima dată verificat la 13.04.2020) | DO23: nu | DP23: Nu sînt informații (ultima dată verificat la 13.04.2020) | DQ23: nu | DR23: Nu sînt informații (ultima dată verificat la 13.04.2020) | DS23: nu | DT23: Nu sînt informații (ultima dată verificat la 13.04.2020) | DU23: nu | DV23: Nu sînt informații (ultima dată verificat la 13.04.2020) | DW23: nu | DX23: Nu sînt informații (ultima dată verificat la 13.04.2020) | DY23: nu | DZ23: Nu sînt informații (ultima dată verificat la 13.04.2020) | EA23: nu | EB23: Nu sînt informații (ultima dată verificat la 13.04.2020) | EC23: nu | ED23: Nu sînt informații (ultima dată verificat la 13.04.2020) | EE23: partial | EF23: https://achizitii.md/ro/public/organization/apa-canal-cahul-s-a | EG23: partial | EH23: https://achizitii.md/ro/public/organization/apa-canal-chisinau?page=2 | EI23: partial | EJ23: Pe web sînt rapoartele anuale privind achizitiile publice cu date privind operatorul economic, numărul și data contractului, suma contractului, termenul de realizare, nivelul de executare. La fel, pe web sînt dările de seamă anuale privind realizarea achizițiilor publice de valoare mică, care conține informații despre suma contractului, numărul și data contractului. http://exdrupo.md/rapoarte/ | EK23: partial | EL23: https://achizitii.md/ro/public/organization/im-directia-constructie-capitale | EM23: partial | EN23: https://achizitii.md/ro/public/organization/im-rei-lumteh | EO23: partial | EP23: https://achizitii.md/ro/public/organization/i-m-piata-centrala | EQ23: partial | ER23: https://achizitii.md/ro/public/organization/i-m-regia-autosalubritate | ES23: partial | ET23: https://achizitii.md/ro/public/organization/asociatia-de-gospodarire-a-spatiilor-verzi | EU23: partial | EV23: https://achizitii.md/ro/public/organization/ims-liftservice | EW23: partial | EX23: https://achizitii.md/ro/public/organization/i-m-parcul-urban-de-autobuze | EY23: partial | EZ23: https://achizitii.md/ro/public/organization/regia-transport-electric-i-m
A24: Q23 | B24: Întreprinderea publică pe web informații din evidența și registrul proprietăților întreprinderii: bunurile imobile transmise ca aport în capitalul social de către fondatori / proprietari / acționari; bunurile imobile transmise în administrare de către fondatori / proprietari / acționari; bunurile imobile proprietate a întreprinderii, obținute de aceasta în rezultatul activității economico-financiare ? | C24: =VLOOKUP(A24,Quest_eng_2018!A:C,3,FALSE) -> Does the enterprise publish any information from its accounting records and property ledger, i.e. assets conveyed as contribution to the social capital made by founders/owners/shareholders; assets conveyed by founders/owners/shareholders in administration; assets owned by the enterprise derived as a result of its economic and financial activity on its Web page? | D24: Public procurement and Property | E24: app7 | F24: app7k | G24: 3 | H24: da | I24: yes | J24: nu | K24: no | L24: partial | M24: partially | N24: N/A | O24: N/A | P24: ___ | Q24: ___ | R24: 3 | S24: 0 | T24: =R24/2 -> 1.5 | U24: N/A | V24: ___ | W24: nu | X24: Pagina web nefuncțională ( 13 aprilie 2020) | Y24: nu | Z24: Nu sînt informații pe web (ultima dată verificat la 13.04.2020) | AA24: nu | AB24: Nu sînt informații pe web (ultima dată verificat la 13.04.2020) | AC24: nu | AD24: Nu sînt informații pe web (ultima dată verificat la 13.04.2020) | AE24: nu | AF24: Nu sînt informații pe web (ultima dată verificat la 13.04.2020) | AG24: nu | AH24: Nu sînt informații pe web (ultima dată verificat la 13.04.2020) | AI24: nu | AJ24: Nu sînt informații (ultima dată verificat la 13.04.2020) | AK24: nu | AL24: Nu sînt informații (ultima dată verificat la 13.04.2020) | AM24: nu | AN24: Nu sînt informații (ultima dată verificat la 13.04.2020) | AO24: nu | AP24: Nu sînt informații (ultima dată verificat la 13.04.2020) | AQ24: nu | AR24: Nu sînt informații (ultima dată verificat la 13.04.2020) | AS24: nu | AT24: Nu sînt informații (ultima dată verificat la 13.04.2020) | AU24: nu | AV24: Nu sînt informații (ultima dată verificat la 13.04.2020) | AW24: nu | AX24: Nu sînt informații (ultima dată verificat la 13.04.2020) | AY24: nu | AZ24: Nu sînt informații (ultima dată verificat la 13.04.2020) | BA24: nu | BB24: Nu sînt informații (ultima dată verificat la 13.04.2020) | BC24: nu | BD24: Nu sînt informații (ultima dată verificat la 13.04.2020) | BE24: nu | BF24: Nu sînt informații (ultima dată verificat la 13.04.2020) | BG24: nu | BH24: Nu sînt informații (ultima dată verificat la 13.04.2020) | BI24: nu | BJ24: Nu sînt informații (ultima dată verificat la 13.04.2020) | BK24: nu | BL24: Nu sînt informații (ultima dată verificat la 13.04.2020) | BM24: nu | BN24: Nu sînt informații (ultima dată verificat la 13.04.2020) | BO24: nu | BP24: Nu sînt informații (ultima dată verificat la 13.04.2020) | BQ24: n/a | BR24: Conform răspunsului din chestionar | BS24: nu | BT24: Nu sînt informații (ultima dată verificat la 13.04.2020) | BU24: nu | BV24: Nu sînt informații (ultima dată verificat la 13.04.2020) | BW24: nu | BX24: Nu sînt informații (ultima dată verificat la 13.04.2020) | BY24: nu | BZ24: Nu sînt informații (ultima dată verificat la 13.04.2020) | CA24: nu | CB24: Nu sînt informații (ultima dată verificat la 13.04.2020) | CC24: nu | CD24: Nu sînt informații (ultima dată verificat la 13.04.2020) | CE24: nu | CF24: Nu sînt informații (ultima dată verificat la 13.04.2020) | CG24: nu | CH24: Nu sînt informații (ultima dată verificat la 13.04.2020) | CI24: nu | CJ24: Nu sînt informații (ultima dată verificat la 13.04.2020) | CK24: nu | CL24: Nu sînt informații (ultima dată verificat la 13.04.2020) | CM24: nu | CN24: Nu sînt informații (ultima dată verificat la 13.04.2020) | CO24: nu | CP24: Nu sînt informații (ultima dată verificat la 13.04.2020) | CQ24: nu | CR24: Nu sînt informații (ultima dată verificat la 13.04.2020) | CS24: nu | CT24: Nu sînt informații (ultima dată verificat la 13.04.2020) | CU24: nu | CV24: Nu sînt informații (ultima dată verificat la 13.04.2020) | CW24: da | CX24: Nu sînt informații (ultima dată verificat la 13.04.2020) | CY24: nu | CZ24: Nu sînt informații (ultima dată verificat la 13.04.2020) | DA24: nu | DB24: Nu sînt informații (ultima dată verificat la 13.04.2020) | DC24: nu | DD24: Nu sînt informații (ultima dată verificat la 13.04.2020) | DE24: nu | DF24: Nu sînt informații (ultima dată verificat la 13.04.2020) | DG24: nu | DH24: Nu sînt informații (ultima dată verificat la 13.04.2020) | DI24: nu | DJ24: Nu sînt informații (ultima dată verificat la 13.04.2020) | DK24: nu | DL24: Nu sînt informații (ultima dată verificat la 13.04.2020) | DM24: nu | DN24: Nu sînt informații (ultima dată verificat la 13.04.2020) | DO24: nu | DP24: Nu sînt informații (ultima dată verificat la 13.04.2020) | DQ24: nu | DR24: Nu sînt informații (ultima dată verificat la 13.04.2020) | DS24: nu | DT24: Nu sînt informații (ultima dată verificat la 13.04.2020) | DU24: nu | DV24: Nu sînt informații (ultima dată verificat la 13.04.2020) | DW24: nu | DX24: Nu sînt informații (ultima dată verificat la 13.04.2020) | DY24: nu | DZ24: Nu sînt informații (ultima dată verificat la 13.04.2020) | EA24: nu | EB24: Nu sînt informații (ultima dată verificat la 13.04.2020) | EC24: nu | ED24: Nu sînt informații (ultima dată verificat la 13.04.2020) | EE24: nu | EF24: Nu sînt informații (ultima dată verificat la 13.04.2020) | EG24: nu | EH24: Nu sînt informații (ultima dată verificat la 13.04.2020) | EI24: nu | EJ24: Nu sînt informații (ultima dată verificat la 13.04.2020) | EK24: nu | EL24: Nu sînt informații (ultima dată verificat la 13.04.2020) | EM24: nu | EN24: Nu sînt informații (ultima dată verificat la 13.04.2020) | EO24: nu | EP24: Nu sînt informații (ultima dată verificat la 13.04.2020) | EQ24: nu | ER24: Nu sînt informații (ultima dată verificat la 13.04.2020) | ES24: nu | ET24: Nu sînt informații (ultima dată verificat la 13.04.2020) | EU24: nu | EV24: Nu sînt informații (ultima dată verificat la 13.04.2020) | EW24: nu | EX24: Nu sînt informații (ultima dată verificat la 13.04.2020) | EY24: nu | EZ24: Nu sînt informații (ultima dată verificat la 13.04.2020)
A25: Q24 | B25: Sînt disponibile pe pagina web informații (ofertelele, rezultatele, alte informații) privind transmiterea, comercializarea, darea în locaţiune/arendă sau comodat a bunurilor imobile ale întreprinderii ? | C25: =VLOOKUP(A25,Quest_eng_2018!A:C,3,FALSE) -> Is there any information (offers, outcomes, other data) on enterprise asset transmission, sale, rental/leasing or assignment available on the Web page? | D25: Public procurement and Property | E25: app8 | F25: app8k | G25: 4 | H25: da | I25: yes | J25: nu | K25: no | L25: partial / alte modalitati | M25: partially / other ways | N25: N/A | O25: N/A | P25: partial | Q25: partially | R25: 4 | S25: 0 | T25: =R25/2 -> 2 | U25: N/A | V25: =T25 -> 2 | W25: nu | X25: Pagina web nefuncțională ( 13 aprilie 2020) | Y25: nu | Z25: Nu sînt informații pe web (ultima dată verificat la 13.04.2020) | AA25: partial | AB25: https://www.termoelectrica.md/ro_RO/locatiuni/ | AC25: partial | AD25: https://moldtelecom.md/files/Spatii%20libere%20aprobate%20la%20Consiliul%20MTC.pdf | AE25: nu | AF25: Nu sînt informații pe web (ultima dată verificat la 13.04.2020) | AG25: partial | AH25: http://www.mecagro.md/ro/anounce-ro/93-chirie | AI25: nu | AJ25: Nu sînt informații (ultima dată verificat la 13.04.2020) | AK25: n/a | AL25: Nu sînt informații (ultima dată verificat la 13.04.2020) | AM25: partial | AN25: http://www.railway.md/?l=ro&h=BG0l8rJIUvBHtE0yeoMmBZzK/9FVgH2J | AO25: nu | AP25: Nu sînt informații (ultima dată verificat la 13.04.2020) | AQ25: nu | AR25: Nu sînt informații (ultima dată verificat la 13.04.2020) | AS25: nu | AT25: Nu sînt informații (ultima dată verificat la 13.04.2020) | AU25: nu | AV25: Nu sînt informații (ultima dată verificat la 13.04.2020) | AW25: nu | AX25: Nu sînt informații (ultima dată verificat la 13.04.2020) | AY25: nu | AZ25: Nu sînt informații (ultima dată verificat la 13.04.2020) | BA25: nu | BB25: Nu sînt informații (ultima dată verificat la 13.04.2020) | BC25: nu | BD25: Nu sînt informații (ultima dată verificat la 13.04.2020) | BE25: nu | BF25: Nu sînt informații (ultima dată verificat la 13.04.2020) | BG25: nu | BH25: Nu sînt informații (ultima dată verificat la 13.04.2020) | BI25: nu | BJ25: Nu sînt informații (ultima dată verificat la 13.04.2020) | BK25: nu | BL25: Nu sînt informații (ultima dată verificat la 13.04.2020) | BM25: nu | BN25: Nu sînt informații (ultima dată verificat la 13.04.2020) | BO25: nu | BP25: Nu sînt informații (ultima dată verificat la 13.04.2020) | BQ25: n/a | BR25: Conform răspunsului din chestionar | BS25: nu | BT25: Nu sînt informații (ultima dată verificat la 13.04.2020) | BU25: nu | BV25: Nu sînt informații (ultima dată verificat la 13.04.2020) | BW25: nu | BX25: Nu sînt informații (ultima dată verificat la 13.04.2020) | BY25: nu | BZ25: Nu sînt informații (ultima dată verificat la 13.04.2020) | CA25: nu | CB25: Nu sînt informații (ultima dată verificat la 13.04.2020) | CC25: nu | CD25: Nu sînt informații (ultima dată verificat la 13.04.2020) | CE25: da | CF25: http://manej.md/index.php?pag=news&id=1225&rid=24&l=ro http://manej.md/index.php?pag=news&id=1180&rid=50&l=ro | CG25: nu | CH25: Nu sînt informații (ultima dată verificat la 13.04.2020) | CI25: nu | CJ25: Nu sînt informații (ultima dată verificat la 13.04.2020) | CK25: nu | CL25: Nu sînt informații (ultima dată verificat la 13.04.2020) | CM25: nu | CN25: Nu sînt informații (ultima dată verificat la 13.04.2020) | CO25: nu | CP25: Nu sînt informații (ultima dată verificat la 13.04.2020) | CQ25: nu | CR25: Nu sînt informații (ultima dată verificat la 13.04.2020) | CS25: n/a | CT25: Nu sînt informații (ultima dată verificat la 13.04.2020) | CU25: partial | CV25: http://moldexpo.md/servicii/ | CW25: da | CX25: https://tracom.md/resident/ https://tracom.md/infocenters/notice/ | CY25: nu | CZ25: Nu sînt informații (ultima dată verificat la 13.04.2020) | DA25: nu | DB25: Nu sînt informații (ultima dată verificat la 13.04.2020) | DC25: nu | DD25: Nu sînt informații (ultima dată verificat la 13.04.2020) | DE25: nu | DF25: Nu sînt informații (ultima dată verificat la 13.04.2020) | DG25: nu | DH25: Nu sînt informații (ultima dată verificat la 13.04.2020) | DI25: nu | DJ25: Nu sînt informații (ultima dată verificat la 13.04.2020) | DK25: nu | DL25: Nu sînt informații (ultima dată verificat la 13.04.2020) | DM25: nu | DN25: Nu sînt informații (ultima dată verificat la 13.04.2020) | DO25: nu | DP25: Nu sînt informații (ultima dată verificat la 13.04.2020) | DQ25: nu | DR25: Nu sînt informații (ultima dată verificat la 13.04.2020) | DS25: nu | DT25: Nu sînt informații (ultima dată verificat la 13.04.2020) | DU25: da | DV25: http://moldova-freezone.md/ro/news/oferta-nc-peri-loca-iune.html http://moldova-freezone.md/ro/oferta-curenta.html | DW25: nu | DX25: Nu sînt informații (ultima dată verificat la 13.04.2020) | DY25: nu | DZ25: Nu sînt informații (ultima dată verificat la 13.04.2020) | EA25: nu | EB25: Nu sînt informații (ultima dată verificat la 13.04.2020) | EC25: nu | ED25: Nu sînt informații (ultima dată verificat la 13.04.2020) | EE25: nu | EF25: Nu sînt informații (ultima dată verificat la 13.04.2020) | EG25: nu | EH25: Nu sînt informații (ultima dată verificat la 13.04.2020) | EI25: nu | EJ25: Nu sînt informații (ultima dată verificat la 13.04.2020) | EK25: nu | EL25: Nu sînt informații (ultima dată verificat la 13.04.2020) | EM25: nu | EN25: Nu sînt informații (ultima dată verificat la 13.04.2020) | EO25: nu | EP25: Nu sînt informații (ultima dată verificat la 13.04.2020) | EQ25: nu | ER25: Nu sînt informații (ultima dată verificat la 13.04.2020) | ES25: nu | ET25: Nu sînt informații (ultima dată verificat la 13.04.2020) | EU25: nu | EV25: Nu sînt informații (ultima dată verificat la 13.04.2020) | EW25: nu | EX25: Nu sînt informații (ultima dată verificat la 13.04.2020) | EY25: nu | EZ25: Nu sînt informații (ultima dată verificat la 13.04.2020)
A26: Q25 | B26: Pe pagina web sînt publicate numele și CV-le membrilor consiliului societății ? | C26: =VLOOKUP(A26,Quest_eng_2018!A:C,3,FALSE) -> Are the names and CVs of Management Board members published on the Web page? | D26: Human Resources | E26: rum1 | F26: rum1k | G26: 2 | H26: da | I26: yes | J26: nu | K26: no | L26: partial | M26: partially | N26: N/A | O26: N/A | P26: ___ | Q26: ___ | R26: 2 | S26: 0 | T26: =R26/2 -> 1 | U26: N/A | V26: ___ | W26: nu | X26: Pagina web nefuncțională ( 13 aprilie 2020) | Y26: partial | Z26: http://www.franzeluta.info/files/raportul-financiar-anul-2019-1.pdf | AA26: nu | AB26: Nu sînt informații pe web (ultima dată verificat la 13.04.2020) | AC26: partial | AD26: https://moldtelecom.md/ro/personal/Consiliu_de_administrare | AE26: nu | AF26: Nu sînt informații pe web (ultima dată verificat la 13.04.2020) | AG26: nu | AH26: Nu sînt informații pe web (ultima dată verificat la 13.04.2020) | AI26: nu | AJ26: Nu sînt informații (ultima dată verificat la 13.04.2020) | AK26: nu | AL26: Nu sînt informații (ultima dată verificat la 13.04.2020) | AM26: partial | AN26: http://www.railway.md/?l=ro&h=BG0l8rJIUvBGuamrozkTJ4VMdJJLvjkVKXLeU8vphzE3B98Kfx7RtA== | AO26: nu | AP26: Nu sînt informații (ultima dată verificat la 13.04.2020) | AQ26: partial | AR26: https://moldatsa.md/about/administration | AS26: nu | AT26: Nu sînt informații (ultima dată verificat la 13.04.2020) | AU26: partial | AV26: http://www.moldelectrica.md/ro/about/admin_council | AW26: nu | AX26: Nu sînt informații (ultima dată verificat la 13.04.2020) | AY26: nu | AZ26: Nu sînt informații (ultima dată verificat la 13.04.2020) | BA26: nu | BB26: Nu sînt informații (ultima dată verificat la 13.04.2020) | BC26: nu | BD26: Nu sînt informații (ultima dată verificat la 13.04.2020) | BE26: nu | BF26: Nu sînt informații (ultima dată verificat la 13.04.2020) | BG26: nu | BH26: Nu sînt informații (ultima dată verificat la 13.04.2020) | BI26: partial | BJ26: https://www.metalferos.md/bilant-contabil-pentru-s1-a2019/ | BK26: nu | BL26: Nu sînt informații (ultima dată verificat la 13.04.2020) | BM26: partial | BN26: http://posta.md/ro/content/consiliul-de-administra%C8%9Bie | BO26: partial | BP26: https://www.moldovagaz.md/rom/despre-companie/organele-de-conducere | BQ26: partial | BR26: http://www.energocom.md/about-us/transparenta/174-rap-trms-priv-org-apr-iun-2 | BS26: nu | BT26: Nu sînt informații (ultima dată verificat la 13.04.2020) | BU26: nu | BV26: Nu sînt informații (ultima dată verificat la 13.04.2020) | BW26: nu | BX26: Nu sînt informații (ultima dată verificat la 13.04.2020) | BY26: nu | BZ26: Nu sînt informații (ultima dată verificat la 13.04.2020) | CA26: nu | CB26: Nu sînt informații (ultima dată verificat la 13.04.2020) | CC26: nu | CD26: Nu sînt informații (ultima dată verificat la 13.04.2020) | CE26: partial | CF26: http://manej.md/index.php?pag=news&id=1224&l=ro | CG26: nu | CH26: Nu sînt informații (ultima dată verificat la 13.04.2020) | CI26: nu | CJ26: Nu sînt informații (ultima dată verificat la 13.04.2020) | CK26: nu | CL26: Nu sînt informații (ultima dată verificat la 13.04.2020) | CM26: nu | CN26: Nu sînt informații (ultima dată verificat la 13.04.2020) | CO26: partial | CP26: https://e-cmac.md/conducerea/#1506933427600-20ff1550-50eb | CQ26: partial | CR26: http://www.sanfarmprim.md/index.php?pag=page&id=173&l=ro | CS26: partial | CT26: http://editurastiinta.md/despre-noi | CU26: nu | CV26: Nu sînt informații (ultima dată verificat la 13.04.2020) | CW26: partial | CX26: https://tracom.md/pi-tracom/management/ | CY26: nu | CZ26: Nu sînt informații (ultima dată verificat la 13.04.2020) | DA26: nu | DB26: Nu sînt informații (ultima dată verificat la 13.04.2020) | DC26: nu | DD26: Nu sînt informații (ultima dată verificat la 13.04.2020) | DE26: nu | DF26: Nu sînt informații (ultima dată verificat la 13.04.2020) | DG26: nu | DH26: Nu sînt informații (ultima dată verificat la 13.04.2020) | DI26: nu | DJ26: Nu sînt informații (ultima dată verificat la 13.04.2020) | DK26: nu | DL26: Nu sînt informații (ultima dată verificat la 13.04.2020) | DM26: nu | DN26: Nu sînt informații (ultima dată verificat la 13.04.2020) | DO26: nu | DP26: Nu sînt informații (ultima dată verificat la 13.04.2020) | DQ26: nu | DR26: Nu sînt informații (ultima dată verificat la 13.04.2020) | DS26: nu | DT26: Nu sînt informații (ultima dată verificat la 13.04.2020) | DU26: nu | DV26: Nu sînt informații (ultima dată verificat la 13.04.2020) | DW26: nu | DX26: Nu sînt informații (ultima dată verificat la 13.04.2020) | DY26: partial | DZ26: https://apa-balti.md/?page_id=1787&lang=ro | EA26: nu | EB26: Nu sînt informații (ultima dată verificat la 13.04.2020) | EC26: nu | ED26: Nu sînt informații (ultima dată verificat la 13.04.2020) | EE26: partial | EF26: http://www.apacanalcahul.md/storage/2018/02/08/1518095444_93146200.pdf | EG26: nu | EH26: Nu sînt informații (ultima dată verificat la 13.04.2020) | EI26: nu | EJ26: Nu sînt informații (ultima dată verificat la 13.04.2020) | EK26: nu | EL26: Nu sînt informații (ultima dată verificat la 13.04.2020) | EM26: nu | EN26: Nu sînt informații (ultima dată verificat la 13.04.2020) | EO26: nu | EP26: Nu sînt informații (ultima dată verificat la 13.04.2020) | EQ26: nu | ER26: Nu sînt informații (ultima dată verificat la 13.04.2020) | ES26: nu | ET26: Nu sînt informații (ultima dată verificat la 13.04.2020) | EU26: nu | EV26: Nu sînt informații (ultima dată verificat la 13.04.2020) | EW26: nu | EX26: Nu sînt informații (ultima dată verificat la 13.04.2020) | EY26: nu | EZ26: Nu sînt informații (ultima dată verificat la 13.04.2020)
A27: Q26 | B27: Este comunicat public CV-ul administratorului, inclusiv informații cu privire la: studiile superioare, experiența de muncă, apartenența anterioară la societățile comerciale și organizațiile non-profit ? | C27: =VLOOKUP(A27,Quest_eng_2018!A:C,3,FALSE) -> Is the Administrator/Manager CV made public, including the information on his/her education background (higher education), work experience, previous affiliation with commercial and non-commercial organisations? | D27: Human Resources | E27: rum2 | F27: rum2k | G27: 1 | H27: da | I27: yes | J27: nu | K27: no | L27: partial | M27: partially | N27: N/A | O27: N/A | P27: ___ | Q27: ___ | R27: 1 | S27: 0 | T27: =R27/2 -> 0.5 | U27: N/A | V27: ___ | W27: nu | X27: Pagina web nefuncțională ( 13 aprilie 2020) | Y27: nu | Z27: Nu sînt informații pe web (ultima dată verificat la 13.04.2020) | AA27: partial | AB27: https://www.termoelectrica.md/ro_RO/despre/cine-suntem/conducerea/ | AC27: nu | AD27: Nu sînt informații pe web (ultima dată verificat la 13.04.2020) | AE27: nu | AF27: Nu sînt informații pe web (ultima dată verificat la 13.04.2020) | AG27: nu | AH27: Nu sînt informații pe web (ultima dată verificat la 13.04.2020) | AI27: nu | AJ27: Nu sînt informații (ultima dată verificat la 13.04.2020) | AK27: nu | AL27: Nu sînt informații (ultima dată verificat la 13.04.2020) | AM27: nu | AN27: Nu sînt informații (ultima dată verificat la 13.04.2020) | AO27: nu | AP27: Nu sînt informații (ultima dată verificat la 13.04.2020) | AQ27: da | AR27: https://moldatsa.md/about/management | AS27: nu | AT27: Nu sînt informații (ultima dată verificat la 13.04.2020) | AU27: nu | AV27: Nu sînt informații (ultima dată verificat la 13.04.2020) | AW27: nu | AX27: Nu sînt informații (ultima dată verificat la 13.04.2020) | AY27: nu | AZ27: Nu sînt informații (ultima dată verificat la 13.04.2020) | BA27: nu | BB27: Nu sînt informații (ultima dată verificat la 13.04.2020) | BC27: nu | BD27: Nu sînt informații (ultima dată verificat la 13.04.2020) | BE27: nu | BF27: Nu sînt informații (ultima dată verificat la 13.04.2020) | BG27: nu | BH27: Nu sînt informații (ultima dată verificat la 13.04.2020) | BI27: da | BJ27: https://www.metalferos.md/upload/userfiles/files/CV%20Igor%20Cujba.PDF | BK27: nu | BL27: Nu sînt informații (ultima dată verificat la 13.04.2020) | BM27: nu | BN27: Nu sînt informații (ultima dată verificat la 13.04.2020) | BO27: nu | BP27: Nu sînt informații (ultima dată verificat la 13.04.2020) | BQ27: nu | BR27: Nu sînt informații (ultima dată verificat la 13.04.2020) | BS27: nu | BT27: Nu sînt informații (ultima dată verificat la 13.04.2020) | BU27: nu | BV27: Nu sînt informații (ultima dată verificat la 13.04.2020) | BW27: nu | BX27: Nu sînt informații (ultima dată verificat la 13.04.2020) | BY27: nu | BZ27: Nu sînt informații (ultima dată verificat la 13.04.2020) | CA27: nu | CB27: Nu sînt informații (ultima dată verificat la 13.04.2020) | CC27: nu | CD27: Nu sînt informații (ultima dată verificat la 13.04.2020) | CE27: nu | CF27: Nu sînt informații (ultima dată verificat la 13.04.2020) | CG27: nu | CH27: Nu sînt informații (ultima dată verificat la 13.04.2020) | CI27: nu | CJ27: Nu sînt informații (ultima dată verificat la 13.04.2020) | CK27: nu | CL27: Nu sînt informații (ultima dată verificat la 13.04.2020) | CM27: nu | CN27: Nu sînt informații (ultima dată verificat la 13.04.2020) | CO27: da | CP27: http://e-cmac.md/wp-content/uploads/2019/04/CV-director-romana.pdf | CQ27: nu | CR27: Nu sînt informații (ultima dată verificat la 13.04.2020) | CS27: nu | CT27: Nu sînt informații (ultima dată verificat la 13.04.2020) | CU27: nu | CV27: Nu sînt informații (ultima dată verificat la 13.04.2020) | CW27: nu | CX27: Nu sînt informații (ultima dată verificat la 13.04.2020) | CY27: nu | CZ27: Nu sînt informații (ultima dată verificat la 13.04.2020) | DA27: nu | DB27: Nu sînt informații (ultima dată verificat la 13.04.2020) | DC27: nu | DD27: Nu sînt informații (ultima dată verificat la 13.04.2020) | DE27: nu | DF27: Nu sînt informații (ultima dată verificat la 13.04.2020) | DG27: nu | DH27: Nu sînt informații (ultima dată verificat la 13.04.2020) | DI27: nu | DJ27: Nu sînt informații (ultima dată verificat la 13.04.2020) | DK27: nu | DL27: Nu sînt informații (ultima dată verificat la 13.04.2020) | DM27: nu | DN27: Nu sînt informații (ultima dată verificat la 13.04.2020) | DO27: nu | DP27: Nu sînt informații (ultima dată verificat la 13.04.2020) | DQ27: nu | DR27: Nu sînt informații (ultima dată verificat la 13.04.2020) | DS27: nu | DT27: Nu sînt informații (ultima dată verificat la 13.04.2020) | DU27: da | DV27: http://moldova-freezone.md/ro/mesajul-administratorului.html | DW27: da | DX27: https://www.radiocom.md/mihail-iacob-1-3 | DY27: nu | DZ27: Nu sînt informații (ultima dată verificat la 13.04.2020) | EA27: da | EB27: http://www.straseni.md/wp-content/uploads/2019/02/CV-COSTOV-CONSTANTIN.pdf | EC27: nu | ED27: Nu sînt informații (ultima dată verificat la 13.04.2020) | EE27: nu | EF27: Nu sînt informații (ultima dată verificat la 13.04.2020) | EG27: da | EH27: https://acc.md/mmedia/2018/06/cv-lichii.pdf | EI27: nu | EJ27: Nu sînt informații (ultima dată verificat la 13.04.2020) | EK27: nu | EL27: Nu sînt informații (ultima dată verificat la 13.04.2020) | EM27: nu | EN27: Nu sînt informații (ultima dată verificat la 13.04.2020) | EO27: nu | EP27: Nu sînt informații (ultima dată verificat la 13.04.2020) | EQ27: nu | ER27: Nu sînt informații (ultima dată verificat la 13.04.2020) | ES27: nu | ET27: Nu sînt informații (ultima dată verificat la 13.04.2020) | EU27: nu | EV27: Nu sînt informații (ultima dată verificat la 13.04.2020) | EW27: nu | EX27: Nu sînt informații (ultima dată verificat la 13.04.2020) | EY27: nu | EZ27: Nu sînt informații (ultima dată verificat la 13.04.2020)
A28: Q27 | B28: Întreprinderea a adus la cunoștința publicului decizia privind plafonul concret al salariului administratorului pentru 2019? | C28: =VLOOKUP(A28,Quest_eng_2018!A:C,3,FALSE) -> Does the enterprise have and made public any limits/ceilings regarding the remuneration of Administrator/Manager? | D28: Human Resources | E28: rum3 | F28: rum3k | G28: 1 | H28: da | I28: yes | J28: nu | K28: no | L28: partial / alte modalitati | M28: partially / other ways | N28: N/A | O28: N/A | P28: partial | Q28: partially | R28: 1 | S28: 0 | T28: =R28/2 -> 0.5 | U28: N/A | V28: =T28 -> 0.5 | W28: nu | X28: Pagina web nefuncțională ( 13 aprilie 2020) | Y28: nu | Z28: Nu sînt informații pe web (ultima dată verificat la 13.04.2020) | AA28: nu | AB28: Nu sînt informații pe web (ultima dată verificat la 13.04.2020) | AC28: nu | AD28: Nu sînt informații pe web (ultima dată verificat la 13.04.2020) | AE28: nu | AF28: Nu sînt informații pe web (ultima dată verificat la 13.04.2020) | AG28: nu | AH28: Nu sînt informații pe web (ultima dată verificat la 13.04.2020) | AI28: nu | AJ28: Nu sînt informații (ultima dată verificat la 13.04.2020) | AK28: nu | AL28: Nu sînt informații (ultima dată verificat la 13.04.2020) | AM28: nu | AN28: Nu sînt informații (ultima dată verificat la 13.04.2020) | AO28: nu | AP28: Nu sînt informații (ultima dată verificat la 13.04.2020) | AQ28: nu | AR28: Nu sînt informații (ultima dată verificat la 13.04.2020) | AS28: nu | AT28: Nu sînt informații (ultima dată verificat la 13.04.2020) | AU28: nu | AV28: Nu sînt informații (ultima dată verificat la 13.04.2020) | AW28: nu | AX28: Nu sînt informații (ultima dată verificat la 13.04.2020) | AY28: nu | AZ28: Nu sînt informații (ultima dată verificat la 13.04.2020) | BA28: nu | BB28: Nu sînt informații (ultima dată verificat la 13.04.2020) | BC28: nu | BD28: Nu sînt informații (ultima dată verificat la 13.04.2020) | BE28: nu | BF28: Nu sînt informații (ultima dată verificat la 13.04.2020) | BG28: nu | BH28: Nu sînt informații (ultima dată verificat la 13.04.2020) | BI28: nu | BJ28: Nu sînt informații (ultima dată verificat la 13.04.2020) | BK28: nu | BL28: Nu sînt informații (ultima dată verificat la 13.04.2020) | BM28: nu | BN28: Nu sînt informații (ultima dată verificat la 13.04.2020) | BO28: nu | BP28: Nu sînt informații (ultima dată verificat la 13.04.2020) | BQ28: nu | BR28: Nu sînt informații (ultima dată verificat la 13.04.2020) | BS28: nu | BT28: Nu sînt informații (ultima dată verificat la 13.04.2020) | BU28: nu | BV28: Nu sînt informații (ultima dată verificat la 13.04.2020) | BW28: nu | BX28: Nu sînt informații (ultima dată verificat la 13.04.2020) | BY28: nu | BZ28: Nu sînt informații (ultima dată verificat la 13.04.2020) | CA28: nu | CB28: Nu sînt informații (ultima dată verificat la 13.04.2020) | CC28: nu | CD28: Nu sînt informații (ultima dată verificat la 13.04.2020) | CE28: nu | CF28: Nu sînt informații (ultima dată verificat la 13.04.2020) | CG28: nu | CH28: Nu sînt informații (ultima dată verificat la 13.04.2020) | CI28: nu | CJ28: Nu sînt informații (ultima dată verificat la 13.04.2020) | CK28: nu | CL28: Nu sînt informații (ultima dată verificat la 13.04.2020) | CM28: nu | CN28: Nu sînt informații (ultima dată verificat la 13.04.2020) | CO28: nu | CP28: Nu sînt informații (ultima dată verificat la 13.04.2020) | CQ28: nu | CR28: Nu sînt informații (ultima dată verificat la 13.04.2020) | CS28: nu | CT28: Nu sînt informații (ultima dată verificat la 13.04.2020) | CU28: nu | CV28: Nu sînt informații (ultima dată verificat la 13.04.2020) | CW28: nu | CX28: Nu sînt informații (ultima dată verificat la 13.04.2020) | CY28: nu | CZ28: Nu sînt informații (ultima dată verificat la 13.04.2020) | DA28: nu | DB28: Nu sînt informații (ultima dată verificat la 13.04.2020) | DC28: nu | DD28: Nu sînt informații (ultima dată verificat la 13.04.2020) | DE28: nu | DF28: Nu sînt informații (ultima dată verificat la 13.04.2020) | DG28: nu | DH28: Nu sînt informații (ultima dată verificat la 13.04.2020) | DI28: nu | DJ28: Nu sînt informații (ultima dată verificat la 13.04.2020) | DK28: nu | DL28: Nu sînt informații (ultima dată verificat la 13.04.2020) | DM28: nu | DN28: Nu sînt informații (ultima dată verificat la 13.04.2020) | DO28: nu | DP28: Nu sînt informații (ultima dată verificat la 13.04.2020) | DQ28: nu | DR28: Nu sînt informații (ultima dată verificat la 13.04.2020) | DS28: nu | DT28: Nu sînt informații (ultima dată verificat la 13.04.2020) | DU28: nu | DV28: Nu sînt informații (ultima dată verificat la 13.04.2020) | DW28: nu | DX28: Nu sînt informații (ultima dată verificat la 13.04.2020) | DY28: nu | DZ28: Nu sînt informații (ultima dată verificat la 13.04.2020) | EA28: nu | EB28: Nu sînt informații (ultima dată verificat la 13.04.2020) | EC28: nu | ED28: Nu sînt informații (ultima dată verificat la 13.04.2020) | EE28: nu | EF28: Nu sînt informații (ultima dată verificat la 13.04.2020) | EG28: nu | EH28: Nu sînt informații (ultima dată verificat la 13.04.2020) | EI28: nu | EJ28: Nu sînt informații (ultima dată verificat la 13.04.2020) | EK28: nu | EL28: Nu sînt informații (ultima dată verificat la 13.04.2020) | EM28: nu | EN28: Nu sînt informații (ultima dată verificat la 13.04.2020) | EO28: nu | EP28: Nu sînt informații (ultima dată verificat la 13.04.2020) | EQ28: nu | ER28: Nu sînt informații (ultima dată verificat la 13.04.2020) | ES28: nu | ET28: Nu sînt informații (ultima dată verificat la 13.04.2020) | EU28: nu | EV28: Nu sînt informații (ultima dată verificat la 13.04.2020) | EW28: nu | EX28: Nu sînt informații (ultima dată verificat la 13.04.2020) | EY28: nu | EZ28: Nu sînt informații (ultima dată verificat la 13.04.2020)
A29: Q28 | B29: Întreprinderea a furnizat informații cu privire la veniturile salariale, indemnizațiile, primele, bonusurile și alte beneficii materiale ale administratorului și membrilor consiliului de administrație în 2019? | C29: =VLOOKUP(A29,Quest_eng_2018!A:C,3,FALSE) -> Has the enterprise provided/disclosed any information on labour income, premiums, bonuses and other tangible benefits derived by the Administrator/Manager and by the Management Board members? | D29: Human Resources | E29: rum4 | F29: rum4k | G29: 3 | H29: da | I29: yes | J29: nu | K29: no | L29: partial / alte modalitati | M29: partially / other ways | N29: N/A | O29: N/A | P29: partial | Q29: partially | R29: 3 | S29: 0 | T29: =R29/2 -> 1.5 | U29: N/A | V29: =T29 -> 1.5 | W29: nu | X29: Pagina web nefuncțională ( 13 aprilie 2020) | Y29: nu | Z29: Nu sînt informații pe web (ultima dată verificat la 13.04.2020) | AA29: nu | AB29: Nu sînt informații pe web (ultima dată verificat la 13.04.2020) | AC29: nu | AD29: Nu sînt informații pe web (ultima dată verificat la 13.04.2020) | AE29: nu | AF29: Nu sînt informații pe web (ultima dată verificat la 13.04.2020) | AG29: nu | AH29: Nu sînt informații pe web (ultima dată verificat la 13.04.2020) | AI29: nu | AJ29: Nu sînt informații (ultima dată verificat la 13.04.2020) | AK29: nu | AL29: Nu sînt informații (ultima dată verificat la 13.04.2020) | AM29: nu | AN29: Nu sînt informații (ultima dată verificat la 13.04.2020) | AO29: nu | AP29: Nu sînt informații (ultima dată verificat la 13.04.2020) | AQ29: nu | AR29: Nu sînt informații (ultima dată verificat la 13.04.2020) | AS29: nu | AT29: Nu sînt informații (ultima dată verificat la 13.04.2020) | AU29: nu | AV29: Nu sînt informații (ultima dată verificat la 13.04.2020) | AW29: nu | AX29: Nu sînt informații (ultima dată verificat la 13.04.2020) | AY29: nu | AZ29: Nu sînt informații (ultima dată verificat la 13.04.2020) | BA29: nu | BB29: Nu sînt informații (ultima dată verificat la 13.04.2020) | BC29: nu | BD29: Nu sînt informații (ultima dată verificat la 13.04.2020) | BE29: nu | BF29: Nu sînt informații (ultima dată verificat la 13.04.2020) | BG29: nu | BH29: Nu sînt informații (ultima dată verificat la 13.04.2020) | BI29: nu | BJ29: Nu sînt informații (ultima dată verificat la 13.04.2020) | BK29: nu | BL29: Nu sînt informații (ultima dată verificat la 13.04.2020) | BM29: nu | BN29: Nu sînt informații (ultima dată verificat la 13.04.2020) | BO29: nu | BP29: Nu sînt informații (ultima dată verificat la 13.04.2020) | BQ29: nu | BR29: Nu sînt informații (ultima dată verificat la 13.04.2020) | BS29: nu | BT29: Nu sînt informații (ultima dată verificat la 13.04.2020) | BU29: nu | BV29: Nu sînt informații (ultima dată verificat la 13.04.2020) | BW29: nu | BX29: Nu sînt informații (ultima dată verificat la 13.04.2020) | BY29: nu | BZ29: Nu sînt informații (ultima dată verificat la 13.04.2020) | CA29: nu | CB29: Nu sînt informații (ultima dată verificat la 13.04.2020) | CC29: nu | CD29: Nu sînt informații (ultima dată verificat la 13.04.2020) | CE29: da | CF29: http://manej.md/index.php?pag=page&id=1231&l=ro | CG29: nu | CH29: Nu sînt informații (ultima dată verificat la 13.04.2020) | CI29: nu | CJ29: Nu sînt informații (ultima dată verificat la 13.04.2020) | CK29: nu | CL29: Nu sînt informații (ultima dată verificat la 13.04.2020) | CM29: nu | CN29: Nu sînt informații (ultima dată verificat la 13.04.2020) | CO29: nu | CP29: Nu sînt informații (ultima dată verificat la 13.04.2020) | CQ29: nu | CR29: Nu sînt informații (ultima dată verificat la 13.04.2020) | CS29: nu | CT29: Nu sînt informații (ultima dată verificat la 13.04.2020) | CU29: nu | CV29: Nu sînt informații (ultima dată verificat la 13.04.2020) | CW29: nu | CX29: Nu sînt informații (ultima dată verificat la 13.04.2020) | CY29: nu | CZ29: Nu sînt informații (ultima dată verificat la 13.04.2020) | DA29: nu | DB29: Nu sînt informații (ultima dată verificat la 13.04.2020) | DC29: nu | DD29: Nu sînt informații (ultima dată verificat la 13.04.2020) | DE29: nu | DF29: Nu sînt informații (ultima dată verificat la 13.04.2020) | DG29: nu | DH29: Nu sînt informații (ultima dată verificat la 13.04.2020) | DI29: nu | DJ29: Nu sînt informații (ultima dată verificat la 13.04.2020) | DK29: nu | DL29: Nu sînt informații (ultima dată verificat la 13.04.2020) | DM29: nu | DN29: Nu sînt informații (ultima dată verificat la 13.04.2020) | DO29: nu | DP29: Nu sînt informații (ultima dată verificat la 13.04.2020) | DQ29: nu | DR29: Nu sînt informații (ultima dată verificat la 13.04.2020) | DS29: nu | DT29: Nu sînt informații (ultima dată verificat la 13.04.2020) | DU29: nu | DV29: Nu sînt informații (ultima dată verificat la 13.04.2020) | DW29: nu | DX29: Nu sînt informații (ultima dată verificat la 13.04.2020) | DY29: nu | DZ29: Nu sînt informații (ultima dată verificat la 13.04.2020) | EA29: nu | EB29: Nu sînt informații (ultima dată verificat la 13.04.2020) | EC29: nu | ED29: Nu sînt informații (ultima dată verificat la 13.04.2020) | EE29: nu | EF29: Nu sînt informații (ultima dată verificat la 13.04.2020) | EG29: nu | EH29: Nu sînt informații (ultima dată verificat la 13.04.2020) | EI29: nu | EJ29: Nu sînt informații (ultima dată verificat la 13.04.2020) | EK29: nu | EL29: Nu sînt informații (ultima dată verificat la 13.04.2020) | EM29: nu | EN29: Nu sînt informații (ultima dată verificat la 13.04.2020) | EO29: nu | EP29: Nu sînt informații (ultima dată verificat la 13.04.2020) | EQ29: nu | ER29: Nu sînt informații (ultima dată verificat la 13.04.2020) | ES29: nu | ET29: Nu sînt informații (ultima dată verificat la 13.04.2020) | EU29: nu | EV29: Nu sînt informații (ultima dată verificat la 13.04.2020) | EW29: nu | EX29: Nu sînt informații (ultima dată verificat la 13.04.2020) | EY29: nu | EZ29: Nu sînt informații (ultima dată verificat la 13.04.2020)
A30: Q29 | B30: Pe pagina web este indicat numărul angajaților întreprinderii ? | C30: =VLOOKUP(A30,Quest_eng_2018!A:C,3,FALSE) -> Is the enterprise actual number of employees displayed on the Web page? | D30: Human Resources | E30: rum5 | F30: rum5k | G30: 1 | H30: da | I30: yes | J30: nu | K30: no | L30: partial | M30: partially | N30: N/A | O30: N/A | P30: ___ | Q30: ___ | R30: 1 | S30: 0 | T30: =R30/2 -> 0.5 | U30: N/A | V30: ___ | W30: nu | X30: Pagina web nefuncțională ( 13 aprilie 2020) | Y30: nu | Z30: Nu sînt informații pe web (ultima dată verificat la 13.04.2020) | AA30: nu | AB30: Nu sînt informații pe web (ultima dată verificat la 13.04.2020) | AC30: nu | AD30: Nu sînt informații pe web (ultima dată verificat la 13.04.2020) | AE30: nu | AF30: Nu sînt informații pe web (ultima dată verificat la 13.04.2020) | AG30: nu | AH30: Nu sînt informații pe web (ultima dată verificat la 13.04.2020) | AI30: nu | AJ30: Nu sînt informații (ultima dată verificat la 13.04.2020) | AK30: nu | AL30: Nu sînt informații (ultima dată verificat la 13.04.2020) | AM30: nu | AN30: Nu sînt informații (ultima dată verificat la 13.04.2020) | AO30: nu | AP30: Nu sînt informații (ultima dată verificat la 13.04.2020) | AQ30: partial | AR30: https://cdn01.moldatsa.md/moldatsaprod/8362a518db16523e27fd24dbbd18aaea.pdf | AS30: nu | AT30: Nu sînt informații (ultima dată verificat la 13.04.2020) | AU30: da | AV30: http://www.moldelectrica.md/ro/about/career | AW30: nu | AX30: Nu sînt informații (ultima dată verificat la 13.04.2020) | AY30: nu | AZ30: Nu sînt informații (ultima dată verificat la 13.04.2020) | BA30: partial | BB30: Informație oferită în chestionarul completat și recepționat | BC30: nu | BD30: Nu sînt informații (ultima dată verificat la 13.04.2020) | BE30: nu | BF30: Nu sînt informații (ultima dată verificat la 13.04.2020) | BG30: nu | BH30: Nu sînt informații (ultima dată verificat la 13.04.2020) | BI30: da | BJ30: Informația prezentată în chestionarul recepționat | BK30: nu | BL30: Nu sînt informații (ultima dată verificat la 13.04.2020) | BM30: nu | BN30: Nu sînt informații (ultima dată verificat la 13.04.2020) | BO30: nu | BP30: Nu sînt informații (ultima dată verificat la 13.04.2020) | BQ30: nu | BR30: Nu sînt informații (ultima dată verificat la 13.04.2020) | BS30: da | BT30: https://autogara.md/despre-noi/ | BU30: nu | BV30: Nu sînt informații (ultima dată verificat la 13.04.2020) | BW30: nu | BX30: Nu sînt informații (ultima dată verificat la 13.04.2020) | BY30: nu | BZ30: Nu sînt informații (ultima dată verificat la 13.04.2020) | CA30: da | CB30: Informație furnizată în chestionarul completat și recepționat | CC30: nu | CD30: Nu sînt informații (ultima dată verificat la 13.04.2020) | CE30: da | CF30: http://manej.md/index.php?pag=page&id=1231&l=ro http://manej.md/media/files/files/situatii_financiare_2019_2367974.pdf | CG30: nu | CH30: Nu sînt informații (ultima dată verificat la 13.04.2020) | CI30: nu | CJ30: Nu sînt informații (ultima dată verificat la 13.04.2020) | CK30: nu | CL30: Nu sînt informații (ultima dată verificat la 13.04.2020) | CM30: nu | CN30: Nu sînt informații (ultima dată verificat la 13.04.2020) | CO30: da | CP30: Informație furnizată în chestionarul completat și recepționat | CQ30: nu | CR30: Nu sînt informații (ultima dată verificat la 13.04.2020) | CS30: nu | CT30: Nu sînt informații (ultima dată verificat la 13.04.2020) | CU30: nu | CV30: Nu sînt informații (ultima dată verificat la 13.04.2020) | CW30: nu | CX30: Nu sînt informații (ultima dată verificat la 13.04.2020) | CY30: nu | CZ30: Nu sînt informații (ultima dată verificat la 13.04.2020) | DA30: nu | DB30: Nu sînt informații (ultima dată verificat la 13.04.2020) | DC30: nu | DD30: Nu sînt informații (ultima dată verificat la 13.04.2020) | DE30: nu | DF30: Nu sînt informații (ultima dată verificat la 13.04.2020) | DG30: nu | DH30: Nu sînt informații (ultima dată verificat la 13.04.2020) | DI30: nu | DJ30: Nu sînt informații (ultima dată verificat la 13.04.2020) | DK30: nu | DL30: Nu sînt informații (ultima dată verificat la 13.04.2020) | DM30: nu | DN30: Nu sînt informații (ultima dată verificat la 13.04.2020) | DO30: nu | DP30: Nu sînt informații (ultima dată verificat la 13.04.2020) | DQ30: nu | DR30: Nu sînt informații (ultima dată verificat la 13.04.2020) | DS30: nu | DT30: Nu sînt informații (ultima dată verificat la 13.04.2020) | DU30: nu | DV30: Nu sînt informații (ultima dată verificat la 13.04.2020) | DW30: da | DX30: Informație furnizată în chestionarul completat și recepționat | DY30: nu | DZ30: Nu sînt informații (ultima dată verificat la 13.04.2020) | EA30: nu | EB30: Nu sînt informații (ultima dată verificat la 13.04.2020) | EC30: nu | ED30: Nu sînt informații (ultima dată verificat la 13.04.2020) | EE30: da | EF30: Informație furnizată în chestionarul completat și recepționat | EG30: nu | EH30: Nu sînt informații (ultima dată verificat la 13.04.2020) | EI30: nu | EJ30: Nu sînt informații (ultima dată verificat la 13.04.2020) | EK30: nu | EL30: Nu sînt informații (ultima dată verificat la 13.04.2020) | EM30: nu | EN30: Nu sînt informații (ultima dată verificat la 13.04.2020) | EO30: nu | EP30: Nu sînt informații (ultima dată verificat la 13.04.2020) | EQ30: nu | ER30: Nu sînt informații (ultima dată verificat la 13.04.2020) | ES30: nu | ET30: Nu sînt informații (ultima dată verificat la 13.04.2020) | EU30: partial | EV30: Informație neactualizată http://www.liftservice.md/structureMD.html | EW30: nu | EX30: Nu sînt informații (ultima dată verificat la 13.04.2020) | EY30: nu | EZ30: Nu sînt informații (ultima dată verificat la 13.04.2020)
A31: Q30 | B31: Pe pagina web este indicat salariul mediu lunar pe întreprindere ? | C31: =VLOOKUP(A31,Quest_eng_2018!A:C,3,FALSE) -> Is the enterprise monthly average salary displayed on the Web page? | D31: Human Resources | E31: rum6 | F31: rum6k | G31: 1 | H31: da | I31: yes | J31: nu | K31: no | L31: partial | M31: partially | N31: N/A | O31: N/A | P31: ___ | Q31: ___ | R31: 1 | S31: 0 | T31: =R31/2 -> 0.5 | U31: N/A | V31: ___ | W31: nu | X31: Pagina web nefuncțională ( 13 aprilie 2020) | Y31: nu | Z31: Nu sînt informații pe web (ultima dată verificat la 13.04.2020) | AA31: nu | AB31: Nu sînt informații pe web (ultima dată verificat la 13.04.2020) | AC31: nu | AD31: Nu sînt informații pe web (ultima dată verificat la 13.04.2020) | AE31: nu | AF31: Nu sînt informații pe web (ultima dată verificat la 13.04.2020) | AG31: nu | AH31: Nu sînt informații pe web (ultima dată verificat la 13.04.2020) | AI31: nu | AJ31: Nu sînt informații (ultima dată verificat la 13.04.2020) | AK31: nu | AL31: Nu sînt informații (ultima dată verificat la 13.04.2020) | AM31: nu | AN31: Nu sînt informații (ultima dată verificat la 13.04.2020) | AO31: nu | AP31: Nu sînt informații (ultima dată verificat la 13.04.2020) | AQ31: partial | AR31: https://cdn01.moldatsa.md/moldatsaprod/8362a518db16523e27fd24dbbd18aaea.pdf | AS31: nu | AT31: Nu sînt informații (ultima dată verificat la 13.04.2020) | AU31: nu | AV31: Nu sînt informații (ultima dată verificat la 13.04.2020) | AW31: nu | AX31: Nu sînt informații (ultima dată verificat la 13.04.2020) | AY31: nu | AZ31: Nu sînt informații (ultima dată verificat la 13.04.2020) | BA31: nu | BB31: Nu sînt informații (ultima dată verificat la 13.04.2020) | BC31: nu | BD31: Nu sînt informații (ultima dată verificat la 13.04.2020) | BE31: nu | BF31: Nu sînt informații (ultima dată verificat la 13.04.2020) | BG31: nu | BH31: Nu sînt informații (ultima dată verificat la 13.04.2020) | BI31: nu | BJ31: Nu sînt informații (ultima dată verificat la 13.04.2020) | BK31: nu | BL31: Nu sînt informații (ultima dată verificat la 13.04.2020) | BM31: nu | BN31: Nu sînt informații (ultima dată verificat la 13.04.2020) | BO31: nu | BP31: Nu sînt informații (ultima dată verificat la 13.04.2020) | BQ31: nu | BR31: Nu sînt informații (ultima dată verificat la 13.04.2020) | BS31: nu | BT31: Nu sînt informații (ultima dată verificat la 13.04.2020) | BU31: nu | BV31: Nu sînt informații (ultima dată verificat la 13.04.2020) | BW31: nu | BX31: Nu sînt informații (ultima dată verificat la 13.04.2020) | BY31: nu | BZ31: Nu sînt informații (ultima dată verificat la 13.04.2020) | CA31: nu | CB31: Nu sînt informații (ultima dată verificat la 13.04.2020) | CC31: nu | CD31: Nu sînt informații (ultima dată verificat la 13.04.2020) | CE31: da | CF31: http://manej.md/index.php?pag=page&id=1231&l=ro http://manej.md/media/files/files/situatii_financiare_2019_2367974.pdf | CG31: nu | CH31: Nu sînt informații (ultima dată verificat la 13.04.2020) | CI31: nu | CJ31: Nu sînt informații (ultima dată verificat la 13.04.2020) | CK31: nu | CL31: Nu sînt informații (ultima dată verificat la 13.04.2020) | CM31: nu | CN31: Nu sînt informații (ultima dată verificat la 13.04.2020) | CO31: nu | CP31: Nu sînt informații (ultima dată verificat la 13.04.2020) | CQ31: nu | CR31: Nu sînt informații (ultima dată verificat la 13.04.2020) | CS31: nu | CT31: Nu sînt informații (ultima dată verificat la 13.04.2020) | CU31: nu | CV31: Nu sînt informații (ultima dată verificat la 13.04.2020) | CW31: nu | CX31: Nu sînt informații (ultima dată verificat la 13.04.2020) | CY31: nu | CZ31: Nu sînt informații (ultima dată verificat la 13.04.2020) | DA31: nu | DB31: Nu sînt informații (ultima dată verificat la 13.04.2020) | DC31: nu | DD31: Nu sînt informații (ultima dată verificat la 13.04.2020) | DE31: nu | DF31: Nu sînt informații (ultima dată verificat la 13.04.2020) | DG31: nu | DH31: Nu sînt informații (ultima dată verificat la 13.04.2020) | DI31: nu | DJ31: Nu sînt informații (ultima dată verificat la 13.04.2020) | DK31: nu | DL31: Nu sînt informații (ultima dată verificat la 13.04.2020) | DM31: nu | DN31: Nu sînt informații (ultima dată verificat la 13.04.2020) | DO31: nu | DP31: Nu sînt informații (ultima dată verificat la 13.04.2020) | DQ31: nu | DR31: Nu sînt informații (ultima dată verificat la 13.04.2020) | DS31: nu | DT31: Nu sînt informații (ultima dată verificat la 13.04.2020) | DU31: nu | DV31: Nu sînt informații (ultima dată verificat la 13.04.2020) | DW31: nu | DX31: Nu sînt informații (ultima dată verificat la 13.04.2020) | DY31: nu | DZ31: Nu sînt informații (ultima dată verificat la 13.04.2020) | EA31: nu | EB31: Nu sînt informații (ultima dată verificat la 13.04.2020) | EC31: nu | ED31: Nu sînt informații (ultima dată verificat la 13.04.2020) | EE31: nu | EF31: Nu sînt informații (ultima dată verificat la 13.04.2020) | EG31: nu | EH31: Nu sînt informații (ultima dată verificat la 13.04.2020) | EI31: nu | EJ31: Nu sînt informații (ultima dată verificat la 13.04.2020) | EK31: nu | EL31: Nu sînt informații (ultima dată verificat la 13.04.2020) | EM31: nu | EN31: Nu sînt informații (ultima dată verificat la 13.04.2020) | EO31: nu | EP31: Nu sînt informații (ultima dată verificat la 13.04.2020) | EQ31: nu | ER31: Nu sînt informații (ultima dată verificat la 13.04.2020) | ES31: nu | ET31: Nu sînt informații (ultima dată verificat la 13.04.2020) | EU31: nu | EV31: Nu sînt informații (ultima dată verificat la 13.04.2020) | EW31: nu | EX31: Nu sînt informații (ultima dată verificat la 13.04.2020) | EY31: nu | EZ31: Nu sînt informații (ultima dată verificat la 13.04.2020)
A32: Q31 | B32: Întreprinderea a adus la cunoștința publicului regulile cu privire la organizarea și desfășurarea concursului pentru ocuparea funcției vacante de administrator al întreprinderii ? | C32: =VLOOKUP(A32,Quest_eng_2018!A:C,3,FALSE) -> Does the enterprise have any rules on organising and conducting competitions for filling the vacancy of enterprise Administrator/Manager? Were such rules made public? | D32: Human Resources | E32: rum7 | F32: rum7k | G32: 1 | H32: da | I32: yes | J32: nu | K32: no | L32: partial | M32: partially | N32: N/A | O32: N/A | P32: ___ | Q32: ___ | R32: 1 | S32: 0 | T32: =R32/2 -> 0.5 | U32: N/A | V32: ___ | W32: nu | X32: Pagina web nefuncțională ( 13 aprilie 2020) | Y32: nu | Z32: Nu sînt informații pe web (ultima dată verificat la 13.04.2020) | AA32: nu | AB32: Nu sînt informații pe web (ultima dată verificat la 13.04.2020) | AC32: nu | AD32: Nu sînt informații pe web (ultima dată verificat la 13.04.2020) | AE32: nu | AF32: Nu sînt informații pe web (ultima dată verificat la 13.04.2020) | AG32: nu | AH32: Nu sînt informații pe web (ultima dată verificat la 13.04.2020) | AI32: nu | AJ32: Nu sînt informații (ultima dată verificat la 13.04.2020) | AK32: nu | AL32: Nu sînt informații (ultima dată verificat la 13.04.2020) | AM32: nu | AN32: Nu sînt informații (ultima dată verificat la 13.04.2020) | AO32: nu | AP32: Nu sînt informații (ultima dată verificat la 13.04.2020) | AQ32: nu | AR32: Nu sînt informații (ultima dată verificat la 13.04.2020) | AS32: nu | AT32: Nu sînt informații (ultima dată verificat la 13.04.2020) | AU32: nu | AV32: Nu sînt informații (ultima dată verificat la 13.04.2020) | AW32: nu | AX32: Nu sînt informații (ultima dată verificat la 13.04.2020) | AY32: nu | AZ32: Nu sînt informații (ultima dată verificat la 13.04.2020) | BA32: nu | BB32: Nu sînt informații (ultima dată verificat la 13.04.2020) | BC32: nu | BD32: Nu sînt informații (ultima dată verificat la 13.04.2020) | BE32: nu | BF32: Nu sînt informații (ultima dată verificat la 13.04.2020) | BG32: nu | BH32: Nu sînt informații (ultima dată verificat la 13.04.2020) | BI32: da | BJ32: https://www.metalferos.md/upload/userfiles/files/Regulament%20Director%20Metalferos.pdf | BK32: nu | BL32: Nu sînt informații (ultima dată verificat la 13.04.2020) | BM32: nu | BN32: Nu sînt informații (ultima dată verificat la 13.04.2020) | BO32: nu | BP32: Nu sînt informații (ultima dată verificat la 13.04.2020) | BQ32: nu | BR32: Nu sînt informații (ultima dată verificat la 13.04.2020) | BS32: nu | BT32: Nu sînt informații (ultima dată verificat la 13.04.2020) | BU32: nu | BV32: Nu sînt informații (ultima dată verificat la 13.04.2020) | BW32: nu | BX32: Nu sînt informații (ultima dată verificat la 13.04.2020) | BY32: nu | BZ32: Nu sînt informații (ultima dată verificat la 13.04.2020) | CA32: nu | CB32: Nu sînt informații (ultima dată verificat la 13.04.2020) | CC32: nu | CD32: Nu sînt informații (ultima dată verificat la 13.04.2020) | CE32: nu | CF32: Nu sînt informații (ultima dată verificat la 13.04.2020) | CG32: nu | CH32: Nu sînt informații (ultima dată verificat la 13.04.2020) | CI32: nu | CJ32: Nu sînt informații (ultima dată verificat la 13.04.2020) | CK32: nu | CL32: Nu sînt informații (ultima dată verificat la 13.04.2020) | CM32: nu | CN32: Nu sînt informații (ultima dată verificat la 13.04.2020) | CO32: nu | CP32: Nu sînt informații (ultima dată verificat la 13.04.2020) | CQ32: nu | CR32: Nu sînt informații (ultima dată verificat la 13.04.2020) | CS32: nu | CT32: Nu sînt informații (ultima dată verificat la 13.04.2020) | CU32: nu | CV32: Nu sînt informații (ultima dată verificat la 13.04.2020) | CW32: nu | CX32: Nu sînt informații (ultima dată verificat la 13.04.2020) | CY32: nu | CZ32: Nu sînt informații (ultima dată verificat la 13.04.2020) | DA32: nu | DB32: Nu sînt informații (ultima dată verificat la 13.04.2020) | DC32: nu | DD32: Nu sînt informații (ultima dată verificat la 13.04.2020) | DE32: nu | DF32: Nu sînt informații (ultima dată verificat la 13.04.2020) | DG32: nu | DH32: Nu sînt informații (ultima dată verificat la 13.04.2020) | DI32: nu | DJ32: Nu sînt informații (ultima dată verificat la 13.04.2020) | DK32: nu | DL32: Nu sînt informații (ultima dată verificat la 13.04.2020) | DM32: nu | DN32: Nu sînt informații (ultima dată verificat la 13.04.2020) | DO32: nu | DP32: Nu sînt informații (ultima dată verificat la 13.04.2020) | DQ32: nu | DR32: Nu sînt informații (ultima dată verificat la 13.04.2020) | DS32: nu | DT32: Nu sînt informații (ultima dată verificat la 13.04.2020) | DU32: nu | DV32: Nu sînt informații (ultima dată verificat la 13.04.2020) | DW32: nu | DX32: Nu sînt informații (ultima dată verificat la 13.04.2020) | DY32: nu | DZ32: Nu sînt informații (ultima dată verificat la 13.04.2020) | EA32: nu | EB32: Nu sînt informații (ultima dată verificat la 13.04.2020) | EC32: nu | ED32: Nu sînt informații (ultima dată verificat la 13.04.2020) | EE32: nu | EF32: Nu sînt informații (ultima dată verificat la 13.04.2020) | EG32: nu | EH32: Nu sînt informații (ultima dată verificat la 13.04.2020) | EI32: nu | EJ32: Nu sînt informații (ultima dată verificat la 13.04.2020) | EK32: nu | EL32: Nu sînt informații (ultima dată verificat la 13.04.2020) | EM32: nu | EN32: Nu sînt informații (ultima dată verificat la 13.04.2020) | EO32: nu | EP32: Nu sînt informații (ultima dată verificat la 13.04.2020) | EQ32: nu | ER32: Nu sînt informații (ultima dată verificat la 13.04.2020) | ES32: nu | ET32: Nu sînt informații (ultima dată verificat la 13.04.2020) | EU32: nu | EV32: Nu sînt informații (ultima dată verificat la 13.04.2020) | EW32: nu | EX32: Nu sînt informații (ultima dată verificat la 13.04.2020) | EY32: nu | EZ32: Nu sînt informații (ultima dată verificat la 13.04.2020)
A33: Q32 | B33: Întreprinderea a adus la cunoștința publicului regulile cu privire la selectarea și angajarea personalului întreprinderii ? | C33: =VLOOKUP(A33,Quest_eng_2018!A:C,3,FALSE) -> Does the enterprise have any rules on selecting and hiring the enterprise personnel? Were such rules made public? | D33: Human Resources | E33: rum8 | F33: rum8k | G33: 1 | H33: da | I33: yes | J33: nu | K33: no | L33: partial | M33: partially | N33: N/A | O33: N/A | P33: ___ | Q33: ___ | R33: 1 | S33: 0 | T33: =R33/2 -> 0.5 | U33: N/A | V33: ___ | W33: nu | X33: Pagina web nefuncțională ( 13 aprilie 2020) | Y33: nu | Z33: Nu sînt informații pe web (ultima dată verificat la 13.04.2020) | AA33: nu | AB33: Nu sînt informații pe web (ultima dată verificat la 13.04.2020) | AC33: nu | AD33: Nu sînt informații pe web (ultima dată verificat la 13.04.2020) | AE33: nu | AF33: Nu sînt informații pe web (ultima dată verificat la 13.04.2020) | AG33: nu | AH33: Nu sînt informații pe web (ultima dată verificat la 13.04.2020) | AI33: nu | AJ33: Nu sînt informații (ultima dată verificat la 13.04.2020) | AK33: nu | AL33: Nu sînt informații (ultima dată verificat la 13.04.2020) | AM33: nu | AN33: Nu sînt informații (ultima dată verificat la 13.04.2020) | AO33: nu | AP33: Nu sînt informații (ultima dată verificat la 13.04.2020) | AQ33: nu | AR33: Nu sînt informații (ultima dată verificat la 13.04.2020) | AS33: nu | AT33: Nu sînt informații (ultima dată verificat la 13.04.2020) | AU33: nu | AV33: Nu sînt informații (ultima dată verificat la 13.04.2020) | AW33: nu | AX33: Nu sînt informații (ultima dată verificat la 13.04.2020) | AY33: nu | AZ33: Nu sînt informații (ultima dată verificat la 13.04.2020) | BA33: nu | BB33: Nu sînt informații (ultima dată verificat la 13.04.2020) | BC33: nu | BD33: Nu sînt informații (ultima dată verificat la 13.04.2020) | BE33: nu | BF33: Nu sînt informații (ultima dată verificat la 13.04.2020) | BG33: nu | BH33: Nu sînt informații (ultima dată verificat la 13.04.2020) | BI33: nu | BJ33: Nu sînt informații (ultima dată verificat la 13.04.2020) | BK33: nu | BL33: Nu sînt informații (ultima dată verificat la 13.04.2020) | BM33: nu | BN33: Nu sînt informații (ultima dată verificat la 13.04.2020) | BO33: nu | BP33: Nu sînt informații (ultima dată verificat la 13.04.2020) | BQ33: nu | BR33: Nu sînt informații (ultima dată verificat la 13.04.2020) | BS33: nu | BT33: Nu sînt informații (ultima dată verificat la 13.04.2020) | BU33: nu | BV33: Nu sînt informații (ultima dată verificat la 13.04.2020) | BW33: nu | BX33: Nu sînt informații (ultima dată verificat la 13.04.2020) | BY33: nu | BZ33: Nu sînt informații (ultima dată verificat la 13.04.2020) | CA33: nu | CB33: Nu sînt informații (ultima dată verificat la 13.04.2020) | CC33: nu | CD33: Nu sînt informații (ultima dată verificat la 13.04.2020) | CE33: nu | CF33: Nu sînt informații (ultima dată verificat la 13.04.2020) | CG33: nu | CH33: Nu sînt informații (ultima dată verificat la 13.04.2020) | CI33: nu | CJ33: Nu sînt informații (ultima dată verificat la 13.04.2020) | CK33: nu | CL33: Nu sînt informații (ultima dată verificat la 13.04.2020) | CM33: nu | CN33: Nu sînt informații (ultima dată verificat la 13.04.2020) | CO33: nu | CP33: Nu sînt informații (ultima dată verificat la 13.04.2020) | CQ33: nu | CR33: Nu sînt informații (ultima dată verificat la 13.04.2020) | CS33: nu | CT33: Nu sînt informații (ultima dată verificat la 13.04.2020) | CU33: nu | CV33: Nu sînt informații (ultima dată verificat la 13.04.2020) | CW33: nu | CX33: Nu sînt informații (ultima dată verificat la 13.04.2020) | CY33: nu | CZ33: Nu sînt informații (ultima dată verificat la 13.04.2020) | DA33: nu | DB33: Nu sînt informații (ultima dată verificat la 13.04.2020) | DC33: nu | DD33: Nu sînt informații (ultima dată verificat la 13.04.2020) | DE33: nu | DF33: Nu sînt informații (ultima dată verificat la 13.04.2020) | DG33: nu | DH33: Nu sînt informații (ultima dată verificat la 13.04.2020) | DI33: nu | DJ33: Nu sînt informații (ultima dată verificat la 13.04.2020) | DK33: nu | DL33: Nu sînt informații (ultima dată verificat la 13.04.2020) | DM33: nu | DN33: Nu sînt informații (ultima dată verificat la 13.04.2020) | DO33: nu | DP33: Nu sînt informații (ultima dată verificat la 13.04.2020) | DQ33: nu | DR33: Nu sînt informații (ultima dată verificat la 13.04.2020) | DS33: nu | DT33: Nu sînt informații (ultima dată verificat la 13.04.2020) | DU33: nu | DV33: Nu sînt informații (ultima dată verificat la 13.04.2020) | DW33: nu | DX33: Nu sînt informații (ultima dată verificat la 13.04.2020) | DY33: nu | DZ33: Nu sînt informații (ultima dată verificat la 13.04.2020) | EA33: nu | EB33: Nu sînt informații (ultima dată verificat la 13.04.2020) | EC33: nu | ED33: Nu sînt informații (ultima dată verificat la 13.04.2020) | EE33: nu | EF33: Nu sînt informații (ultima dată verificat la 13.04.2020) | EG33: nu | EH33: Nu sînt informații (ultima dată verificat la 13.04.2020) | EI33: nu | EJ33: Nu sînt informații (ultima dată verificat la 13.04.2020) | EK33: nu | EL33: Nu sînt informații (ultima dată verificat la 13.04.2020) | EM33: nu | EN33: Nu sînt informații (ultima dată verificat la 13.04.2020) | EO33: nu | EP33: Nu sînt informații (ultima dată verificat la 13.04.2020) | EQ33: nu | ER33: Nu sînt informații (ultima dată verificat la 13.04.2020) | ES33: nu | ET33: Nu sînt informații (ultima dată verificat la 13.04.2020) | EU33: nu | EV33: Nu sînt informații (ultima dată verificat la 13.04.2020) | EW33: nu | EX33: Nu sînt informații (ultima dată verificat la 13.04.2020) | EY33: nu | EZ33: Nu sînt informații (ultima dată verificat la 13.04.2020)
A34: Q33 | B34: Întreprinderea publică ofertele de muncă pe pagina web și/sau în altă parte ? | C34: =VLOOKUP(A34,Quest_eng_2018!A:C,3,FALSE) -> Does the enterprise publish any job offers on its Web page and/or somewhere else? | D34: Human Resources | E34: rum9 | F34: rum9k | G34: 1 | H34: da | I34: yes | J34: nu | K34: no | L34: partial | M34: partially | N34: N/A | O34: N/A | P34: ___ | Q34: ___ | R34: 1 | S34: 0 | T34: =R34/2 -> 0.5 | U34: N/A | V34: ___ | W34: nu | X34: Pagina web nefuncțională ( 13 aprilie 2020) | Y34: da | Z34: http://www.franzeluta.info/despre-noi/cariera/ | AA34: nu | AB34: https://www.termoelectrica.md/ro_RO/despre/cariere/ | AC34: da | AD34: https://moldtelecom.md/ro/cariera | AE34: nu | AF34: Nu sînt informații pe web (ultima dată verificat la 13.04.2020) | AG34: nu | AH34: Nu sînt informații pe web (ultima dată verificat la 13.04.2020) | AI34: nu | AJ34: Nu sînt informații (ultima dată verificat la 13.04.2020) | AK34: nu | AL34: Nu sînt informații (ultima dată verificat la 13.04.2020) | AM34: nu | AN34: Nu sînt informații (ultima dată verificat la 13.04.2020) | AO34: nu | AP34: Nu sînt informații (ultima dată verificat la 13.04.2020) | AQ34: da | AR34: https://moldatsa.md/about/jobs | AS34: nu | AT34: Nu sînt informații (ultima dată verificat la 13.04.2020) | AU34: nu | AV34: Nu sînt informații (ultima dată verificat la 13.04.2020) | AW34: nu | AX34: Nu sînt informații (ultima dată verificat la 13.04.2020) | AY34: nu | AZ34: Nu sînt informații (ultima dată verificat la 13.04.2020) | BA34: da | BB34: http://www.serviciipaza.md/ro/content/functii-vacante | BC34: nu | BD34: Nu sînt informații (ultima dată verificat la 13.04.2020) | BE34: nu | BF34: Nu sînt informații (ultima dată verificat la 13.04.2020) | BG34: nu | BH34: Nu sînt informații (ultima dată verificat la 13.04.2020) | BI34: nu | BJ34: Nu sînt informații (ultima dată verificat la 13.04.2020) | BK34: nu | BL34: Nu sînt informații (ultima dată verificat la 13.04.2020) | BM34: da | BN34: http://posta.md/ro/content/locuri-vacante | BO34: nu | BP34: Nu sînt informații (ultima dată verificat la 13.04.2020) | BQ34: n/a | BR34: Conform răspunsului din chestionar | BS34: nu | BT34: Nu sînt informații (ultima dată verificat la 13.04.2020) | BU34: da | BV34: https://moldaeroservice.md/ro/vacancies/ | BW34: nu | BX34: Nu sînt informații (ultima dată verificat la 13.04.2020) | BY34: nu | BZ34: Nu sînt informații (ultima dată verificat la 13.04.2020) | CA34: nu | CB34: Nu sînt informații (ultima dată verificat la 13.04.2020) | CC34: nu | CD34: Nu sînt informații (ultima dată verificat la 13.04.2020) | CE34: da | CF34: http://manej.md/index.php?pag=news&id=1223&l=ro | CG34: nu | CH34: Nu sînt informații (ultima dată verificat la 13.04.2020) | CI34: da | CJ34: http://www.dpp.md/ro/functii-vacante.html | CK34: nu | CL34: Nu sînt informații (ultima dată verificat la 13.04.2020) | CM34: nu | CN34: Nu sînt informații (ultima dată verificat la 13.04.2020) | CO34: da | CP34: https://e-cmac.md/category/posturi-vacante/ | CQ34: da | CR34: http://www.sanfarmprim.md/index.php?pag=page&id=209&l=ro | CS34: da | CT34: http://editurastiinta.md/anunturi-2 | CU34: da | CV34: http://moldexpo.md/despre-companie/new/ | CW34: nu | CX34: Nu sînt informații (ultima dată verificat la 13.04.2020) | CY34: nu | CZ34: Nu sînt informații (ultima dată verificat la 13.04.2020) | DA34: nu | DB34: Nu sînt informații (ultima dată verificat la 13.04.2020) | DC34: nu | DD34: Nu sînt informații (ultima dată verificat la 13.04.2020) | DE34: da | DF34: https://www.ingeocad.md/ro/home/locuri-vacante | DG34: nu | DH34: Nu sînt informații (ultima dată verificat la 13.04.2020) | DI34: nu | DJ34: Nu sînt informații (ultima dată verificat la 13.04.2020) | DK34: nu | DL34: Nu sînt informații (ultima dată verificat la 13.04.2020) | DM34: nu | DN34: Nu sînt informații (ultima dată verificat la 13.04.2020) | DO34: nu | DP34: Nu sînt informații (ultima dată verificat la 13.04.2020) | DQ34: nu | DR34: Nu sînt informații (ultima dată verificat la 13.04.2020) | DS34: nu | DT34: Nu sînt informații (ultima dată verificat la 13.04.2020) | DU34: nu | DV34: Nu sînt informații (ultima dată verificat la 13.04.2020) | DW34: nu | DX34: Nu sînt informații (ultima dată verificat la 13.04.2020) | DY34: da | DZ34: http://balti.md/servicii-publice/intreprinderi-municipale/locuri-vacante/ | EA34: nu | EB34: Nu sînt informații (ultima dată verificat la 13.04.2020) | EC34: nu | ED34: Nu sînt informații (ultima dată verificat la 13.04.2020) | EE34: da | EF34: http://www.apacanalcahul.md/ro/Anonces/ | EG34: da | EH34: https://acc.md/category/functii-vacante/ | EI34: da | EJ34: http://exdrupo.md/locuri-vacante/ | EK34: nu | EL34: Nu sînt informații (ultima dată verificat la 13.04.2020) | EM34: nu | EN34: Nu sînt informații (ultima dată verificat la 13.04.2020) | EO34: nu | EP34: Nu sînt informații (ultima dată verificat la 13.04.2020) | EQ34: da | ER34: http://autosalubritate.md/locuri-vacante/ | ES34: nu | ET34: Nu sînt informații (ultima dată verificat la 13.04.2020) | EU34: da | EV34: http://www.liftservice.md/jobsMD.html | EW34: da | EX34: https://www.autourban.md/index.php?page=personal&tip=vacant | EY34: da | EZ34: https://www.rtec.md/angajare.html
A35: Q34 | B35: Întreprinderea publică rezultatele procedurilor de selecție ? | C35: =VLOOKUP(A35,Quest_eng_2018!A:C,3,FALSE) -> Does the enterprise publish the selection procedure outcomes? | D35: Human Resources | E35: rum10 | F35: rum10k | G35: 2 | H35: da | I35: yes | J35: nu | K35: no | L35: partial | M35: partially | N35: N/A | O35: N/A | P35: ___ | Q35: ___ | R35: 2 | S35: 0 | T35: =R35/2 -> 1 | U35: N/A | V35: ___ | W35: nu | X35: Pagina web nefuncțională ( 13 aprilie 2020) | Y35: nu | Z35: Nu sînt informații pe web (ultima dată verificat la 13.04.2020) | AA35: nu | AB35: Nu sînt informații pe web (ultima dată verificat la 13.04.2020) | AC35: nu | AD35: Nu sînt informații pe web (ultima dată verificat la 13.04.2020) | AE35: nu | AF35: Nu sînt informații pe web (ultima dată verificat la 13.04.2020) | AG35: nu | AH35: Nu sînt informații pe web (ultima dată verificat la 13.04.2020) | AI35: nu | AJ35: Nu sînt informații (ultima dată verificat la 13.04.2020) | AK35: nu | AL35: Nu sînt informații (ultima dată verificat la 13.04.2020) | AM35: nu | AN35: Nu sînt informații (ultima dată verificat la 13.04.2020) | AO35: nu | AP35: Nu sînt informații (ultima dată verificat la 13.04.2020) | AQ35: nu | AR35: Nu sînt informații (ultima dată verificat la 13.04.2020) | AS35: nu | AT35: Nu sînt informații (ultima dată verificat la 13.04.2020) | AU35: nu | AV35: Nu sînt informații (ultima dată verificat la 13.04.2020) | AW35: nu | AX35: Nu sînt informații (ultima dată verificat la 13.04.2020) | AY35: nu | AZ35: Nu sînt informații (ultima dată verificat la 13.04.2020) | BA35: nu | BB35: Nu sînt informații (ultima dată verificat la 13.04.2020) | BC35: nu | BD35: Nu sînt informații (ultima dată verificat la 13.04.2020) | BE35: nu | BF35: Nu sînt informații (ultima dată verificat la 13.04.2020) | BG35: nu | BH35: Nu sînt informații (ultima dată verificat la 13.04.2020) | BI35: nu | BJ35: Nu sînt informații (ultima dată verificat la 13.04.2020) | BK35: nu | BL35: Nu sînt informații (ultima dată verificat la 13.04.2020) | BM35: nu | BN35: Nu sînt informații (ultima dată verificat la 13.04.2020) | BO35: nu | BP35: Nu sînt informații (ultima dată verificat la 13.04.2020) | BQ35: n/a | BR35: Conform răspunsului din chestionar | BS35: nu | BT35: Nu sînt informații (ultima dată verificat la 13.04.2020) | BU35: nu | BV35: Nu sînt informații (ultima dată verificat la 13.04.2020) | BW35: nu | BX35: Nu sînt informații (ultima dată verificat la 13.04.2020) | BY35: nu | BZ35: Nu sînt informații (ultima dată verificat la 13.04.2020) | CA35: nu | CB35: Nu sînt informații (ultima dată verificat la 13.04.2020) | CC35: nu | CD35: Nu sînt informații (ultima dată verificat la 13.04.2020) | CE35: nu | CF35: Nu sînt informații (ultima dată verificat la 13.04.2020) | CG35: nu | CH35: Nu sînt informații (ultima dată verificat la 13.04.2020) | CI35: nu | CJ35: Nu sînt informații (ultima dată verificat la 13.04.2020) | CK35: nu | CL35: Nu sînt informații (ultima dată verificat la 13.04.2020) | CM35: nu | CN35: Nu sînt informații (ultima dată verificat la 13.04.2020) | CO35: nu | CP35: Nu sînt informații (ultima dată verificat la 13.04.2020) | CQ35: nu | CR35: Nu sînt informații (ultima dată verificat la 13.04.2020) | CS35: nu | CT35: Nu sînt informații (ultima dată verificat la 13.04.2020) | CU35: nu | CV35: Nu sînt informații (ultima dată verificat la 13.04.2020) | CW35: nu | CX35: Nu sînt informații (ultima dată verificat la 13.04.2020) | CY35: nu | CZ35: Nu sînt informații (ultima dată verificat la 13.04.2020) | DA35: nu | DB35: Nu sînt informații (ultima dată verificat la 13.04.2020) | DC35: nu | DD35: Nu sînt informații (ultima dată verificat la 13.04.2020) | DE35: nu | DF35: Nu sînt informații (ultima dată verificat la 13.04.2020) | DG35: nu | DH35: Nu sînt informații (ultima dată verificat la 13.04.2020) | DI35: nu | DJ35: Nu sînt informații (ultima dată verificat la 13.04.2020) | DK35: nu | DL35: Nu sînt informații (ultima dată verificat la 13.04.2020) | DM35: nu | DN35: Nu sînt informații (ultima dată verificat la 13.04.2020) | DO35: nu | DP35: Nu sînt informații (ultima dată verificat la 13.04.2020) | DQ35: nu | DR35: Nu sînt informații (ultima dată verificat la 13.04.2020) | DS35: nu | DT35: Nu sînt informații (ultima dată verificat la 13.04.2020) | DU35: nu | DV35: Nu sînt informații (ultima dată verificat la 13.04.2020) | DW35: nu | DX35: Nu sînt informații (ultima dată verificat la 13.04.2020) | DY35: nu | DZ35: Nu sînt informații (ultima dată verificat la 13.04.2020) | EA35: nu | EB35: Nu sînt informații (ultima dată verificat la 13.04.2020) | EC35: nu | ED35: Nu sînt informații (ultima dată verificat la 13.04.2020) | EE35: nu | EF35: Nu sînt informații (ultima dată verificat la 13.04.2020) | EG35: nu | EH35: Nu sînt informații (ultima dată verificat la 13.04.2020) | EI35: nu | EJ35: Nu sînt informații (ultima dată verificat la 13.04.2020) | EK35: nu | EL35: Nu sînt informații (ultima dată verificat la 13.04.2020) | EM35: nu | EN35: Nu sînt informații (ultima dată verificat la 13.04.2020) | EO35: nu | EP35: Nu sînt informații (ultima dată verificat la 13.04.2020) | EQ35: nu | ER35: Nu sînt informații (ultima dată verificat la 13.04.2020) | ES35: nu | ET35: Nu sînt informații (ultima dată verificat la 13.04.2020) | EU35: nu | EV35: Nu sînt informații (ultima dată verificat la 13.04.2020) | EW35: nu | EX35: Nu sînt informații (ultima dată verificat la 13.04.2020) | EY35: nu | EZ35: Nu sînt informații (ultima dată verificat la 13.04.2020)
